Workbook

Sheet 取引基本表
A1: 令和２年（2020年）長野県産業連関表
A2: 第１表 取引基本表（生産者価格表）≪統合小分類≫ | HJ2: （単位：100万円）
D3: 1 | E3: 2 | F3: 3 | G3: 4 | H3: 5 | I3: 6 | J3: 7 | K3: 8 | L3: 9 | M3: 10 | N3: 11 | O3: 12 | P3: 13 | Q3: 14 | R3: 15 | S3: 16 | T3: 17 | U3: 18 | V3: 19 | W3: 20 | X3: 21 | Y3: 22 | Z3: 23 | AA3: 24 | AB3: 25 | AC3: 26 | AD3: 27 | AE3: 28 | AF3: 29 | AG3: 30 | AH3: 31 | AI3: 32 | AJ3: 33 | AK3: 34 | AL3: 35 | AM3: 36 | AN3: 37 | AO3: 38 | AP3: 39 | AQ3: 40 | AR3: 41 | AS3: 42 | AT3: 43 | AU3: 44 | AV3: 45 | AW3: 46 | AX3: 47 | AY3: 48 | AZ3: 49 | BA3: 50 | BB3: 51 | BC3: 52 | BD3: 53 | BE3: 54 | BF3: 55 | BG3: 56 | BH3: 57 | BI3: 58 | BJ3: 59 | BK3: 60 | BL3: 61 | BM3: 62 | BN3: 63 | BO3: 64 | BP3: 65 | BQ3: 66 | BR3: 67 | BS3: 68 | BT3: 69 | BU3: 70 | BV3: 71 | BW3: 72 | BX3: 73 | BY3: 74 | BZ3: 75 | CA3: 76 | CB3: 77 | CC3: 78 | CD3: 79 | CE3: 80 | CF3: 81 | CG3: 82 | CH3: 83 | CI3: 84 | CJ3: 85 | CK3: 86 | CL3: 87 | CM3: 88 | CN3: 89 | CO3: 90 | CP3: 91 | CQ3: 92 | CR3: 93 | CS3: 94 | CT3: 95 | CU3: 96 | CV3: 97 | CW3: 98 | CX3: 99 | CY3: 100 | CZ3: 101 | DA3: 102 | DB3: 103 | DC3: 104 | DD3: 105 | DE3: 106 | DF3: 107 | DG3: 108 | DH3: 109 | DI3: 110 | DJ3: 111 | DK3: 112 | DL3: 113 | DM3: 114 | DN3: 115 | DO3: 116 | DP3: 117 | DQ3: 118 | DR3: 119 | DS3: 120 | DT3: 121 | DU3: 122 | DV3: 123 | DW3: 124 | DX3: 125 | DY3: 126 | DZ3: 127 | EA3: 128 | EB3: 129 | EC3: 130 | ED3: 131 | EE3: 132 | EF3: 133 | EG3: 134 | EH3: 135 | EI3: 136 | EJ3: 137 | EK3: 138 | EL3: 139 | EM3: 140 | EN3: 141 | EO3: 142 | EP3: 143 | EQ3: 144 | ER3: 145 | ES3: 146 | ET3: 147 | EU3: 148 | EV3: 149 | EW3: 150 | EX3: 151 | EY3: 152 | EZ3: 153 | FA3: 154 | FB3: 155 | FC3: 156 | FD3: 157 | FE3: 158 | FF3: 159 | FG3: 160 | FH3: 161 | FI3: 162 | FJ3: 163 | FK3: 164 | FL3: 165 | FM3: 166 | FN3: 167 | FO3: 168 | FP3: 169 | FQ3: 170 | FR3: 171 | FS3: 172 | FT3: 173 | FU3: 174 | FV3: 175 | FW3: 176 | FX3: 177 | FY3: 178 | FZ3: 179 | GA3: 180 | GB3: 181 | GC3: 182 | GD3: 183 | GE3: 184 | GF3: 185 | GG3: 186 | GH3: 187 | GI3: 188 | GJ3: 189 | GK3: 190 | GL3: 191 | GM3: 192 | GN3: 193 | GO3: 194 | GP3: 195 | GQ3: 196 | GR3: 197 | GS3: 198 | GT3: 199 | GU3: 200 | GV3: 201 | GW3: 202 | GX3: 203 | GY3: 204 | GZ3: 205 | HA3: 206 | HB3: 207 | HC3: 208 | HD3: 209 | HE3: 210 | HF3: 211 | HG3: 212 | HH3: 213 | HI3: 214 | HJ3: 215
D4: 0111 | E4: 0112 | F4: 0113 | G4: 0114 | H4: 0115 | I4: 0116 | J4: 0121 | K4: 0131 | L4: 0151 | M4: 0152 | N4: 0153 | O4: 0171 | P4: 0172 | Q4: 0611 | R4: 0621 | S4: 0629 | T4: 1111 | U4: 1112 | V4: 1113 | W4: 1114 | X4: 1115 | Y4: 1116 | Z4: 1119 | AA4: 1121 | AB4: 1129 | AC4: 1131 | AD4: 1141 | AE4: 1511 | AF4: 1512 | AG4: 1513 | AH4: 1514 | AI4: 1519 | AJ4: 1521 | AK4: 1522 | AL4: 1529 | AM4: 1611 | AN4: 1619 | AO4: 1621 | AP4: 1631 | AQ4: 1632 | AR4: 1633 | AS4: 1641 | AT4: 1649 | AU4: 1911 | AV4: 2011 | AW4: 2021 | AX4: 2029 | AY4: 2031 | AZ4: 2041 | BA4: 2042 | BB4: 2049 | BC4: 2051 | BD4: 2061 | BE4: 2071 | BF4: 2081 | BG4: 2082 | BH4: 2083 | BI4: 2084 | BJ4: 2089 | BK4: 2111 | BL4: 2121 | BM4: 2211 | BN4: 2221 | BO4: 2229 | BP4: 2311 | BQ4: 2312 | BR4: 2511 | BS4: 2521 | BT4: 2531 | BU4: 2591 | BV4: 2599 | BW4: 2611 | BX4: 2612 | BY4: 2621 | BZ4: 2622 | CA4: 2623 | CB4: 2631 | CC4: 2699 | CD4: 2711 | CE4: 2712 | CF4: 2721 | CG4: 2729 | CH4: 2811 | CI4: 2812 | CJ4: 2891 | CK4: 2899 | CL4: 2911 | CM4: 2912 | CN4: 2913 | CO4: 2914 | CP4: 2919 | CQ4: 3011 | CR4: 3012 | CS4: 3013 | CT4: 3014 | CU4: 3015 | CV4: 3016 | CW4: 3017 | CX4: 3019 | CY4: 3111 | CZ4: 3112 | DA4: 3113 | DB4: 3114 | DC4: 3115 | DD4: 3116 | DE4: 3211 | DF4: 3299 | DG4: 3311 | DH4: 3321 | DI4: 3331 | DJ4: 3332 | DK4: 3399 | DL4: 3411 | DM4: 3412 | DN4: 3421 | DO4: 3511 | DP4: 3521 | DQ4: 3522 | DR4: 3531 | DS4: 3541 | DT4: 3591 | DU4: 3592 | DV4: 3599 | DW4: 3911 | DX4: 3919 | DY4: 3921 | DZ4: 4111 | EA4: 4112 | EB4: 4121 | EC4: 4131 | ED4: 4191 | EE4: 4611 | EF4: 4621 | EG4: 4622 | EH4: 4711 | EI4: 4811 | EJ4: 5111 | EK4: 5112 | EL4: 5311 | EM4: 5312 | EN4: 5511 | EO4: 5521 | EP4: 5531 | EQ4: 5711 | ER4: 5712 | ES4: 5721 | ET4: 5722 | EU4: 5731 | EV4: 5732 | EW4: 5741 | EX4: 5742 | EY4: 5743 | EZ4: 5751 | FA4: 5761 | FB4: 5771 | FC4: 5781 | FD4: 5789 | FE4: 5791 | FF4: 5911 | FG4: 5921 | FH4: 5931 | FI4: 5941 | FJ4: 5951 | FK4: 6111 | FL4: 6112 | FM4: 6311 | FN4: 6312 | FO4: 6321 | FP4: 6322 | FQ4: 6411 | FR4: 6421 | FS4: 6431 | FT4: 6441 | FU4: 6599 | FV4: 6611 | FW4: 6612 | FX4: 6621 | FY4: 6631 | FZ4: 6632 | GA4: 6699 | GB4: 6711 | GC4: 6721 | GD4: 6731 | GE4: 6741 | GF4: 6751 | GG4: 6799 | GH4: 6811 | GI4: 6911 | GJ4: 7000 | GK4: 7111 | GL4: 7211 | GM4: 7212 | GN4: 7311 | GO4: 7321 | GP4: 7411 | GQ4: 7511 | GR4: 7611 | GS4: 7800 | GT4: 7900 | GU4: 8011 | GV4: 8012 | GW4: 8100 | GX4: 9800 | GY4: 9900 | GZ4: 8200 | HA4: 8300 | HB4: 8411 | HC4: 8412 | HD4: 8511 | HE4: 8611 | HF4: 8700 | HG4: 10000 | HH4: 10100 | HI4: 8800 | HJ4: 9700
C5: 統合小分類（188部門） | D5: 穀類 | E5: いも・豆類 | F5: 野菜 | G5: 果実 | H5: その他の食用作物 | I5: 非食用作物 | J5: 畜産 | K5: 農業サービス | L5: 育林 | M5: 素材 | N5: 特用林産物 | O5: 海面漁業 | P5: 内水面漁業 | Q5: 石炭・原油・天然ガス | R5: 砂利・採石 | S5: その他の鉱物 | T5: 畜産食料品 | U5: 水産食料品 | V5: 精穀・製粉 | W5: めん・パン・菓子類 | X5: 農産保存食料品 | Y5: 砂糖・油脂・調味料類 | Z5: その他の食料品 | AA5: 酒類 | AB5: その他の飲料 | AC5: 飼料・有機質肥料（別掲を除く。） | AD5: たばこ | AE5: 紡績糸 | AF5: 織物 | AG5: ニット生地 | AH5: 染色整理 | AI5: その他の繊維工業製品 | AJ5: 織物製・ニット製衣服 | AK5: その他の衣服・身の回り品 | AL5: その他の繊維既製品 | AM5: 木材 | AN5: その他の木製品 | AO5: 家具・装備品 | AP5: パルプ | AQ5: 紙・板紙 | AR5: 加工紙 | AS5: 紙製容器 | AT5: その他の紙加工品 | AU5: 印刷・製版・製本 | AV5: 化学肥料 | AW5: ソーダ工業製品 | AX5: その他の無機化学工業製品 | AY5: 石油化学系基礎製品 | AZ5: 脂肪族中間物・環式中間物・合成染料・有機顔料 | BA5: 合成ゴム | BB5: その他の有機化学工業製品 | BC5: 合成樹脂 | BD5: 化学繊維 | BE5: 医薬品 | BF5: 油脂加工製品・界面活性剤 | BG5: 化粧品・歯磨 | BH5: 塗料・印刷インキ | BI5: 農薬 | BJ5: その他の化学最終製品 | BK5: 石油製品 | BL5: 石炭製品 | BM5: プラスチック製品 | BN5: タイヤ・チューブ | BO5: その他のゴム製品 | BP5: 革製履物 | BQ5: なめし革・革製品・毛皮（革製履物を除く。） | BR5: ガラス・ガラス製品 | BS5: セメント・セメント製品 | BT5: 陶磁器 | BU5: 建設用土石製品 | BV5: その他の窯業・土石製品 | BW5: 銑鉄・粗鋼 | BX5: 鉄屑 | BY5: 熱間圧延鋼材 | BZ5: 鋼管 | CA5: 冷延・めっき鋼材 | CB5: 鋳鍛造品（鉄） | CC5: その他の鉄鋼製品 | CD5: 非鉄金属製錬・精製 | CE5: 非鉄金属屑 | CF5: 電線・ケーブル | CG5: その他の非鉄金属製品 | CH5: 建設用金属製品 | CI5: 建築用金属製品 | CJ5: ガス・石油機器・暖房・調理装置 | CK5: その他の金属製品 | CL5: ボイラ・原動機 | CM5: ポンプ・圧縮機 | CN5: 運搬機械 | CO5: 冷凍機・温湿調整装置 | CP5: その他のはん用機械 | CQ5: 農業用機械 | CR5: 建設・鉱山機械 | CS5: 繊維機械 | CT5: 生活関連産業用機械 | CU5: 基礎素材産業用機械 | CV5: 金属加工機械 | CW5: 半導体製造装置 | CX5: その他の生産用機械 | CY5: 事務用機械 | CZ5: サービス用・娯楽用機器 | DA5: 計測機器 | DB5: 医療用機械器具 | DC5: 光学機械・レンズ | DD5: 武器 | DE5: 電子デバイス | DF5: その他の電子部品 | DG5: 産業用電気機器 | DH5: 民生用電気機器 | DI5: 電子応用装置 | DJ5: 電気計測器 | DK5: その他の電気機械 | DL5: 通信機器 | DM5: 映像・音響機器 | DN5: 電子計算機・同附属装置 | DO5: 乗用車 | DP5: トラック・バス・その他の自動車 | DQ5: 二輪自動車 | DR5: 自動車部品・同附属品 | DS5: 船舶・同修理 | DT5: 鉄道車両・同修理 | DU5: 航空機・同修理 | DV5: その他の輸送機械 | DW5: がん具・運動用品 | DX5: その他の製造工業製品 | DY5: 再生資源回収・加工処理 | DZ5: 住宅建築 | EA5: 非住宅建築 | EB5: 建設補修 | EC5: 公共事業 | ED5: その他の土木建設 | EE5: 電気 | EF5: 都市ガス | EG5: 熱供給業 | EH5: 水道 | EI5: 廃棄物処理 | EJ5: 卸売 | EK5: 小売 | EL5: 金融 | EM5: 保険 | EN5: 不動産仲介及び賃貸 | EO5: 住宅賃貸料 | EP5: 住宅賃貸料（帰属家賃） | EQ5: 鉄道旅客輸送 | ER5: 鉄道貨物輸送 | ES5: 道路旅客輸送 | ET5: 道路貨物輸送（自家輸送を除く。） | EU5: 自家輸送（旅客自動車） | EV5: 自家輸送（貨物自動車） | EW5: 外洋輸送 | EX5: 沿海・内水面輸送 | EY5: 港湾運送 | EZ5: 航空輸送 | FA5: 貨物利用運送 | FB5: 倉庫 | FC5: こん包 | FD5: その他の運輸附帯サービス | FE5: 郵便・信書便 | FF5: 通信 | FG5: 放送 | FH5: 情報サービス | FI5: インターネット附随サービス | FJ5: 映像・音声・文字情報制作 | FK5: 公務（中央） | FL5: 公務（地方） | FM5: 学校教育 | FN5: 社会教育・その他の教育 | FO5: 学術研究機関 | FP5: 企業内研究開発 | FQ5: 医療 | FR5: 保健衛生 | FS5: 社会保険・社会福祉 | FT5: 介護 | FU5: 他に分類されない会員制団体 | FV5: 物品賃貸業（貸自動車業を除く。） | FW5: 貸自動車業 | FX5: 広告 | FY5: 自動車整備 | FZ5: 機械修理 | GA5: その他の対事業所サービス | GB5: 宿泊業 | GC5: 飲食サービス | GD5: 洗濯・理容・美容・浴場業 | GE5: 娯楽サービス | GF5: 獣医業 | GG5: その他の対個人サービス | GH5: 事務用品 | GI5: 分類不明 | GJ5: 内生部門計 | GK5: 家計外消費支出（列） | GL5: 家計消費支出 | GM5: 対家計民間非営利団体消費支出 | GN5: 一般政府消費支出 | GO5: 一般政府消費支出（社会資本等減耗分） | GP5: 県内総固定資本形成（公的） | GQ5: 県内総固定資本形成（民間） | GR5: 在庫純増 | GS5: 県内最終需要計 | GT5: 県内需要合計 | GU5: 輸出 | GV5: 輸出（直接購入） | GW5: 輸出計 | GX5: 移出 | GY5: 移輸出計 | GZ5: 最終需要計 | HA5: 需要合計 | HB5: （控除）輸入 | HC5: （控除）輸入（直接購入） | HD5: （控除）関税 | HE5: （控除）輸入品商品税 | HF5: （控除）輸入計 | HG5: （控除）移入 | HH5: （控除）移輸入計 | HI5: 最終需要部門計 | HJ5: 県内生産額
A6: 1 | B6: 0111 | C6: 穀類 | D6: 520 | E6: 4 | F6: 248 | G6: 237 | H6: 0 | I6: 161 | J6: 287 | K6: 122 | L6: 1 | M6: 0 | N6: 203 | O6: 0 | P6: 0 | Q6: 0 | R6: 0 | S6: 0 | T6: 0 | U6: 0 | V6: 35632 | W6: 0 | X6: 0 | Y6: 228 | Z6: 105 | AA6: 25 | AB6: 38 | AC6: 89 | AD6: 0 | AE6: 0 | AF6: 0 | AG6: 0 | AH6: 0 | AI6: 0 | AJ6: 0 | AK6: 0 | AL6: 0 | AM6: 0 | AN6: 0 | AO6: 0 | AP6: 0 | AQ6: 0 | AR6: 0 | AS6: 0 | AT6: 0 | AU6: 0 | AV6: 0 | AW6: 0 | AX6: 0 | AY6: 0 | AZ6: 0 | BA6: 0 | BB6: 0 | BC6: 0 | BD6: 0 | BE6: 0 | BF6: 0 | BG6: 0 | BH6: 0 | BI6: 0 | BJ6: 0 | BK6: 0 | BL6: 0 | BM6: 0 | BN6: 0 | BO6: 0 | BP6: 0 | BQ6: 0 | BR6: 0 | BS6: 0 | BT6: 0 | BU6: 0 | BV6: 0 | BW6: 0 | BX6: 0 | BY6: 0 | BZ6: 0 | CA6: 0 | CB6: 0 | CC6: 0 | CD6: 0 | CE6: 0 | CF6: 0 | CG6: 0 | CH6: 0 | CI6: 0 | CJ6: 0 | CK6: 0 | CL6: 0 | CM6: 0 | CN6: 0 | CO6: 0 | CP6: 0 | CQ6: 0 | CR6: 0 | CS6: 0 | CT6: 0 | CU6: 0 | CV6: 0 | CW6: 0 | CX6: 0 | CY6: 0 | CZ6: 0 | DA6: 0 | DB6: 0 | DC6: 0 | DD6: 0 | DE6: 0 | DF6: 0 | DG6: 0 | DH6: 0 | DI6: 0 | DJ6: 0 | DK6: 0 | DL6: 0 | DM6: 0 | DN6: 0 | DO6: 0 | DP6: 0 | DQ6: 0 | DR6: 0 | DS6: 0 | DT6: 0 | DU6: 0 | DV6: 0 | DW6: 0 | DX6: 158 | DY6: 0 | DZ6: 0 | EA6: 0 | EB6: 3 | EC6: 0 | ED6: 0 | EE6: 0 | EF6: 0 | EG6: 0 | EH6: 0 | EI6: 0 | EJ6: 0 | EK6: 0 | EL6: 0 | EM6: 0 | EN6: 0 | EO6: 0 | EP6: 0 | EQ6: 0 | ER6: 0 | ES6: 0 | ET6: 0 | EU6: 0 | EV6: 0 | EW6: 0 | EX6: 0 | EY6: 0 | EZ6: 0 | FA6: 0 | FB6: 0 | FC6: 0 | FD6: 0 | FE6: 0 | FF6: 0 | FG6: 0 | FH6: 0 | FI6: 0 | FJ6: 0 | FK6: 0 | FL6: 0 | FM6: 0 | FN6: 18 | FO6: 0 | FP6: 0 | FQ6: 0 | FR6: 0 | FS6: 0 | FT6: 0 | FU6: 0 | FV6: 0 | FW6: 0 | FX6: 0 | FY6: 0 | FZ6: 0 | GA6: 0 | GB6: 0 | GC6: 0 | GD6: 0 | GE6: 2 | GF6: 0 | GG6: 0 | GH6: 0 | GI6: 0 | GJ6: 38081 | GK6: 0 | GL6: 0 | GM6: 0 | GN6: 0 | GO6: 0 | GP6: 0 | GQ6: 0 | GR6: 986 | GS6: 986 | GT6: 39067 | GU6: 26 | GV6: 0 | GW6: 26 | GX6: 35644 | GY6: 35670 | GZ6: 36656 | HA6: 74737 | HB6: -3889 | HC6: 0 | HD6: 0 | HE6: -317 | HF6: -4206 | HG6: -27694 | HH6: -31900 | HI6: 4756 | HJ6: 42837
A7: 2 | B7: 0112 | C7: いも・豆類 | D7: 0 | E7: 128 | F7: 360 | G7: 0 | H7: 0 | I7: 0 | J7: 14 | K7: 0 | L7: 0 | M7: 0 | N7: 0 | O7: 0 | P7: 0 | Q7: 0 | R7: 0 | S7: 0 | T7: 1 | U7: 0 | V7: 25 | W7: 541 | X7: 175 | Y7: 1261 | Z7: 2716 | AA7: 57 | AB7: 134 | AC7: 9 | AD7: 0 | AE7: 0 | AF7: 0 | AG7: 0 | AH7: 0 | AI7: 0 | AJ7: 0 | AK7: 0 | AL7: 0 | AM7: 0 | AN7: 0 | AO7: 0 | AP7: 0 | AQ7: 0 | AR7: 0 | AS7: 0 | AT7: 0 | AU7: 0 | AV7: 0 | AW7: 0 | AX7: 0 | AY7: 0 | AZ7: 0 | BA7: 0 | BB7: 0 | BC7: 0 | BD7: 0 | BE7: 0 | BF7: 0 | BG7: 0 | BH7: 0 | BI7: 0 | BJ7: 0 | BK7: 0 | BL7: 0 | BM7: 0 | BN7: 0 | BO7: 0 | BP7: 0 | BQ7: 0 | BR7: 0 | BS7: 0 | BT7: 0 | BU7: 0 | BV7: 0 | BW7: 0 | BX7: 0 | BY7: 0 | BZ7: 0 | CA7: 0 | CB7: 0 | CC7: 0 | CD7: 0 | CE7: 0 | CF7: 0 | CG7: 0 | CH7: 0 | CI7: 0 | CJ7: 0 | CK7: 0 | CL7: 0 | CM7: 0 | CN7: 0 | CO7: 0 | CP7: 0 | CQ7: 0 | CR7: 0 | CS7: 0 | CT7: 0 | CU7: 0 | CV7: 0 | CW7: 0 | CX7: 0 | CY7: 0 | CZ7: 0 | DA7: 0 | DB7: 0 | DC7: 0 | DD7: 0 | DE7: 0 | DF7: 0 | DG7: 0 | DH7: 0 | DI7: 0 | DJ7: 0 | DK7: 0 | DL7: 0 | DM7: 0 | DN7: 0 | DO7: 0 | DP7: 0 | DQ7: 0 | DR7: 0 | DS7: 0 | DT7: 0 | DU7: 0 | DV7: 0 | DW7: 0 | DX7: 0 | DY7: 0 | DZ7: 0 | EA7: 0 | EB7: 0 | EC7: 0 | ED7: 0 | EE7: 0 | EF7: 0 | EG7: 0 | EH7: 0 | EI7: 0 | EJ7: 0 | EK7: 0 | EL7: 0 | EM7: 0 | EN7: 0 | EO7: 0 | EP7: 0 | EQ7: 0 | ER7: 0 | ES7: 0 | ET7: 0 | EU7: 0 | EV7: 0 | EW7: 0 | EX7: 0 | EY7: 0 | EZ7: 0 | FA7: 0 | FB7: 0 | FC7: 0 | FD7: 0 | FE7: 0 | FF7: 0 | FG7: 0 | FH7: 0 | FI7: 0 | FJ7: 0 | FK7: 0 | FL7: 0 | FM7: 31 | FN7: 0 | FO7: 0 | FP7: 7 | FQ7: 14 | FR7: 0 | FS7: 42 | FT7: 58 | FU7: 0 | FV7: 0 | FW7: 0 | FX7: 0 | FY7: 0 | FZ7: 0 | GA7: 0 | GB7: 193 | GC7: 262 | GD7: 0 | GE7: 0 | GF7: 0 | GG7: 8 | GH7: 0 | GI7: 0 | GJ7: 6036 | GK7: 0 | GL7: 645 | GM7: 0 | GN7: 0 | GO7: 0 | GP7: 0 | GQ7: 0 | GR7: -141 | GS7: 504 | GT7: 6540 | GU7: 4 | GV7: 0 | GW7: 4 | GX7: 366 | GY7: 370 | GZ7: 874 | HA7: 6910 | HB7: -2684 | HC7: -2 | HD7: -12 | HE7: -216 | HF7: -2914 | HG7: -2129 | HH7: -5043 | HI7: -4169 | HJ7: 1867
A8: 3 | B8: 0113 | C8: 野菜 | D8: 0 | E8: 0 | F8: 34 | G8: 0 | H8: 0 | I8: 0 | J8: 0 | K8: 0 | L8: 0 | M8: 0 | N8: 0 | O8: 0 | P8: 0 | Q8: 0 | R8: 0 | S8: 0 | T8: 55 | U8: 2 | V8: 0 | W8: 256 | X8: 5254 | Y8: 2354 | Z8: 3437 | AA8: 0 | AB8: 136 | AC8: 0 | AD8: 0 | AE8: 0 | AF8: 0 | AG8: 0 | AH8: 0 | AI8: 0 | AJ8: 0 | AK8: 0 | AL8: 0 | AM8: 0 | AN8: 0 | AO8: 0 | AP8: 0 | AQ8: 0 | AR8: 0 | AS8: 0 | AT8: 0 | AU8: 0 | AV8: 0 | AW8: 0 | AX8: 0 | AY8: 0 | AZ8: 0 | BA8: 0 | BB8: 0 | BC8: 0 | BD8: 0 | BE8: 0 | BF8: 0 | BG8: 0 | BH8: 0 | BI8: 0 | BJ8: 0 | BK8: 0 | BL8: 0 | BM8: 0 | BN8: 0 | BO8: 0 | BP8: 0 | BQ8: 0 | BR8: 0 | BS8: 0 | BT8: 0 | BU8: 0 | BV8: 0 | BW8: 0 | BX8: 0 | BY8: 0 | BZ8: 0 | CA8: 0 | CB8: 0 | CC8: 0 | CD8: 0 | CE8: 0 | CF8: 0 | CG8: 0 | CH8: 0 | CI8: 0 | CJ8: 0 | CK8: 0 | CL8: 0 | CM8: 0 | CN8: 0 | CO8: 0 | CP8: 0 | CQ8: 0 | CR8: 0 | CS8: 0 | CT8: 0 | CU8: 0 | CV8: 0 | CW8: 0 | CX8: 0 | CY8: 0 | CZ8: 0 | DA8: 0 | DB8: 0 | DC8: 0 | DD8: 0 | DE8: 0 | DF8: 0 | DG8: 0 | DH8: 0 | DI8: 0 | DJ8: 0 | DK8: 0 | DL8: 0 | DM8: 0 | DN8: 0 | DO8: 0 | DP8: 0 | DQ8: 0 | DR8: 0 | DS8: 0 | DT8: 0 | DU8: 0 | DV8: 0 | DW8: 0 | DX8: 0 | DY8: 0 | DZ8: 0 | EA8: 0 | EB8: 0 | EC8: 0 | ED8: 0 | EE8: 0 | EF8: 0 | EG8: 0 | EH8: 0 | EI8: 0 | EJ8: 0 | EK8: 0 | EL8: 0 | EM8: 0 | EN8: 0 | EO8: 0 | EP8: 0 | EQ8: 0 | ER8: 0 | ES8: 0 | ET8: 0 | EU8: 0 | EV8: 0 | EW8: 0 | EX8: 0 | EY8: 0 | EZ8: 0 | FA8: 0 | FB8: 0 | FC8: 0 | FD8: 0 | FE8: 0 | FF8: 0 | FG8: 0 | FH8: 0 | FI8: 0 | FJ8: 0 | FK8: 4 | FL8: 0 | FM8: 300 | FN8: 0 | FO8: 0 | FP8: 58 | FQ8: 304 | FR8: 0 | FS8: 326 | FT8: 453 | FU8: 42 | FV8: 0 | FW8: 0 | FX8: 0 | FY8: 0 | FZ8: 0 | GA8: 0 | GB8: 1156 | GC8: 2382 | GD8: 0 | GE8: 10 | GF8: 0 | GG8: 94 | GH8: 0 | GI8: 0 | GJ8: 16657 | GK8: 224 | GL8: 21166 | GM8: 0 | GN8: 0 | GO8: 0 | GP8: 0 | GQ8: 0 | GR8: 0 | GS8: 21390 | GT8: 38047 | GU8: 212 | GV8: 0 | GW8: 212 | GX8: 62107 | GY8: 62319 | GZ8: 83709 | HA8: 100366 | HB8: -1567 | HC8: -7 | HD8: -41 | HE8: -128 | HF8: -1743 | HG8: -9523 | HH8: -11266 | HI8: 72443 | HJ8: 89100
A9: 4 | B9: 0114 | C9: 果実 | D9: 0 | E9: 0 | F9: 0 | G9: 0 | H9: 0 | I9: 0 | J9: 0 | K9: 0 | L9: 0 | M9: 0 | N9: 0 | O9: 0 | P9: 0 | Q9: 0 | R9: 0 | S9: 0 | T9: 10 | U9: 32 | V9: 0 | W9: 341 | X9: 1664 | Y9: 139 | Z9: 2608 | AA9: 34 | AB9: 955 | AC9: 0 | AD9: 0 | AE9: 0 | AF9: 0 | AG9: 0 | AH9: 0 | AI9: 0 | AJ9: 0 | AK9: 0 | AL9: 0 | AM9: 0 | AN9: 0 | AO9: 0 | AP9: 0 | AQ9: 0 | AR9: 0 | AS9: 0 | AT9: 0 | AU9: 0 | AV9: 0 | AW9: 0 | AX9: 0 | AY9: 0 | AZ9: 0 | BA9: 0 | BB9: 0 | BC9: 0 | BD9: 0 | BE9: 0 | BF9: 0 | BG9: 0 | BH9: 0 | BI9: 0 | BJ9: 0 | BK9: 0 | BL9: 0 | BM9: 0 | BN9: 0 | BO9: 0 | BP9: 0 | BQ9: 0 | BR9: 0 | BS9: 0 | BT9: 0 | BU9: 0 | BV9: 0 | BW9: 0 | BX9: 0 | BY9: 0 | BZ9: 0 | CA9: 0 | CB9: 0 | CC9: 0 | CD9: 0 | CE9: 0 | CF9: 0 | CG9: 0 | CH9: 0 | CI9: 0 | CJ9: 0 | CK9: 0 | CL9: 0 | CM9: 0 | CN9: 0 | CO9: 0 | CP9: 0 | CQ9: 0 | CR9: 0 | CS9: 0 | CT9: 0 | CU9: 0 | CV9: 0 | CW9: 0 | CX9: 0 | CY9: 0 | CZ9: 0 | DA9: 0 | DB9: 0 | DC9: 0 | DD9: 0 | DE9: 0 | DF9: 0 | DG9: 0 | DH9: 0 | DI9: 0 | DJ9: 0 | DK9: 0 | DL9: 0 | DM9: 0 | DN9: 0 | DO9: 0 | DP9: 0 | DQ9: 0 | DR9: 0 | DS9: 0 | DT9: 0 | DU9: 0 | DV9: 0 | DW9: 0 | DX9: 0 | DY9: 0 | DZ9: 0 | EA9: 0 | EB9: 0 | EC9: 0 | ED9: 0 | EE9: 0 | EF9: 0 | EG9: 0 | EH9: 0 | EI9: 0 | EJ9: 0 | EK9: 0 | EL9: 0 | EM9: 0 | EN9: 0 | EO9: 0 | EP9: 0 | EQ9: 0 | ER9: 0 | ES9: 0 | ET9: 0 | EU9: 0 | EV9: 0 | EW9: 0 | EX9: 0 | EY9: 0 | EZ9: 0 | FA9: 0 | FB9: 0 | FC9: 0 | FD9: 0 | FE9: 0 | FF9: 0 | FG9: 0 | FH9: 0 | FI9: 0 | FJ9: 0 | FK9: 1 | FL9: 0 | FM9: 147 | FN9: 0 | FO9: 0 | FP9: 30 | FQ9: 140 | FR9: 0 | FS9: 199 | FT9: 278 | FU9: 104 | FV9: 0 | FW9: 0 | FX9: 0 | FY9: 0 | FZ9: 0 | GA9: 0 | GB9: 664 | GC9: 1186 | GD9: 0 | GE9: 0 | GF9: 0 | GG9: 51 | GH9: 0 | GI9: 0 | GJ9: 8583 | GK9: 232 | GL9: 18079 | GM9: 0 | GN9: 0 | GO9: 0 | GP9: 0 | GQ9: 1538 | GR9: 0 | GS9: 19849 | GT9: 28432 | GU9: 1155 | GV9: 0 | GW9: 1155 | GX9: 74487 | GY9: 75642 | GZ9: 95491 | HA9: 104074 | HB9: -7157 | HC9: -5 | HD9: -405 | HE9: -605 | HF9: -8172 | HG9: -4353 | HH9: -12525 | HI9: 82966 | HJ9: 91549
A10: 5 | B10: 0115 | C10: その他の食用作物 | D10: 0 | E10: 0 | F10: 0 | G10: 0 | H10: 89 | I10: 8 | J10: 87 | K10: 0 | L10: 0 | M10: 0 | N10: 0 | O10: 0 | P10: 0 | Q10: 0 | R10: 0 | S10: 0 | T10: 0 | U10: 0 | V10: 505 | W10: 386 | X10: 2 | Y10: 746 | Z10: 112 | AA10: 93 | AB10: 427 | AC10: 384 | AD10: 0 | AE10: 0 | AF10: 0 | AG10: 0 | AH10: 0 | AI10: 0 | AJ10: 0 | AK10: 0 | AL10: 0 | AM10: 0 | AN10: 0 | AO10: 0 | AP10: 0 | AQ10: 0 | AR10: 0 | AS10: 0 | AT10: 0 | AU10: 0 | AV10: 0 | AW10: 0 | AX10: 0 | AY10: 0 | AZ10: 0 | BA10: 0 | BB10: 0 | BC10: 0 | BD10: 0 | BE10: 0 | BF10: 0 | BG10: 0 | BH10: 0 | BI10: 0 | BJ10: 0 | BK10: 0 | BL10: 0 | BM10: 0 | BN10: 0 | BO10: 0 | BP10: 0 | BQ10: 0 | BR10: 0 | BS10: 0 | BT10: 0 | BU10: 0 | BV10: 0 | BW10: 0 | BX10: 0 | BY10: 0 | BZ10: 0 | CA10: 0 | CB10: 0 | CC10: 0 | CD10: 0 | CE10: 0 | CF10: 0 | CG10: 0 | CH10: 0 | CI10: 0 | CJ10: 0 | CK10: 0 | CL10: 0 | CM10: 0 | CN10: 0 | CO10: 0 | CP10: 0 | CQ10: 0 | CR10: 0 | CS10: 0 | CT10: 0 | CU10: 0 | CV10: 0 | CW10: 0 | CX10: 0 | CY10: 0 | CZ10: 0 | DA10: 0 | DB10: 0 | DC10: 0 | DD10: 0 | DE10: 0 | DF10: 0 | DG10: 0 | DH10: 0 | DI10: 0 | DJ10: 0 | DK10: 0 | DL10: 0 | DM10: 0 | DN10: 0 | DO10: 0 | DP10: 0 | DQ10: 0 | DR10: 0 | DS10: 0 | DT10: 0 | DU10: 0 | DV10: 0 | DW10: 0 | DX10: 0 | DY10: 0 | DZ10: 0 | EA10: 0 | EB10: 0 | EC10: 0 | ED10: 0 | EE10: 0 | EF10: 0 | EG10: 0 | EH10: 0 | EI10: 0 | EJ10: 0 | EK10: 0 | EL10: 0 | EM10: 0 | EN10: 0 | EO10: 0 | EP10: 0 | EQ10: 0 | ER10: 0 | ES10: 0 | ET10: 0 | EU10: 0 | EV10: 0 | EW10: 0 | EX10: 0 | EY10: 0 | EZ10: 0 | FA10: 0 | FB10: 0 | FC10: 0 | FD10: 0 | FE10: 0 | FF10: 0 | FG10: 0 | FH10: 0 | FI10: 0 | FJ10: 0 | FK10: 0 | FL10: 0 | FM10: 0 | FN10: 0 | FO10: 0 | FP10: 0 | FQ10: 0 | FR10: 0 | FS10: 0 | FT10: 0 | FU10: 0 | FV10: 0 | FW10: 0 | FX10: 0 | FY10: 0 | FZ10: 0 | GA10: 0 | GB10: 0 | GC10: 46 | GD10: 0 | GE10: 0 | GF10: 0 | GG10: 0 | GH10: 0 | GI10: 0 | GJ10: 2885 | GK10: 0 | GL10: 9 | GM10: 0 | GN10: 0 | GO10: 0 | GP10: 0 | GQ10: 643 | GR10: -10 | GS10: 642 | GT10: 3527 | GU10: 69 | GV10: 0 | GW10: 69 | GX10: 505 | GY10: 574 | GZ10: 1216 | HA10: 4101 | HB10: -2787 | HC10: 0 | HD10: -1 | HE10: -223 | HF10: -3011 | HG10: -402 | HH10: -3413 | HI10: -2197 | HJ10: 688
A11: 6 | B11: 0116 | C11: 非食用作物 | D11: 0 | E11: 10 | F11: 2004 | G11: 603 | H11: 14 | I11: 817 | J11: 2862 | K11: 0 | L11: 0 | M11: 0 | N11: 0 | O11: 0 | P11: 0 | Q11: 0 | R11: 0 | S11: 0 | T11: 0 | U11: 0 | V11: 0 | W11: 10 | X11: 0 | Y11: 0 | Z11: 0 | AA11: 0 | AB11: 0 | AC11: 31 | AD11: 0 | AE11: 113 | AF11: 0 | AG11: 0 | AH11: 1 | AI11: 12 | AJ11: 0 | AK11: 0 | AL11: 19 | AM11: 0 | AN11: 1 | AO11: 0 | AP11: 0 | AQ11: 0 | AR11: 0 | AS11: 0 | AT11: 0 | AU11: 0 | AV11: 0 | AW11: 0 | AX11: 0 | AY11: 0 | AZ11: 0 | BA11: 0 | BB11: 0 | BC11: 0 | BD11: 0 | BE11: 280 | BF11: 0 | BG11: 0 | BH11: 0 | BI11: 0 | BJ11: 12 | BK11: 0 | BL11: 0 | BM11: 0 | BN11: 2 | BO11: 127 | BP11: 0 | BQ11: 0 | BR11: 0 | BS11: 0 | BT11: 0 | BU11: 0 | BV11: 42 | BW11: 0 | BX11: 0 | BY11: 0 | BZ11: 0 | CA11: 0 | CB11: 0 | CC11: 0 | CD11: 0 | CE11: 0 | CF11: 0 | CG11: 0 | CH11: 0 | CI11: 0 | CJ11: 0 | CK11: 0 | CL11: 0 | CM11: 0 | CN11: 0 | CO11: 0 | CP11: 0 | CQ11: 0 | CR11: 0 | CS11: 0 | CT11: 0 | CU11: 0 | CV11: 0 | CW11: 0 | CX11: 0 | CY11: 0 | CZ11: 0 | DA11: 0 | DB11: 0 | DC11: 0 | DD11: 0 | DE11: 0 | DF11: 0 | DG11: 0 | DH11: 0 | DI11: 0 | DJ11: 0 | DK11: 0 | DL11: 0 | DM11: 0 | DN11: 0 | DO11: 0 | DP11: 0 | DQ11: 0 | DR11: 0 | DS11: 0 | DT11: 0 | DU11: 0 | DV11: 0 | DW11: 3 | DX11: 43 | DY11: 0 | DZ11: 126 | EA11: 158 | EB11: 0 | EC11: 496 | ED11: 376 | EE11: 0 | EF11: 0 | EG11: 0 | EH11: 0 | EI11: 0 | EJ11: 0 | EK11: 186 | EL11: 0 | EM11: 0 | EN11: 0 | EO11: 0 | EP11: 6 | EQ11: 0 | ER11: 0 | ES11: 0 | ET11: 0 | EU11: 0 | EV11: 0 | EW11: 0 | EX11: 0 | EY11: 0 | EZ11: 0 | FA11: 0 | FB11: 0 | FC11: 0 | FD11: 0 | FE11: 0 | FF11: 0 | FG11: 0 | FH11: 0 | FI11: 0 | FJ11: 0 | FK11: 0 | FL11: 0 | FM11: 0 | FN11: 49 | FO11: 0 | FP11: 0 | FQ11: 48 | FR11: 0 | FS11: 24 | FT11: 9 | FU11: 123 | FV11: 7 | FW11: 0 | FX11: 0 | FY11: 0 | FZ11: 0 | GA11: 1 | GB11: 16 | GC11: 97 | GD11: 12 | GE11: 74 | GF11: 22 | GG11: 299 | GH11: 0 | GI11: 0 | GJ11: 9135 | GK11: 293 | GL11: 3874 | GM11: 0 | GN11: 0 | GO11: 0 | GP11: 0 | GQ11: 0 | GR11: -8 | GS11: 4159 | GT11: 13294 | GU11: 59 | GV11: 0 | GW11: 59 | GX11: 9757 | GY11: 9816 | GZ11: 13975 | HA11: 23110 | HB11: -3059 | HC11: -1 | HD11: -4 | HE11: -307 | HF11: -3371 | HG11: -5340 | HH11: -8711 | HI11: 5264 | HJ11: 14399
A12: 7 | B12: 0121 | C12: 畜産 | D12: 156 | E12: 28 | F12: 324 | G12: 111 | H12: 13 | I12: 128 | J12: 3181 | K12: 442 | L12: 2 | M12: 0 | N12: 0 | O12: 0 | P12: 0 | Q12: 0 | R12: 0 | S12: 0 | T12: 32583 | U12: 0 | V12: 0 | W12: 348 | X12: 0 | Y12: 1371 | Z12: 1892 | AA12: 0 | AB12: 0 | AC12: 39 | AD12: 0 | AE12: 6 | AF12: 0 | AG12: 0 | AH12: 0 | AI12: 1 | AJ12: 0 | AK12: 0 | AL12: 2 | AM12: 0 | AN12: 0 | AO12: 0 | AP12: 0 | AQ12: 0 | AR12: 0 | AS12: 0 | AT12: 0 | AU12: 0 | AV12: 2 | AW12: 0 | AX12: 0 | AY12: 0 | AZ12: 0 | BA12: 0 | BB12: 0 | BC12: 0 | BD12: 0 | BE12: 2 | BF12: 0 | BG12: 0 | BH12: 0 | BI12: 0 | BJ12: 0 | BK12: 0 | BL12: 0 | BM12: 0 | BN12: 0 | BO12: 0 | BP12: 0 | BQ12: 77 | BR12: 0 | BS12: 0 | BT12: 0 | BU12: 0 | BV12: 0 | BW12: 0 | BX12: 0 | BY12: 0 | BZ12: 0 | CA12: 0 | CB12: 0 | CC12: 0 | CD12: 0 | CE12: 0 | CF12: 0 | CG12: 0 | CH12: 0 | CI12: 0 | CJ12: 0 | CK12: 0 | CL12: 0 | CM12: 0 | CN12: 0 | CO12: 0 | CP12: 0 | CQ12: 0 | CR12: 0 | CS12: 0 | CT12: 0 | CU12: 0 | CV12: 0 | CW12: 0 | CX12: 0 | CY12: 0 | CZ12: 0 | DA12: 0 | DB12: 0 | DC12: 0 | DD12: 0 | DE12: 0 | DF12: 0 | DG12: 0 | DH12: 0 | DI12: 0 | DJ12: 0 | DK12: 0 | DL12: 0 | DM12: 0 | DN12: 0 | DO12: 0 | DP12: 0 | DQ12: 0 | DR12: 0 | DS12: 0 | DT12: 0 | DU12: 0 | DV12: 0 | DW12: 0 | DX12: 10 | DY12: 0 | DZ12: 0 | EA12: 0 | EB12: 0 | EC12: 0 | ED12: 0 | EE12: 0 | EF12: 0 | EG12: 0 | EH12: 0 | EI12: 0 | EJ12: 0 | EK12: 0 | EL12: 0 | EM12: 0 | EN12: 0 | EO12: 0 | EP12: 0 | EQ12: 0 | ER12: 0 | ES12: 0 | ET12: 0 | EU12: 0 | EV12: 0 | EW12: 0 | EX12: 0 | EY12: 0 | EZ12: 0 | FA12: 0 | FB12: 0 | FC12: 0 | FD12: 0 | FE12: 0 | FF12: 0 | FG12: 0 | FH12: 0 | FI12: 0 | FJ12: 0 | FK12: 1 | FL12: 0 | FM12: 64 | FN12: 0 | FO12: 81 | FP12: 214 | FQ12: 65 | FR12: 0 | FS12: 100 | FT12: 147 | FU12: 0 | FV12: 0 | FW12: 0 | FX12: 0 | FY12: 0 | FZ12: 0 | GA12: 0 | GB12: 241 | GC12: 956 | GD12: 0 | GE12: 0 | GF12: 0 | GG12: 18 | GH12: 0 | GI12: 0 | GJ12: 42605 | GK12: 0 | GL12: 2274 | GM12: 0 | GN12: 0 | GO12: 0 | GP12: 0 | GQ12: 1161 | GR12: 136 | GS12: 3571 | GT12: 46176 | GU12: 24 | GV12: 0 | GW12: 24 | GX12: 7611 | GY12: 7635 | GZ12: 11206 | HA12: 53811 | HB12: -609 | HC12: -1 | HD12: -58 | HE12: -66 | HF12: -734 | HG12: -21606 | HH12: -22340 | HI12: -11134 | HJ12: 31471
A13: 8 | B13: 0131 | C13: 農業サービス | D13: 4548 | E13: 96 | F13: 2896 | G13: 4034 | H13: 80 | I13: 130 | J13: 1098 | K13: 0 | L13: 0 | M13: 0 | N13: 0 | O13: 0 | P13: 0 | Q13: 0 | R13: 0 | S13: 0 | T13: 0 | U13: 0 | V13: 0 | W13: 0 | X13: 0 | Y13: 0 | Z13: 0 | AA13: 0 | AB13: 0 | AC13: 0 | AD13: 0 | AE13: 0 | AF13: 0 | AG13: 0 | AH13: 0 | AI13: 0 | AJ13: 0 | AK13: 0 | AL13: 0 | AM13: 0 | AN13: 0 | AO13: 0 | AP13: 0 | AQ13: 0 | AR13: 0 | AS13: 0 | AT13: 0 | AU13: 0 | AV13: 0 | AW13: 0 | AX13: 0 | AY13: 0 | AZ13: 0 | BA13: 0 | BB13: 0 | BC13: 0 | BD13: 0 | BE13: 0 | BF13: 0 | BG13: 0 | BH13: 0 | BI13: 0 | BJ13: 0 | BK13: 0 | BL13: 0 | BM13: 0 | BN13: 0 | BO13: 0 | BP13: 0 | BQ13: 0 | BR13: 0 | BS13: 0 | BT13: 0 | BU13: 0 | BV13: 0 | BW13: 0 | BX13: 0 | BY13: 0 | BZ13: 0 | CA13: 0 | CB13: 0 | CC13: 0 | CD13: 0 | CE13: 0 | CF13: 0 | CG13: 0 | CH13: 0 | CI13: 0 | CJ13: 0 | CK13: 0 | CL13: 0 | CM13: 0 | CN13: 0 | CO13: 0 | CP13: 0 | CQ13: 0 | CR13: 0 | CS13: 0 | CT13: 0 | CU13: 0 | CV13: 0 | CW13: 0 | CX13: 0 | CY13: 0 | CZ13: 0 | DA13: 0 | DB13: 0 | DC13: 0 | DD13: 0 | DE13: 0 | DF13: 0 | DG13: 0 | DH13: 0 | DI13: 0 | DJ13: 0 | DK13: 0 | DL13: 0 | DM13: 0 | DN13: 0 | DO13: 0 | DP13: 0 | DQ13: 0 | DR13: 0 | DS13: 0 | DT13: 0 | DU13: 0 | DV13: 0 | DW13: 0 | DX13: 0 | DY13: 0 | DZ13: 0 | EA13: 0 | EB13: 0 | EC13: 0 | ED13: 0 | EE13: 0 | EF13: 0 | EG13: 0 | EH13: 0 | EI13: 0 | EJ13: 0 | EK13: 0 | EL13: 0 | EM13: 0 | EN13: 0 | EO13: 0 | EP13: 0 | EQ13: 0 | ER13: 0 | ES13: 0 | ET13: 0 | EU13: 0 | EV13: 0 | EW13: 0 | EX13: 0 | EY13: 0 | EZ13: 0 | FA13: 0 | FB13: 0 | FC13: 0 | FD13: 0 | FE13: 0 | FF13: 0 | FG13: 0 | FH13: 0 | FI13: 0 | FJ13: 0 | FK13: 0 | FL13: 0 | FM13: 0 | FN13: 0 | FO13: 0 | FP13: 0 | FQ13: 0 | FR13: 0 | FS13: 0 | FT13: 0 | FU13: 0 | FV13: 0 | FW13: 0 | FX13: 0 | FY13: 0 | FZ13: 0 | GA13: 0 | GB13: 0 | GC13: 0 | GD13: 0 | GE13: 0 | GF13: 0 | GG13: 0 | GH13: 0 | GI13: 0 | GJ13: 12882 | GK13: 0 | GL13: 0 | GM13: 0 | GN13: 0 | GO13: 0 | GP13: 0 | GQ13: 0 | GR13: 0 | GS13: 0 | GT13: 12882 | GU13: 0 | GV13: 0 | GW13: 0 | GX13: 0 | GY13: 0 | GZ13: 0 | HA13: 12882 | HB13: 0 | HC13: 0 | HD13: 0 | HE13: 0 | HF13: 0 | HG13: 0 | HH13: 0 | HI13: 0 | HJ13: 12882
A14: 9 | B14: 0151 | C14: 育林 | D14: 0 | E14: 0 | F14: 0 | G14: 0 | H14: 0 | I14: 0 | J14: 0 | K14: 0 | L14: 179 | M14: 1979 | N14: 0 | O14: 0 | P14: 0 | Q14: 0 | R14: 0 | S14: 0 | T14: 0 | U14: 0 | V14: 0 | W14: 0 | X14: 0 | Y14: 0 | Z14: 0 | AA14: 0 | AB14: 0 | AC14: 0 | AD14: 0 | AE14: 0 | AF14: 0 | AG14: 0 | AH14: 0 | AI14: 0 | AJ14: 0 | AK14: 0 | AL14: 0 | AM14: 0 | AN14: 0 | AO14: 0 | AP14: 0 | AQ14: 0 | AR14: 0 | AS14: 0 | AT14: 0 | AU14: 0 | AV14: 0 | AW14: 0 | AX14: 0 | AY14: 0 | AZ14: 0 | BA14: 0 | BB14: 0 | BC14: 0 | BD14: 0 | BE14: 0 | BF14: 0 | BG14: 0 | BH14: 0 | BI14: 0 | BJ14: 0 | BK14: 0 | BL14: 0 | BM14: 0 | BN14: 0 | BO14: 0 | BP14: 0 | BQ14: 0 | BR14: 0 | BS14: 0 | BT14: 0 | BU14: 0 | BV14: 0 | BW14: 0 | BX14: 0 | BY14: 0 | BZ14: 0 | CA14: 0 | CB14: 0 | CC14: 0 | CD14: 0 | CE14: 0 | CF14: 0 | CG14: 0 | CH14: 0 | CI14: 0 | CJ14: 0 | CK14: 0 | CL14: 0 | CM14: 0 | CN14: 0 | CO14: 0 | CP14: 0 | CQ14: 0 | CR14: 0 | CS14: 0 | CT14: 0 | CU14: 0 | CV14: 0 | CW14: 0 | CX14: 0 | CY14: 0 | CZ14: 0 | DA14: 0 | DB14: 0 | DC14: 0 | DD14: 0 | DE14: 0 | DF14: 0 | DG14: 0 | DH14: 0 | DI14: 0 | DJ14: 0 | DK14: 0 | DL14: 0 | DM14: 0 | DN14: 0 | DO14: 0 | DP14: 0 | DQ14: 0 | DR14: 0 | DS14: 0 | DT14: 0 | DU14: 0 | DV14: 0 | DW14: 0 | DX14: 0 | DY14: 0 | DZ14: 0 | EA14: 0 | EB14: 0 | EC14: 0 | ED14: 0 | EE14: 0 | EF14: 0 | EG14: 0 | EH14: 0 | EI14: 0 | EJ14: 0 | EK14: 0 | EL14: 0 | EM14: 0 | EN14: 0 | EO14: 0 | EP14: 0 | EQ14: 0 | ER14: 0 | ES14: 0 | ET14: 0 | EU14: 0 | EV14: 0 | EW14: 0 | EX14: 0 | EY14: 0 | EZ14: 0 | FA14: 0 | FB14: 0 | FC14: 0 | FD14: 0 | FE14: 0 | FF14: 0 | FG14: 0 | FH14: 0 | FI14: 0 | FJ14: 0 | FK14: 0 | FL14: 0 | FM14: 0 | FN14: 0 | FO14: 0 | FP14: 0 | FQ14: 0 | FR14: 0 | FS14: 0 | FT14: 0 | FU14: 0 | FV14: 0 | FW14: 0 | FX14: 0 | FY14: 0 | FZ14: 0 | GA14: 0 | GB14: 0 | GC14: 0 | GD14: 0 | GE14: 0 | GF14: 0 | GG14: 0 | GH14: 0 | GI14: 0 | GJ14: 2158 | GK14: 0 | GL14: 0 | GM14: 0 | GN14: 0 | GO14: 0 | GP14: 0 | GQ14: 0 | GR14: 3130 | GS14: 3130 | GT14: 5288 | GU14: 0 | GV14: 0 | GW14: 0 | GX14: 0 | GY14: 0 | GZ14: 3130 | HA14: 5288 | HB14: 0 | HC14: 0 | HD14: 0 | HE14: 0 | HF14: 0 | HG14: -20 | HH14: -20 | HI14: 3110 | HJ14: 5268
A15: 10 | B15: 0152 | C15: 素材 | D15: 0 | E15: 0 | F15: 0 | G15: 19 | H15: 0 | I15: 0 | J15: 0 | K15: 0 | L15: 0 | M15: 0 | N15: 11115 | O15: 0 | P15: 0 | Q15: 0 | R15: 0 | S15: 0 | T15: 0 | U15: 0 | V15: 0 | W15: 0 | X15: 0 | Y15: 0 | Z15: 0 | AA15: 0 | AB15: 0 | AC15: 3 | AD15: 0 | AE15: 0 | AF15: 0 | AG15: 0 | AH15: 0 | AI15: 0 | AJ15: 0 | AK15: 0 | AL15: 0 | AM15: 3026 | AN15: 14 | AO15: 0 | AP15: 0 | AQ15: 0 | AR15: 0 | AS15: 0 | AT15: 0 | AU15: 0 | AV15: 0 | AW15: 0 | AX15: 0 | AY15: 0 | AZ15: 0 | BA15: 0 | BB15: 0 | BC15: 0 | BD15: 0 | BE15: 0 | BF15: 0 | BG15: 0 | BH15: 0 | BI15: 0 | BJ15: 0 | BK15: 0 | BL15: 0 | BM15: 0 | BN15: 0 | BO15: 0 | BP15: 0 | BQ15: 0 | BR15: 0 | BS15: 0 | BT15: 0 | BU15: 0 | BV15: 0 | BW15: 0 | BX15: 0 | BY15: 0 | BZ15: 0 | CA15: 0 | CB15: 0 | CC15: 0 | CD15: 0 | CE15: 0 | CF15: 0 | CG15: 0 | CH15: 0 | CI15: 0 | CJ15: 0 | CK15: 0 | CL15: 0 | CM15: 0 | CN15: 0 | CO15: 0 | CP15: 0 | CQ15: 0 | CR15: 0 | CS15: 0 | CT15: 0 | CU15: 0 | CV15: 0 | CW15: 0 | CX15: 0 | CY15: 0 | CZ15: 0 | DA15: 0 | DB15: 0 | DC15: 0 | DD15: 0 | DE15: 0 | DF15: 0 | DG15: 0 | DH15: 0 | DI15: 0 | DJ15: 0 | DK15: 0 | DL15: 0 | DM15: 0 | DN15: 0 | DO15: 0 | DP15: 0 | DQ15: 0 | DR15: 0 | DS15: 0 | DT15: 0 | DU15: 0 | DV15: 0 | DW15: 3 | DX15: 6 | DY15: 0 | DZ15: 4 | EA15: 0 | EB15: 0 | EC15: 15 | ED15: 5 | EE15: 0 | EF15: 0 | EG15: 0 | EH15: 0 | EI15: 0 | EJ15: 0 | EK15: 0 | EL15: 0 | EM15: 0 | EN15: 0 | EO15: 0 | EP15: 0 | EQ15: 0 | ER15: 0 | ES15: 0 | ET15: 0 | EU15: 0 | EV15: 0 | EW15: 0 | EX15: 0 | EY15: 0 | EZ15: 0 | FA15: 0 | FB15: 0 | FC15: 0 | FD15: 0 | FE15: 0 | FF15: 0 | FG15: 0 | FH15: 0 | FI15: 0 | FJ15: 0 | FK15: 0 | FL15: 0 | FM15: 0 | FN15: 0 | FO15: 0 | FP15: 0 | FQ15: 0 | FR15: 0 | FS15: 0 | FT15: 0 | FU15: 0 | FV15: 0 | FW15: 0 | FX15: 0 | FY15: 0 | FZ15: 0 | GA15: 0 | GB15: 0 | GC15: 0 | GD15: 0 | GE15: 0 | GF15: 0 | GG15: 0 | GH15: 0 | GI15: 0 | GJ15: 14210 | GK15: 0 | GL15: 0 | GM15: 0 | GN15: 0 | GO15: 0 | GP15: 0 | GQ15: 0 | GR15: -344 | GS15: -344 | GT15: 13866 | GU15: 288 | GV15: 0 | GW15: 288 | GX15: 699 | GY15: 987 | GZ15: 643 | HA15: 14853 | HB15: -2625 | HC15: 0 | HD15: 0 | HE15: -262 | HF15: -2887 | HG15: -6634 | HH15: -9521 | HI15: -8878 | HJ15: 5332
A16: 11 | B16: 0153 | C16: 特用林産物 | D16: 0 | E16: 0 | F16: 201 | G16: 7 | H16: 0 | I16: 3 | J16: 0 | K16: 0 | L16: 0 | M16: 0 | N16: 3 | O16: 0 | P16: 0 | Q16: 0 | R16: 0 | S16: 0 | T16: 15 | U16: 10 | V16: 0 | W16: 15 | X16: 38 | Y16: 0 | Z16: 340 | AA16: 0 | AB16: 0 | AC16: 0 | AD16: 0 | AE16: 0 | AF16: 0 | AG16: 0 | AH16: 0 | AI16: 0 | AJ16: 0 | AK16: 0 | AL16: 0 | AM16: 0 | AN16: 32 | AO16: 0 | AP16: 0 | AQ16: 0 | AR16: 0 | AS16: 0 | AT16: 0 | AU16: 0 | AV16: 0 | AW16: 0 | AX16: 3 | AY16: 0 | AZ16: 0 | BA16: 0 | BB16: 0 | BC16: 0 | BD16: 0 | BE16: 0 | BF16: 0 | BG16: 0 | BH16: 0 | BI16: 0 | BJ16: 3 | BK16: 0 | BL16: 0 | BM16: 0 | BN16: 0 | BO16: 0 | BP16: 0 | BQ16: 4 | BR16: 0 | BS16: 0 | BT16: 0 | BU16: 0 | BV16: 0 | BW16: 0 | BX16: 0 | BY16: 0 | BZ16: 0 | CA16: 0 | CB16: 0 | CC16: 0 | CD16: 0 | CE16: 0 | CF16: 0 | CG16: 0 | CH16: 0 | CI16: 0 | CJ16: 0 | CK16: 0 | CL16: 0 | CM16: 0 | CN16: 0 | CO16: 0 | CP16: 0 | CQ16: 0 | CR16: 0 | CS16: 0 | CT16: 0 | CU16: 0 | CV16: 0 | CW16: 0 | CX16: 0 | CY16: 0 | CZ16: 0 | DA16: 0 | DB16: 0 | DC16: 0 | DD16: 0 | DE16: 0 | DF16: 0 | DG16: 0 | DH16: 0 | DI16: 0 | DJ16: 0 | DK16: 0 | DL16: 0 | DM16: 0 | DN16: 0 | DO16: 0 | DP16: 0 | DQ16: 0 | DR16: 0 | DS16: 0 | DT16: 0 | DU16: 0 | DV16: 0 | DW16: 9 | DX16: 11 | DY16: 0 | DZ16: 0 | EA16: 1 | EB16: 7 | EC16: 4 | ED16: 1 | EE16: 0 | EF16: 0 | EG16: 0 | EH16: 0 | EI16: 0 | EJ16: 0 | EK16: 0 | EL16: 0 | EM16: 0 | EN16: 0 | EO16: 0 | EP16: 0 | EQ16: 0 | ER16: 0 | ES16: 0 | ET16: 0 | EU16: 0 | EV16: 0 | EW16: 0 | EX16: 0 | EY16: 0 | EZ16: 0 | FA16: 0 | FB16: 0 | FC16: 0 | FD16: 0 | FE16: 0 | FF16: 0 | FG16: 0 | FH16: 0 | FI16: 0 | FJ16: 0 | FK16: 1 | FL16: 0 | FM16: 22 | FN16: 0 | FO16: 0 | FP16: 15 | FQ16: 5 | FR16: 0 | FS16: 23 | FT16: 36 | FU16: 0 | FV16: 0 | FW16: 0 | FX16: 0 | FY16: 0 | FZ16: 0 | GA16: 0 | GB16: 195 | GC16: 532 | GD16: 0 | GE16: 0 | GF16: 0 | GG16: 15 | GH16: 0 | GI16: 0 | GJ16: 1551 | GK16: 46 | GL16: 2221 | GM16: 0 | GN16: 0 | GO16: 0 | GP16: 0 | GQ16: 0 | GR16: -7 | GS16: 2260 | GT16: 3811 | GU16: 296 | GV16: 0 | GW16: 296 | GX16: 51550 | GY16: 51846 | GZ16: 54106 | HA16: 55657 | HB16: -403 | HC16: -1 | HD16: -14 | HE16: -34 | HF16: -452 | HG16: 0 | HH16: -452 | HI16: 53654 | HJ16: 55205
A17: 12 | B17: 0171 | C17: 海面漁業 | D17: 0 | E17: 0 | F17: 0 | G17: 0 | H17: 0 | I17: 0 | J17: 0 | K17: 0 | L17: 0 | M17: 0 | N17: 0 | O17: 0 | P17: 2 | Q17: 0 | R17: 0 | S17: 0 | T17: 9 | U17: 4783 | V17: 0 | W17: 14 | X17: 0 | Y17: 0 | Z17: 312 | AA17: 0 | AB17: 0 | AC17: 4 | AD17: 0 | AE17: 0 | AF17: 0 | AG17: 0 | AH17: 0 | AI17: 0 | AJ17: 0 | AK17: 0 | AL17: 0 | AM17: 0 | AN17: 0 | AO17: 0 | AP17: 0 | AQ17: 0 | AR17: 0 | AS17: 0 | AT17: 0 | AU17: 0 | AV17: 0 | AW17: 0 | AX17: 0 | AY17: 0 | AZ17: 0 | BA17: 0 | BB17: 0 | BC17: 0 | BD17: 0 | BE17: 16 | BF17: 0 | BG17: 0 | BH17: 0 | BI17: 0 | BJ17: 0 | BK17: 0 | BL17: 0 | BM17: 0 | BN17: 0 | BO17: 0 | BP17: 0 | BQ17: 0 | BR17: 0 | BS17: 0 | BT17: 0 | BU17: 0 | BV17: 0 | BW17: 0 | BX17: 0 | BY17: 0 | BZ17: 0 | CA17: 0 | CB17: 0 | CC17: 0 | CD17: 0 | CE17: 0 | CF17: 0 | CG17: 0 | CH17: 0 | CI17: 0 | CJ17: 0 | CK17: 0 | CL17: 0 | CM17: 0 | CN17: 0 | CO17: 0 | CP17: 0 | CQ17: 0 | CR17: 0 | CS17: 0 | CT17: 0 | CU17: 0 | CV17: 0 | CW17: 0 | CX17: 0 | CY17: 0 | CZ17: 0 | DA17: 0 | DB17: 0 | DC17: 0 | DD17: 0 | DE17: 0 | DF17: 0 | DG17: 0 | DH17: 0 | DI17: 0 | DJ17: 0 | DK17: 0 | DL17: 0 | DM17: 0 | DN17: 0 | DO17: 0 | DP17: 0 | DQ17: 0 | DR17: 0 | DS17: 0 | DT17: 0 | DU17: 0 | DV17: 0 | DW17: 0 | DX17: 654 | DY17: 0 | DZ17: 0 | EA17: 0 | EB17: 0 | EC17: 0 | ED17: 0 | EE17: 0 | EF17: 0 | EG17: 0 | EH17: 0 | EI17: 0 | EJ17: 0 | EK17: 0 | EL17: 0 | EM17: 0 | EN17: 0 | EO17: 0 | EP17: 0 | EQ17: 0 | ER17: 0 | ES17: 0 | ET17: 0 | EU17: 0 | EV17: 0 | EW17: 0 | EX17: 0 | EY17: 0 | EZ17: 0 | FA17: 0 | FB17: 0 | FC17: 0 | FD17: 0 | FE17: 0 | FF17: 0 | FG17: 0 | FH17: 0 | FI17: 0 | FJ17: 0 | FK17: 1 | FL17: 0 | FM17: 21 | FN17: 0 | FO17: 0 | FP17: 18 | FQ17: 83 | FR17: 0 | FS17: 122 | FT17: 191 | FU17: 0 | FV17: 0 | FW17: 0 | FX17: 0 | FY17: 0 | FZ17: 0 | GA17: 0 | GB17: 478 | GC17: 644 | GD17: 0 | GE17: 0 | GF17: 0 | GG17: 35 | GH17: 0 | GI17: 0 | GJ17: 7387 | GK17: 193 | GL17: 3995 | GM17: 0 | GN17: 0 | GO17: 0 | GP17: 0 | GQ17: 0 | GR17: -1 | GS17: 4187 | GT17: 11574 | GU17: 0 | GV17: 0 | GW17: 0 | GX17: 0 | GY17: 0 | GZ17: 4187 | HA17: 11574 | HB17: -957 | HC17: -2 | HD17: -46 | HE17: -80 | HF17: -1085 | HG17: -10489 | HH17: -11574 | HI17: -7387 | HJ17: 0
... A194: 189 | B194: 7000 | C194: 内生部門計 | D194: 20488 | E194: 1315 | F194: 45648 | G194: 40873 | H194: 555 | I194: 7384 | J194: 21994 | K194: 5145 | L194: 815 | M194: 2977 | N194: 34609 | O194: 0 | P194: 1248 | Q194: 0 | R194: 2472 | S194: 47 | T194: 77991 | U194: 14060 | V194: 43739 | W194: 63417 | X194: 25448 | Y194: 75937 | Z194: 89827 | AA194: 7253 | AB194: 59604 | AC194: 1767 | AD194: 0 | AE194: 679 | AF194: 31 | AG194: 0 | AH194: 108 | AI194: 684 | AJ194: 2483 | AK194: 1093 | AL194: 3382 | AM194: 6025 | AN194: 8565 | AO194: 10284 | AP194: 0 | AQ194: 10056 | AR194: 12371 | AS194: 23436 | AT194: 5090 | AU194: 23429 | AV194: 1870 | AW194: 1052 | AX194: 3029 | AY194: 0 | AZ194: 17 | BA194: 0 | BB194: 1 | BC194: 585 | BD194: 6 | BE194: 56504 | BF194: 2927 | BG194: 2578 | BH194: 2285 | BI194: 3568 | BJ194: 4828 | BK194: 33 | BL194: 4279 | BM194: 109434 | BN194: 13 | BO194: 4144 | BP194: 0 | BQ194: 2089 | BR194: 1635 | BS194: 20721 | BT194: 8621 | BU194: 2015 | BV194: 41784 | BW194: 0 | BX194: 0 | BY194: 0 | BZ194: 0 | CA194: 0 | CB194: 9233 | CC194: 10529 | CD194: 18004 | CE194: 0 | CF194: 11982 | CG194: 49777 | CH194: 50080 | CI194: 12360 | CJ194: 2762 | CK194: 66626 | CL194: 1271 | CM194: 58020 | CN194: 9469 | CO194: 15725 | CP194: 66624 | CQ194: 23964 | CR194: 61572 | CS194: 1229 | CT194: 3269 | CU194: 43665 | CV194: 49897 | CW194: 42567 | CX194: 89942 | CY194: 9407 | CZ194: 26302 | DA194: 22708 | DB194: 24192 | DC194: 40661 | DD194: 0 | DE194: 66137 | DF194: 352664 | DG194: 61091 | DH194: 37786 | DI194: 15217 | DJ194: 41545 | DK194: 11613 | DL194: 146843 | DM194: 21241 | DN194: 126969 | DO194: 0 | DP194: 1202 | DQ194: 0 | DR194: 223435 | DS194: 18465 | DT194: 1382 | DU194: 5624 | DV194: 2619 | DW194: 8991 | DX194: 51527 | DY194: 9424 | DZ194: 153363 | EA194: 108141 | EB194: 88969 | EC194: 148775 | ED194: 93829 | EE194: 114284 | EF194: 20687 | EG194: 24 | EH194: 53434 | EI194: 36292 | EJ194: 122759 | EK194: 252991 | EL194: 110735 | EM194: 73891 | EN194: 65147 | EO194: 40547 | EP194: 99286 | EQ194: 10399 | ER194: 638 | ES194: 6449 | ET194: 39098 | EU194: 140846 | EV194: 106198 | EW194: 0 | EX194: 21 | EY194: 0 | EZ194: 493 | FA194: 1516 | FB194: 7835 | FC194: 3358 | FD194: 34920 | FE194: 3616 | FF194: 136571 | FG194: 21308 | FH194: 45428 | FI194: 7656 | FJ194: 33638 | FK194: 42277 | FL194: 131202 | FM194: 61036 | FN194: 21303 | FO194: 30381 | FP194: 97220 | FQ194: 349208 | FR194: 19404 | FS194: 73208 | FT194: 49555 | FU194: 49433 | FV194: 38697 | FW194: 4405 | FX194: 36117 | FY194: 70460 | FZ194: 47979 | GA194: 151602 | GB194: 74730 | GC194: 140443 | GD194: 26878 | GE194: 26580 | GF194: 2561 | GG194: 27477 | GH194: 23247 | GI194: 24600 | GJ194: 6855104 | GK194: 142618 | GL194: 4138338 | GM194: 160034 | GN194: 1607723 | GO194: 323977 | GP194: 590542 | GQ194: 1964405 | GR194: -48327 | GS194: 8879310 | GT194: 15734414 | GU194: 1334819 | GV194: 21966 | GW194: 1356785 | GX194: 3860508 | GY194: 5217293 | GZ194: 14096603 | HA194: 20951707 | HB194: -1156127 | HC194: -7632 | HD194: -12120 | HE194: -113283 | HF194: -1289162 | HG194: -4791255 | HH194: -6080417 | HI194: 8016186 | HJ194: 14871290
A195: 190 | B195: 7111 | C195: 家計外消費支出（行） | D195: 38 | E195: 2 | F195: 266 | G195: 278 | H195: 0 | I195: 56 | J195: 46 | K195: 17 | L195: 86 | M195: 70 | N195: 233 | O195: 0 | P195: 26 | Q195: 0 | R195: 42 | S195: 4 | T195: 653 | U195: 99 | V195: 69 | W195: 605 | X195: 425 | Y195: 770 | Z195: 929 | AA195: 88 | AB195: 435 | AC195: 7 | AD195: 0 | AE195: 11 | AF195: 0 | AG195: 0 | AH195: 2 | AI195: 12 | AJ195: 35 | AK195: 15 | AL195: 52 | AM195: 40 | AN195: 133 | AO195: 182 | AP195: 0 | AQ195: 115 | AR195: 177 | AS195: 493 | AT195: 145 | AU195: 770 | AV195: 79 | AW195: 39 | AX195: 25 | AY195: 0 | AZ195: 0 | BA195: 0 | BB195: 0 | BC195: 2 | BD195: 0 | BE195: 778 | BF195: 55 | BG195: 76 | BH195: 20 | BI195: 46 | BJ195: 48 | BK195: 0 | BL195: 47 | BM195: 2610 | BN195: 0 | BO195: 137 | BP195: 0 | BQ195: 31 | BR195: 34 | BS195: 325 | BT195: 195 | BU195: 67 | BV195: 972 | BW195: 0 | BX195: 0 | BY195: 0 | BZ195: 0 | CA195: 0 | CB195: 68 | CC195: 34 | CD195: 92 | CE195: 0 | CF195: 117 | CG195: 429 | CH195: 1712 | CI195: 98 | CJ195: 17 | CK195: 1427 | CL195: 28 | CM195: 1195 | CN195: 110 | CO195: 382 | CP195: 1349 | CQ195: 369 | CR195: 327 | CS195: 53 | CT195: 94 | CU195: 501 | CV195: 1048 | CW195: 1263 | CX195: 2166 | CY195: 93 | CZ195: 472 | DA195: 663 | DB195: 437 | DC195: 720 | DD195: 0 | DE195: 791 | DF195: 5308 | DG195: 1090 | DH195: 549 | DI195: 432 | DJ195: 910 | DK195: 219 | DL195: 2227 | DM195: 218 | DN195: 3934 | DO195: 0 | DP195: 8 | DQ195: 0 | DR195: 1714 | DS195: 201 | DT195: 8 | DU195: 110 | DV195: 15 | DW195: 206 | DX195: 859 | DY195: 79 | DZ195: 3746 | EA195: 2821 | EB195: 2030 | EC195: 3256 | ED195: 1862 | EE195: 3207 | EF195: 234 | EG195: 0 | EH195: 787 | EI195: 1727 | EJ195: 7246 | EK195: 8606 | EL195: 6615 | EM195: 5551 | EN195: 1155 | EO195: 399 | EP195: 0 | EQ195: 390 | ER195: 20 | ES195: 256 | ET195: 819 | EU195: 0 | EV195: 0 | EW195: 0 | EX195: 0 | EY195: 0 | EZ195: 6 | FA195: 46 | FB195: 227 | FC195: 127 | FD195: 1946 | FE195: 51 | FF195: 478 | FG195: 290 | FH195: 1170 | FI195: 48 | FJ195: 1139 | FK195: 1746 | FL195: 3509 | FM195: 671 | FN195: 435 | FO195: 687 | FP195: 306 | FQ195: 4210 | FR195: 739 | FS195: 2706 | FT195: 2518 | FU195: 4392 | FV195: 331 | FW195: 67 | FX195: 391 | FY195: 737 | FZ195: 363 | GA195: 5984 | GB195: 2503 | GC195: 2951 | GD195: 1027 | GE195: 1357 | GF195: 135 | GG195: 1305 | GH195: 0 | GI195: 139 | GJ195: 142618
A196: 191 | B196: 9111 | C196: 賃金・俸給 | D196: 5115 | E196: 323 | F196: 21040 | G196: 18376 | H196: 209 | I196: 3079 | J196: 3012 | K196: 1968 | L196: 984 | M196: 1267 | N196: 11548 | O196: 0 | P196: 303 | Q196: 0 | R196: 959 | S196: 14 | T196: 9871 | U196: 2510 | V196: 1781 | W196: 17233 | X196: 6441 | Y196: 13101 | Z196: 20524 | AA196: 1224 | AB196: 6993 | AC196: 185 | AD196: 0 | AE196: 352 | AF196: 12 | AG196: 0 | AH196: 80 | AI196: 232 | AJ196: 1172 | AK196: 481 | AL196: 1212 | AM196: 1441 | AN196: 2310 | AO196: 3264 | AP196: 0 | AQ196: 958 | AR196: 562 | AS196: 7911 | AT196: 2404 | AU196: 14249 | AV196: 259 | AW196: 82 | AX196: 655 | AY196: 0 | AZ196: 1 | BA196: 0 | BB196: 1 | BC196: 85 | BD196: 2 | BE196: 7672 | BF196: 434 | BG196: 508 | BH196: 357 | BI196: 616 | BJ196: 966 | BK196: 1 | BL196: 583 | BM196: 36303 | BN196: 4 | BO196: 2666 | BP196: 0 | BQ196: 1161 | BR196: 662 | BS196: 6615 | BT196: 4157 | BU196: 729 | BV196: 14240 | BW196: 0 | BX196: 0 | BY196: 0 | BZ196: 0 | CA196: 0 | CB196: 2872 | CC196: 1740 | CD196: 1346 | CE196: 0 | CF196: 1920 | CG196: 8775 | CH196: 18446 | CI196: 5010 | CJ196: 518 | CK196: 43292 | CL196: 308 | CM196: 22147 | CN196: 2952 | CO196: 4052 | CP196: 38333 | CQ196: 7904 | CR196: 11406 | CS196: 630 | CT196: 1840 | CU196: 21456 | CV196: 34294 | CW196: 14785 | CX196: 46520 | CY196: 3051 | CZ196: 6105 | DA196: 12437 | DB196: 10112 | DC196: 16457 | DD196: 0 | DE196: 21779 | DF196: 118558 | DG196: 19552 | DH196: 8474 | DI196: 4435 | DJ196: 12946 | DK196: 3803 | DL196: 35562 | DM196: 7027 | DN196: 21153 | DO196: 0 | DP196: 126 | DQ196: 0 | DR196: 46735 | DS196: 4695 | DT196: 222 | DU196: 1838 | DV196: 698 | DW196: 2560 | DX196: 20931 | DY196: 2419 | DZ196: 80907 | EA196: 58997 | EB196: 50158 | EC196: 82777 | ED196: 68242 | EE196: 21121 | EF196: 1807 | EG196: 6 | EH196: 9380 | EI196: 39346 | EJ196: 159553 | EK196: 271370 | EL196: 74230 | EM196: 47143 | EN196: 36713 | EO196: 10343 | EP196: 0 | EQ196: 6924 | ER196: 453 | ES196: 14740 | ET196: 85278 | EU196: 0 | EV196: 0 | EW196: 0 | EX196: 12 | EY196: 0 | EZ196: 107 | FA196: 1913 | FB196: 5400 | FC196: 2656 | FD196: 14128 | FE196: 8204 | FF196: 12631 | FG196: 5585 | FH196: 36323 | FI196: 2107 | FJ196: 13625 | FK196: 26129 | FL196: 136825 | FM196: 163201 | FN196: 15497 | FO196: 11802 | FP196: 66640 | FQ196: 285327 | FR196: 17314 | FS196: 133562 | FT196: 119112 | FU196: 59526 | FV196: 8143 | FW196: 1887 | FX196: 3364 | FY196: 36374 | FZ196: 9154 | GA196: 216543 | GB196: 35027 | GC196: 67922 | GD196: 21180 | GE196: 19238 | GF196: 2513 | GG196: 25337 | GH196: 0 | GI196: 476 | GJ196: 3639952
A197: 192 | B197: 9112 | C197: 社会保険料（雇用主負担） | D197: 242 | E197: 18 | F197: 1022 | G197: 458 | H197: 7 | I197: 171 | J197: 175 | K197: 152 | L197: 42 | M197: 102 | N197: 892 | O197: 0 | P197: 19 | Q197: 0 | R197: 113 | S197: 2 | T197: 1455 | U197: 383 | V197: 236 | W197: 2422 | X197: 844 | Y197: 2488 | Z197: 2750 | AA197: 185 | AB197: 1042 | AC197: 25 | AD197: 0 | AE197: 47 | AF197: 2 | AG197: 0 | AH197: 11 | AI197: 31 | AJ197: 157 | AK197: 64 | AL197: 162 | AM197: 226 | AN197: 310 | AO197: 437 | AP197: 0 | AQ197: 128 | AR197: 75 | AS197: 1058 | AT197: 322 | AU197: 1910 | AV197: 35 | AW197: 11 | AX197: 88 | AY197: 0 | AZ197: 0 | BA197: 0 | BB197: 0 | BC197: 11 | BD197: 0 | BE197: 1285 | BF197: 58 | BG197: 68 | BH197: 47 | BI197: 112 | BJ197: 129 | BK197: 0 | BL197: 78 | BM197: 4864 | BN197: 0 | BO197: 358 | BP197: 0 | BQ197: 156 | BR197: 89 | BS197: 887 | BT197: 556 | BU197: 98 | BV197: 1906 | BW197: 0 | BX197: 0 | BY197: 0 | BZ197: 0 | CA197: 0 | CB197: 386 | CC197: 233 | CD197: 181 | CE197: 0 | CF197: 254 | CG197: 1175 | CH197: 2474 | CI197: 672 | CJ197: 69 | CK197: 5807 | CL197: 41 | CM197: 2969 | CN197: 395 | CO197: 544 | CP197: 5135 | CQ197: 1059 | CR197: 1526 | CS197: 85 | CT197: 247 | CU197: 2853 | CV197: 4506 | CW197: 1979 | CX197: 6223 | CY197: 408 | CZ197: 819 | DA197: 1664 | DB197: 1352 | DC197: 2195 | DD197: 0 | DE197: 2912 | DF197: 15856 | DG197: 2609 | DH197: 1132 | DI197: 594 | DJ197: 1727 | DK197: 507 | DL197: 4753 | DM197: 941 | DN197: 2836 | DO197: 0 | DP197: 17 | DQ197: 0 | DR197: 6264 | DS197: 628 | DT197: 33 | DU197: 256 | DV197: 93 | DW197: 344 | DX197: 2787 | DY197: 292 | DZ197: 9502 | EA197: 6939 | EB197: 5668 | EC197: 9570 | ED197: 8319 | EE197: 7463 | EF197: 262 | EG197: 1 | EH197: 1381 | EI197: 5093 | EJ197: 21673 | EK197: 35512 | EL197: 11514 | EM197: 5502 | EN197: 3573 | EO197: 803 | EP197: 0 | EQ197: 1283 | ER197: 84 | ES197: 2071 | ET197: 12906 | EU197: 0 | EV197: 0 | EW197: 0 | EX197: 1 | EY197: 0 | EZ197: 16 | FA197: 313 | FB197: 741 | FC197: 256 | FD197: 1994 | FE197: 1197 | FF197: 2387 | FG197: 681 | FH197: 5200 | FI197: 376 | FJ197: 1801 | FK197: 6049 | FL197: 30852 | FM197: 30257 | FN197: 1664 | FO197: 1542 | FP197: 8652 | FQ197: 37342 | FR197: 2976 | FS197: 20650 | FT197: 15509 | FU197: 5533 | FV197: 990 | FW197: 273 | FX197: 551 | FY197: 3872 | FZ197: 912 | GA197: 31139 | GB197: 4156 | GC197: 6106 | GD197: 2188 | GE197: 2727 | GF197: 299 | GG197: 3408 | GH197: 0 | GI197: 25 | GJ197: 502607
A198: 193 | B198: 9113 | C198: その他の給与及び手当 | D198: 33 | E198: 1 | F198: 75 | G198: 77 | H198: 0 | I198: 12 | J198: 50 | K198: 43 | L198: 19 | M198: 38 | N198: 78 | O198: 0 | P198: 5 | Q198: 0 | R198: 39 | S198: 1 | T198: 605 | U198: 45 | V198: 87 | W198: 653 | X198: 134 | Y198: 735 | Z198: 453 | AA198: 172 | AB198: 655 | AC198: 11 | AD198: 0 | AE198: 25 | AF198: 0 | AG198: 0 | AH198: 4 | AI198: 13 | AJ198: 43 | AK198: 23 | AL198: 69 | AM198: 34 | AN198: 127 | AO198: 152 | AP198: 0 | AQ198: 82 | AR198: 30 | AS198: 524 | AT198: 204 | AU198: 792 | AV198: 21 | AW198: 11 | AX198: 51 | AY198: 0 | AZ198: 0 | BA198: 0 | BB198: 0 | BC198: 4 | BD198: 0 | BE198: 494 | BF198: 27 | BG198: 25 | BH198: 112 | BI198: 42 | BJ198: 60 | BK198: 0 | BL198: 43 | BM198: 1344 | BN198: 0 | BO198: 102 | BP198: 0 | BQ198: 46 | BR198: 46 | BS198: 204 | BT198: 309 | BU198: 55 | BV198: 809 | BW198: 0 | BX198: 0 | BY198: 0 | BZ198: 0 | CA198: 0 | CB198: 116 | CC198: 105 | CD198: 52 | CE198: 0 | CF198: 341 | CG198: 546 | CH198: 672 | CI198: 214 | CJ198: 23 | CK198: 2009 | CL198: 15 | CM198: 684 | CN198: 80 | CO198: 106 | CP198: 1105 | CQ198: 329 | CR198: 787 | CS198: 26 | CT198: 73 | CU198: 837 | CV198: 1303 | CW198: 627 | CX198: 2076 | CY198: 178 | CZ198: 374 | DA198: 742 | DB198: 627 | DC198: 1762 | DD198: 0 | DE198: 1692 | DF198: 5554 | DG198: 1112 | DH198: 401 | DI198: 297 | DJ198: 1216 | DK198: 177 | DL198: 2380 | DM198: 373 | DN198: 1167 | DO198: 0 | DP198: 7 | DQ198: 0 | DR198: 2502 | DS198: 378 | DT198: 10 | DU198: 90 | DV198: 29 | DW198: 134 | DX198: 717 | DY198: 64 | DZ198: 2516 | EA198: 1838 | EB198: 1501 | EC198: 2535 | ED198: 2252 | EE198: 4804 | EF198: 96 | EG198: 0 | EH198: 456 | EI198: 759 | EJ198: 9330 | EK198: 10911 | EL198: 4158 | EM198: 4616 | EN198: 1278 | EO198: 440 | EP198: 0 | EQ198: 498 | ER198: 33 | ES198: 316 | ET198: 2808 | EU198: 0 | EV198: 0 | EW198: 0 | EX198: 1 | EY198: 0 | EZ198: 5 | FA198: 82 | FB198: 145 | FC198: 77 | FD198: 854 | FE198: 430 | FF198: 1622 | FG198: 90 | FH198: 1489 | FI198: 28 | FJ198: 932 | FK198: 3551 | FL198: 15588 | FM198: 16458 | FN198: 532 | FO198: 872 | FP198: 6209 | FQ198: 8619 | FR198: 1367 | FS198: 5242 | FT198: 1270 | FU198: 1398 | FV198: 213 | FW198: 93 | FX198: 143 | FY198: 1487 | FZ198: 645 | GA198: 5637 | GB198: 1715 | GC198: 503 | GD198: 407 | GE198: 890 | GF198: 86 | GG198: 954 | GH198: 0 | GI198: 15 | GJ198: 174851
A199: 194 | B199: 9211 | C199: 営業余剰 | D199: 9923 | E199: 368 | F199: 6450 | G199: 17201 | H199: 804 | I199: 1563 | J199: 1017 | K199: 2941 | L199: 2931 | M199: 255 | N199: 1300 | O199: 0 | P199: 824 | Q199: 0 | R199: -163 | S199: 9 | T199: 9129 | U199: 1742 | V199: 4766 | W199: 7598 | X199: 5426 | Y199: 15484 | Z199: 8705 | AA199: 981 | AB199: 9315 | AC199: 270 | AD199: 0 | AE199: -94 | AF199: 17 | AG199: 1 | AH199: -45 | AI199: 32 | AJ199: -99 | AK199: -247 | AL199: 325 | AM199: 1007 | AN199: 3048 | AO199: 1119 | AP199: 0 | AQ199: 797 | AR199: 1357 | AS199: 4181 | AT199: 625 | AU199: 7516 | AV199: 317 | AW199: 291 | AX199: 1861 | AY199: 0 | AZ199: 4 | BA199: 0 | BB199: 4 | BC199: 63 | BD199: 6 | BE199: 1084 | BF199: 573 | BG199: 447 | BH199: 107 | BI199: 1456 | BJ199: 953 | BK199: 6 | BL199: 1697 | BM199: 11298 | BN199: 6 | BO199: 575 | BP199: 0 | BQ199: -227 | BR199: 70 | BS199: 4181 | BT199: 197 | BU199: 518 | BV199: 5380 | BW199: 0 | BX199: 0 | BY199: 0 | BZ199: 0 | CA199: 0 | CB199: 1130 | CC199: 4050 | CD199: 75 | CE199: 0 | CF199: 303 | CG199: -831 | CH199: 10503 | CI199: 2352 | CJ199: 161 | CK199: 4502 | CL199: 382 | CM199: 16457 | CN199: 785 | CO199: 3459 | CP199: 6195 | CQ199: 8080 | CR199: 8443 | CS199: 118 | CT199: 93 | CU199: 8144 | CV199: -1209 | CW199: 18143 | CX199: -1306 | CY199: -347 | CZ199: -186 | DA199: 3632 | DB199: -2995 | DC199: 1280 | DD199: 0 | DE199: -1908 | DF199: -50935 | DG199: -868 | DH199: -2500 | DI199: -2249 | DJ199: 2040 | DK199: 1019 | DL199: 1317 | DM199: -886 | DN199: -6249 | DO199: 0 | DP199: 52 | DQ199: 0 | DR199: -7126 | DS199: 1833 | DT199: 31 | DU199: 802 | DV199: -58 | DW199: -930 | DX199: -1563 | DY199: -1489 | DZ199: 10235 | EA199: 7612 | EB199: 6042 | EC199: 2595 | ED199: 2840 | EE199: -49465 | EF199: -987 | EG199: 18 | EH199: 9638 | EI199: 4272 | EJ199: 63185 | EK199: 17915 | EL199: 72262 | EM199: 34378 | EN199: 44384 | EO199: 22091 | EP199: 401850 | EQ199: -6009 | ER199: -73 | ES199: -3042 | ET199: 4025 | EU199: 0 | EV199: 0 | EW199: 0 | EX199: 5 | EY199: 0 | EZ199: -307 | FA199: 245 | FB199: 1171 | FC199: 306 | FD199: 28736 | FE199: 558 | FF199: 41104 | FG199: 3337 | FH199: 14684 | FI199: 1647 | FJ199: 6912 | FK199: -539 | FL199: -3027 | FM199: -2282 | FN199: 299 | FO199: -1 | FP199: 8918 | FQ199: 3274 | FR199: 1244 | FS199: 2006 | FT199: 3241 | FU199: -1900 | FV199: 922 | FW199: 5267 | FX199: -738 | FY199: 171 | FZ199: 2030 | GA199: 48504 | GB199: -18815 | GC199: -2535 | GD199: 6016 | GE199: 8261 | GF199: 1766 | GG199: 1813 | GH199: 0 | GI199: 39765 | GJ199: 1026816
A200: 195 | B200: 9311 | C200: 資本減耗引当 | D200: 11674 | E200: 599 | F200: 12652 | G200: 11690 | H200: 274 | I200: 2386 | J200: 4651 | K200: 1878 | L200: 223 | M200: 555 | N200: 5201 | O200: 0 | P200: 144 | Q200: 0 | R200: 445 | S200: 15 | T200: 7791 | U200: 928 | V200: 1101 | W200: 7389 | X200: 2360 | Y200: 6284 | Z200: 8254 | AA200: 2425 | AB200: 6340 | AC200: 122 | AD200: 0 | AE200: 83 | AF200: 7 | AG200: 0 | AH200: 86 | AI200: 231 | AJ200: 374 | AK200: 78 | AL200: 631 | AM200: 691 | AN200: 1439 | AO200: 830 | AP200: 0 | AQ200: 567 | AR200: 391 | AS200: 2839 | AT200: 873 | AU200: 7246 | AV200: 303 | AW200: 301 | AX200: 464 | AY200: 0 | AZ200: 3 | BA200: 0 | BB200: 1 | BC200: 132 | BD200: 2 | BE200: 25755 | BF200: 565 | BG200: 623 | BH200: 391 | BI200: 442 | BJ200: 676 | BK200: 1 | BL200: 972 | BM200: 16628 | BN200: 6 | BO200: 1402 | BP200: 0 | BQ200: 158 | BR200: 530 | BS200: 3791 | BT200: 2219 | BU200: 485 | BV200: 7591 | BW200: 0 | BX200: 0 | BY200: 0 | BZ200: 0 | CA200: 0 | CB200: 819 | CC200: 477 | CD200: 679 | CE200: 0 | CF200: 915 | CG200: 1244 | CH200: 5556 | CI200: 2295 | CJ200: 114 | CK200: 15355 | CL200: 164 | CM200: 10752 | CN200: 1196 | CO200: 3874 | CP200: 14597 | CQ200: 5083 | CR200: 10144 | CS200: 257 | CT200: 728 | CU200: 12534 | CV200: 7928 | CW200: 15800 | CX200: 19552 | CY200: 1546 | CZ200: 4437 | DA200: 11338 | DB200: 6126 | DC200: 7985 | DD200: 0 | DE200: 19126 | DF200: 81040 | DG200: 16002 | DH200: 11473 | DI200: 4129 | DJ200: 13366 | DK200: 3319 | DL200: 45130 | DM200: 4174 | DN200: 41679 | DO200: 0 | DP200: 168 | DQ200: 0 | DR200: 31304 | DS200: 4819 | DT200: 74 | DU200: 1491 | DV200: 487 | DW200: 1834 | DX200: 10941 | DY200: 362 | DZ200: 9484 | EA200: 8310 | EB200: 4824 | EC200: 23833 | ED200: 12573 | EE200: 140628 | EF200: 4394 | EG200: 16 | EH200: 16852 | EI200: 5097 | EJ200: 41386 | EK200: 71356 | EL200: 20742 | EM200: 16457 | EN200: 67886 | EO200: 32014 | EP200: 340673 | EQ200: 17180 | ER200: 508 | ES200: 1979 | ET200: 19546 | EU200: 0 | EV200: 0 | EW200: 0 | EX200: 7 | EY200: 0 | EZ200: 361 | FA200: 543 | FB200: 3333 | FC200: 423 | FD200: 8078 | FE200: 1159 | FF200: 50195 | FG200: 7687 | FH200: 12045 | FI200: 692 | FJ200: 6908 | FK200: 0 | FL200: 0 | FM200: 9923 | FN200: 1211 | FO200: 1872 | FP200: 16048 | FQ200: 45884 | FR200: 379 | FS200: 5412 | FT200: 16323 | FU200: 5442 | FV200: 27011 | FW200: 5178 | FX200: 3260 | FY200: 1661 | FZ200: 4054 | GA200: 47667 | GB200: 23612 | GC200: 16294 | GD200: 12331 | GE200: 15768 | GF200: 250 | GG200: 17305 | GH200: 0 | GI200: 2445 | GJ200: 1854100
A201: 196 | B201: 9321 | C201: 資本減耗引当（社会資本等減耗分） | D201: 0 | E201: 0 | F201: 0 | G201: 0 | H201: 0 | I201: 0 | J201: 0 | K201: 0 | L201: 0 | M201: 0 | N201: 0 | O201: 0 | P201: 0 | Q201: 0 | R201: 0 | S201: 0 | T201: 0 | U201: 0 | V201: 0 | W201: 0 | X201: 0 | Y201: 0 | Z201: 0 | AA201: 0 | AB201: 0 | AC201: 0 | AD201: 0 | AE201: 0 | AF201: 0 | AG201: 0 | AH201: 0 | AI201: 0 | AJ201: 0 | AK201: 0 | AL201: 0 | AM201: 0 | AN201: 0 | AO201: 0 | AP201: 0 | AQ201: 0 | AR201: 0 | AS201: 0 | AT201: 0 | AU201: 0 | AV201: 0 | AW201: 0 | AX201: 0 | AY201: 0 | AZ201: 0 | BA201: 0 | BB201: 0 | BC201: 0 | BD201: 0 | BE201: 0 | BF201: 0 | BG201: 0 | BH201: 0 | BI201: 0 | BJ201: 0 | BK201: 0 | BL201: 0 | BM201: 0 | BN201: 0 | BO201: 0 | BP201: 0 | BQ201: 0 | BR201: 0 | BS201: 0 | BT201: 0 | BU201: 0 | BV201: 0 | BW201: 0 | BX201: 0 | BY201: 0 | BZ201: 0 | CA201: 0 | CB201: 0 | CC201: 0 | CD201: 0 | CE201: 0 | CF201: 0 | CG201: 0 | CH201: 0 | CI201: 0 | CJ201: 0 | CK201: 0 | CL201: 0 | CM201: 0 | CN201: 0 | CO201: 0 | CP201: 0 | CQ201: 0 | CR201: 0 | CS201: 0 | CT201: 0 | CU201: 0 | CV201: 0 | CW201: 0 | CX201: 0 | CY201: 0 | CZ201: 0 | DA201: 0 | DB201: 0 | DC201: 0 | DD201: 0 | DE201: 0 | DF201: 0 | DG201: 0 | DH201: 0 | DI201: 0 | DJ201: 0 | DK201: 0 | DL201: 0 | DM201: 0 | DN201: 0 | DO201: 0 | DP201: 0 | DQ201: 0 | DR201: 0 | DS201: 0 | DT201: 0 | DU201: 0 | DV201: 0 | DW201: 0 | DX201: 0 | DY201: 0 | DZ201: 0 | EA201: 0 | EB201: 0 | EC201: 0 | ED201: 0 | EE201: 0 | EF201: 0 | EG201: 0 | EH201: 2394 | EI201: 2677 | EJ201: 0 | EK201: 0 | EL201: 0 | EM201: 0 | EN201: 0 | EO201: 0 | EP201: 0 | EQ201: 0 | ER201: 0 | ES201: 0 | ET201: 0 | EU201: 0 | EV201: 0 | EW201: 0 | EX201: 0 | EY201: 0 | EZ201: 0 | FA201: 0 | FB201: 0 | FC201: 0 | FD201: 0 | FE201: 0 | FF201: 0 | FG201: 0 | FH201: 0 | FI201: 0 | FJ201: 0 | FK201: 35531 | FL201: 199391 | FM201: 45332 | FN201: 6693 | FO201: 30954 | FP201: 0 | FQ201: 0 | FR201: 104 | FS201: 901 | FT201: 0 | FU201: 0 | FV201: 0 | FW201: 0 | FX201: 0 | FY201: 0 | FZ201: 0 | GA201: 0 | GB201: 0 | GC201: 0 | GD201: 0 | GE201: 0 | GF201: 0 | GG201: 0 | GH201: 0 | GI201: 0 | GJ201: 323977
A202: 197 | B202: 9411 | C202: 間接税（関税・輸入品商品税を除く。） | D202: 1279 | E202: 26 | F202: 1961 | G202: 2620 | H202: 29 | I202: 531 | J202: 711 | K202: 738 | L202: 217 | M202: 189 | N202: 1346 | O202: 0 | P202: 50 | Q202: 0 | R202: 215 | S202: 5 | T202: 1746 | U202: 391 | V202: 386 | W202: 2458 | X202: 1106 | Y202: 2697 | Z202: 2573 | AA202: 8756 | AB202: 907 | AC202: 90 | AD202: 0 | AE202: 12 | AF202: -4 | AG202: 0 | AH202: 5 | AI202: -30 | AJ202: 115 | AK202: 34 | AL202: 172 | AM202: 364 | AN202: 768 | AO202: 589 | AP202: 0 | AQ202: 415 | AR202: 135 | AS202: 2099 | AT202: 553 | AU202: 2630 | AV202: 120 | AW202: 45 | AX202: 32 | AY202: 0 | AZ202: 0 | BA202: 0 | BB202: 0 | BC202: -58 | BD202: 0 | BE202: 1224 | BF202: 73 | BG202: 0 | BH202: 13 | BI202: 132 | BJ202: -73 | BK202: 18 | BL202: 359 | BM202: 4394 | BN202: 0 | BO202: 341 | BP202: 0 | BQ202: 62 | BR202: 30 | BS202: 1978 | BT202: 418 | BU202: 185 | BV202: 1958 | BW202: 0 | BX202: 0 | BY202: 0 | BZ202: 0 | CA202: 0 | CB202: 545 | CC202: 621 | CD202: 572 | CE202: 0 | CF202: 83 | CG202: 239 | CH202: 3761 | CI202: 1103 | CJ202: 53 | CK202: 5754 | CL202: 20 | CM202: 699 | CN202: 181 | CO202: 861 | CP202: 11 | CQ202: 880 | CR202: -333 | CS202: -26 | CT202: 103 | CU202: 286 | CV202: 1301 | CW202: -1601 | CX202: 2167 | CY202: -323 | CZ202: -1124 | DA202: -1628 | DB202: -737 | DC202: -5660 | DD202: 0 | DE202: -8424 | DF202: -1663 | DG202: -2650 | DH202: 495 | DI202: -868 | DJ202: -3996 | DK202: -366 | DL202: -9079 | DM202: -2217 | DN202: -9651 | DO202: 0 | DP202: -24 | DQ202: 0 | DR202: -1148 | DS202: 24 | DT202: 3 | DU202: 105 | DV202: 14 | DW202: -110 | DX202: -592 | DY202: 169 | DZ202: 13174 | EA202: 9662 | EB202: 8057 | EC202: 15631 | ED202: 8432 | EE202: 13429 | EF202: 61 | EG202: 2 | EH202: 3605 | EI202: 4292 | EJ202: 25682 | EK202: 41391 | EL202: 6941 | EM202: 1467 | EN202: 18670 | EO202: 6684 | EP202: 65154 | EQ202: -261 | ER202: 55 | ES202: 2087 | ET202: 14914 | EU202: 0 | EV202: 0 | EW202: 0 | EX202: 2 | EY202: 0 | EZ202: -33 | FA202: 322 | FB202: 1118 | FC202: 285 | FD202: 2441 | FE202: 1293 | FF202: 4433 | FG202: 1313 | FH202: 6509 | FI202: 384 | FJ202: 1824 | FK202: 191 | FL202: 930 | FM202: 1050 | FN202: 599 | FO202: 715 | FP202: 2732 | FQ202: 7960 | FR202: 400 | FS202: 1613 | FT202: 2144 | FU202: 3943 | FV202: 608 | FW202: 916 | FX202: 121 | FY202: 4864 | FZ202: 1710 | GA202: 37700 | GB202: 61 | GC202: 8385 | GD202: 5678 | GE202: 4077 | GF202: 603 | GG202: 11231 | GH202: 0 | GI202: 2287 | GJ202: 397503
A203: 198 | B203: 9511 | C203: （控除）経常補助金 | D203: -5955 | E203: -785 | F203: -14 | G203: -24 | H203: -1190 | I203: -783 | J203: -185 | K203: 0 | L203: -49 | M203: -121 | N203: -2 | O203: 0 | P203: -1 | Q203: 0 | R203: 0 | S203: 0 | T203: -992 | U203: 0 | V203: -3 | W203: 0 | X203: -1 | Y203: -6 | Z203: -4 | AA203: -4 | AB203: -1 | AC203: -3 | AD203: 0 | AE203: 0 | AF203: 0 | AG203: 0 | AH203: 0 | AI203: 0 | AJ203: 0 | AK203: 0 | AL203: 0 | AM203: 0 | AN203: 0 | AO203: 0 | AP203: 0 | AQ203: 0 | AR203: 0 | AS203: 0 | AT203: 0 | AU203: 0 | AV203: 0 | AW203: 0 | AX203: 0 | AY203: 0 | AZ203: 0 | BA203: 0 | BB203: 0 | BC203: 0 | BD203: 0 | BE203: 0 | BF203: 0 | BG203: 0 | BH203: 0 | BI203: 0 | BJ203: 0 | BK203: 0 | BL203: 0 | BM203: 0 | BN203: 0 | BO203: 0 | BP203: 0 | BQ203: 0 | BR203: 0 | BS203: 0 | BT203: 0 | BU203: 0 | BV203: 0 | BW203: 0 | BX203: 0 | BY203: 0 | BZ203: 0 | CA203: 0 | CB203: 0 | CC203: 0 | CD203: 0 | CE203: 0 | CF203: 0 | CG203: 0 | CH203: -1 | CI203: 0 | CJ203: 0 | CK203: -1 | CL203: 0 | CM203: 0 | CN203: 0 | CO203: 0 | CP203: -1 | CQ203: 0 | CR203: 0 | CS203: 0 | CT203: 0 | CU203: -1 | CV203: 0 | CW203: 0 | CX203: 0 | CY203: 0 | CZ203: 0 | DA203: 0 | DB203: 0 | DC203: -1 | DD203: 0 | DE203: 0 | DF203: -4 | DG203: 0 | DH203: 0 | DI203: 0 | DJ203: 0 | DK203: 0 | DL203: 0 | DM203: 0 | DN203: -1 | DO203: 0 | DP203: 0 | DQ203: 0 | DR203: -1 | DS203: 0 | DT203: 0 | DU203: -1 | DV203: 0 | DW203: 0 | DX203: 0 | DY203: 0 | DZ203: -1 | EA203: -1 | EB203: -2 | EC203: -756 | ED203: -4762 | EE203: -33 | EF203: -23 | EG203: 0 | EH203: -3282 | EI203: 0 | EJ203: -289 | EK203: -546 | EL203: -3156 | EM203: -3030 | EN203: -1 | EO203: -168 | EP203: 0 | EQ203: -452 | ER203: 0 | ES203: -752 | ET203: 0 | EU203: 0 | EV203: 0 | EW203: 0 | EX203: -1 | EY203: 0 | EZ203: 0 | FA203: 0 | FB203: 0 | FC203: 0 | FD203: -204 | FE203: 0 | FF203: -1 | FG203: 0 | FH203: -1 | FI203: 0 | FJ203: 0 | FK203: 0 | FL203: 0 | FM203: 0 | FN203: -43 | FO203: -1142 | FP203: -2 | FQ203: -14180 | FR203: 0 | FS203: 0 | FT203: -644 | FU203: -2400 | FV203: 0 | FW203: 0 | FX203: 0 | FY203: 0 | FZ203: 0 | GA203: -25 | GB203: 0 | GC203: 0 | GD203: 0 | GE203: 0 | GF203: 0 | GG203: 0 | GH203: 0 | GI203: -206 | GJ203: -46238
A204: 199 | B204: 9600 | C204: 粗付加価値部門計 | D204: 22349 | E204: 552 | F204: 43452 | G204: 50676 | H204: 133 | I204: 7015 | J204: 9477 | K204: 7737 | L204: 4453 | M204: 2355 | N204: 20596 | O204: 0 | P204: 1370 | Q204: 0 | R204: 1650 | S204: 50 | T204: 30258 | U204: 6098 | V204: 8423 | W204: 38358 | X204: 16735 | Y204: 41553 | Z204: 44184 | AA204: 13827 | AB204: 25686 | AC204: 707 | AD204: 0 | AE204: 436 | AF204: 34 | AG204: 1 | AH204: 143 | AI204: 521 | AJ204: 1797 | AK204: 448 | AL204: 2623 | AM204: 3803 | AN204: 8135 | AO204: 6573 | AP204: 0 | AQ204: 3062 | AR204: 2727 | AS204: 19105 | AT204: 5126 | AU204: 35113 | AV204: 1134 | AW204: 780 | AX204: 3176 | AY204: 0 | AZ204: 8 | BA204: 0 | BB204: 6 | BC204: 239 | BD204: 10 | BE204: 38292 | BF204: 1785 | BG204: 1747 | BH204: 1047 | BI204: 2846 | BJ204: 2759 | BK204: 26 | BL204: 3779 | BM204: 77441 | BN204: 16 | BO204: 5581 | BP204: 0 | BQ204: 1387 | BR204: 1461 | BS204: 17981 | BT204: 8051 | BU204: 2137 | BV204: 32856 | BW204: 0 | BX204: 0 | BY204: 0 | BZ204: 0 | CA204: 0 | CB204: 5936 | CC204: 7260 | CD204: 2997 | CE204: 0 | CF204: 3933 | CG204: 11577 | CH204: 43123 | CI204: 11744 | CJ204: 955 | CK204: 78145 | CL204: 958 | CM204: 54903 | CN204: 5699 | CO204: 13278 | CP204: 66724 | CQ204: 23704 | CR204: 32300 | CS204: 1143 | CT204: 3178 | CU204: 46610 | CV204: 49171 | CW204: 50996 | CX204: 77398 | CY204: 4606 | CZ204: 10897 | DA204: 28848 | DB204: 14922 | DC204: 24738 | DD204: 0 | DE204: 35968 | DF204: 173714 | DG204: 36847 | DH204: 20024 | DI204: 6770 | DJ204: 28209 | DK204: 8678 | DL204: 82290 | DM204: 9630 | DN204: 54868 | DO204: 0 | DP204: 354 | DQ204: 0 | DR204: 80244 | DS204: 12578 | DT204: 381 | DU204: 4691 | DV204: 1278 | DW204: 4038 | DX204: 34080 | DY204: 1896 | DZ204: 129563 | EA204: 96178 | EB204: 78278 | EC204: 139441 | ED204: 99758 | EE204: 141154 | EF204: 5844 | EG204: 43 | EH204: 41211 | EI204: 63263 | EJ204: 327766 | EK204: 456515 | EL204: 193306 | EM204: 112084 | EN204: 173658 | EO204: 72606 | EP204: 807677 | EQ204: 19553 | ER204: 1080 | ES204: 17655 | ET204: 140296 | EU204: 0 | EV204: 0 | EW204: 0 | EX204: 27 | EY204: 0 | EZ204: 155 | FA204: 3464 | FB204: 12135 | FC204: 4130 | FD204: 57973 | FE204: 12892 | FF204: 112849 | FG204: 18983 | FH204: 77419 | FI204: 5282 | FJ204: 33141 | FK204: 72658 | FL204: 384068 | FM204: 264610 | FN204: 26887 | FO204: 47301 | FP204: 109503 | FQ204: 378436 | FR204: 24523 | FS204: 172092 | FT204: 159473 | FU204: 75934 | FV204: 38218 | FW204: 13681 | FX204: 7092 | FY204: 49166 | FZ204: 18868 | GA204: 393149 | GB204: 48259 | GC204: 99626 | GD204: 48827 | GE204: 52318 | GF204: 5652 | GG204: 61353 | GH204: 0 | GI204: 44946 | GJ204: 8016186
A205: 200 | B205: 9700 | C205: 県内生産額 | D205: 42837 | E205: 1867 | F205: 89100 | G205: 91549 | H205: 688 | I205: 14399 | J205: 31471 | K205: 12882 | L205: 5268 | M205: 5332 | N205: 55205 | O205: 0 | P205: 2618 | Q205: 0 | R205: 4122 | S205: 97 | T205: 108249 | U205: 20158 | V205: 52162 | W205: 101775 | X205: 42183 | Y205: 117490 | Z205: 134011 | AA205: 21080 | AB205: 85290 | AC205: 2474 | AD205: 0 | AE205: 1115 | AF205: 65 | AG205: 1 | AH205: 251 | AI205: 1205 | AJ205: 4280 | AK205: 1541 | AL205: 6005 | AM205: 9828 | AN205: 16700 | AO205: 16857 | AP205: 0 | AQ205: 13118 | AR205: 15098 | AS205: 42541 | AT205: 10216 | AU205: 58542 | AV205: 3004 | AW205: 1832 | AX205: 6205 | AY205: 0 | AZ205: 25 | BA205: 0 | BB205: 7 | BC205: 824 | BD205: 16 | BE205: 94796 | BF205: 4712 | BG205: 4325 | BH205: 3332 | BI205: 6414 | BJ205: 7587 | BK205: 59 | BL205: 8058 | BM205: 186875 | BN205: 29 | BO205: 9725 | BP205: 0 | BQ205: 3476 | BR205: 3096 | BS205: 38702 | BT205: 16672 | BU205: 4152 | BV205: 74640 | BW205: 0 | BX205: 0 | BY205: 0 | BZ205: 0 | CA205: 0 | CB205: 15169 | CC205: 17789 | CD205: 21001 | CE205: 0 | CF205: 15915 | CG205: 61354 | CH205: 93203 | CI205: 24104 | CJ205: 3717 | CK205: 144771 | CL205: 2229 | CM205: 112923 | CN205: 15168 | CO205: 29003 | CP205: 133348 | CQ205: 47668 | CR205: 93872 | CS205: 2372 | CT205: 6447 | CU205: 90275 | CV205: 99068 | CW205: 93563 | CX205: 167340 | CY205: 14013 | CZ205: 37199 | DA205: 51556 | DB205: 39114 | DC205: 65399 | DD205: 0 | DE205: 102105 | DF205: 526378 | DG205: 97938 | DH205: 57810 | DI205: 21987 | DJ205: 69754 | DK205: 20291 | DL205: 229133 | DM205: 30871 | DN205: 181837 | DO205: 0 | DP205: 1556 | DQ205: 0 | DR205: 303679 | DS205: 31043 | DT205: 1763 | DU205: 10315 | DV205: 3897 | DW205: 13029 | DX205: 85607 | DY205: 11320 | DZ205: 282926 | EA205: 204319 | EB205: 167247 | EC205: 288216 | ED205: 193587 | EE205: 255438 | EF205: 26531 | EG205: 67 | EH205: 94645 | EI205: 99555 | EJ205: 450525 | EK205: 709506 | EL205: 304041 | EM205: 185975 | EN205: 238805 | EO205: 113153 | EP205: 906963 | EQ205: 29952 | ER205: 1718 | ES205: 24104 | ET205: 179394 | EU205: 140846 | EV205: 106198 | EW205: 0 | EX205: 48 | EY205: 0 | EZ205: 648 | FA205: 4980 | FB205: 19970 | FC205: 7488 | FD205: 92893 | FE205: 16508 | FF205: 249420 | FG205: 40291 | FH205: 122847 | FI205: 12938 | FJ205: 66779 | FK205: 114935 | FL205: 515270 | FM205: 325646 | FN205: 48190 | FO205: 77682 | FP205: 206723 | FQ205: 727644 | FR205: 43927 | FS205: 245300 | FT205: 209028 | FU205: 125367 | FV205: 76915 | FW205: 18086 | FX205: 43209 | FY205: 119626 | FZ205: 66847 | GA205: 544751 | GB205: 122989 | GC205: 240069 | GD205: 75705 | GE205: 78898 | GF205: 8213 | GG205: 88830 | GH205: 23247 | GI205: 69546 | GJ205: 14871290

Sheet 投入係数表
A1: 令和２年（2020年）長野県産業連関表
A2: 第２表 投入係数表
D3: 1 | E3: 2 | F3: 3 | G3: 4 | H3: 5 | I3: 6 | J3: 7 | K3: 8 | L3: 9 | M3: 10 | N3: 11 | O3: 12 | P3: 13 | Q3: 14 | R3: 15 | S3: 16 | T3: 17 | U3: 18 | V3: 19 | W3: 20 | X3: 21 | Y3: 22 | Z3: 23 | AA3: 24 | AB3: 25 | AC3: 26 | AD3: 27 | AE3: 28 | AF3: 29 | AG3: 30 | AH3: 31 | AI3: 32 | AJ3: 33 | AK3: 34 | AL3: 35 | AM3: 36 | AN3: 37 | AO3: 38 | AP3: 39 | AQ3: 40 | AR3: 41 | AS3: 42 | AT3: 43 | AU3: 44 | AV3: 45 | AW3: 46 | AX3: 47 | AY3: 48 | AZ3: 49 | BA3: 50 | BB3: 51 | BC3: 52 | BD3: 53 | BE3: 54 | BF3: 55 | BG3: 56 | BH3: 57 | BI3: 58 | BJ3: 59 | BK3: 60 | BL3: 61 | BM3: 62 | BN3: 63 | BO3: 64 | BP3: 65 | BQ3: 66 | BR3: 67 | BS3: 68 | BT3: 69 | BU3: 70 | BV3: 71 | BW3: 72 | BX3: 73 | BY3: 74 | BZ3: 75 | CA3: 76 | CB3: 77 | CC3: 78 | CD3: 79 | CE3: 80 | CF3: 81 | CG3: 82 | CH3: 83 | CI3: 84 | CJ3: 85 | CK3: 86 | CL3: 87 | CM3: 88 | CN3: 89 | CO3: 90 | CP3: 91 | CQ3: 92 | CR3: 93 | CS3: 94 | CT3: 95 | CU3: 96 | CV3: 97 | CW3: 98 | CX3: 99 | CY3: 100 | CZ3: 101 | DA3: 102 | DB3: 103 | DC3: 104 | DD3: 105 | DE3: 106 | DF3: 107 | DG3: 108 | DH3: 109 | DI3: 110 | DJ3: 111 | DK3: 112 | DL3: 113 | DM3: 114 | DN3: 115 | DO3: 116 | DP3: 117 | DQ3: 118 | DR3: 119 | DS3: 120 | DT3: 121 | DU3: 122 | DV3: 123 | DW3: 124 | DX3: 125 | DY3: 126 | DZ3: 127 | EA3: 128 | EB3: 129 | EC3: 130 | ED3: 131 | EE3: 132 | EF3: 133 | EG3: 134 | EH3: 135 | EI3: 136 | EJ3: 137 | EK3: 138 | EL3: 139 | EM3: 140 | EN3: 141 | EO3: 142 | EP3: 143 | EQ3: 144 | ER3: 145 | ES3: 146 | ET3: 147 | EU3: 148 | EV3: 149 | EW3: 150 | EX3: 151 | EY3: 152 | EZ3: 153 | FA3: 154 | FB3: 155 | FC3: 156 | FD3: 157 | FE3: 158 | FF3: 159 | FG3: 160 | FH3: 161 | FI3: 162 | FJ3: 163 | FK3: 164 | FL3: 165 | FM3: 166 | FN3: 167 | FO3: 168 | FP3: 169 | FQ3: 170 | FR3: 171 | FS3: 172 | FT3: 173 | FU3: 174 | FV3: 175 | FW3: 176 | FX3: 177 | FY3: 178 | FZ3: 179 | GA3: 180 | GB3: 181 | GC3: 182 | GD3: 183 | GE3: 184 | GF3: 185 | GG3: 186 | GH3: 187 | GI3: 188 | GJ3: 189 | GK3: 190 | GL3: 191 | GM3: 192 | GN3: 193 | GO3: 194 | GP3: 195 | GQ3: 196 | GR3: 197 | GS3: 198 | GT3: 199 | GU3: 200 | GV3: 201 | GW3: 202 | GX3: 203 | GY3: 204 | GZ3: 205 | HA3: 206 | HB3: 207 | HC3: 208 | HD3: 209 | HE3: 210 | HF3: 211 | HG3: 212 | HH3: 213 | HI3: 214 | HJ3: 215
D4: 0111 | E4: 0112 | F4: 0113 | G4: 0114 | H4: 0115 | I4: 0116 | J4: 0121 | K4: 0131 | L4: 0151 | M4: 0152 | N4: 0153 | O4: 0171 | P4: 0172 | Q4: 0611 | R4: 0621 | S4: 0629 | T4: 1111 | U4: 1112 | V4: 1113 | W4: 1114 | X4: 1115 | Y4: 1116 | Z4: 1119 | AA4: 1121 | AB4: 1129 | AC4: 1131 | AD4: 1141 | AE4: 1511 | AF4: 1512 | AG4: 1513 | AH4: 1514 | AI4: 1519 | AJ4: 1521 | AK4: 1522 | AL4: 1529 | AM4: 1611 | AN4: 1619 | AO4: 1621 | AP4: 1631 | AQ4: 1632 | AR4: 1633 | AS4: 1641 | AT4: 1649 | AU4: 1911 | AV4: 2011 | AW4: 2021 | AX4: 2029 | AY4: 2031 | AZ4: 2041 | BA4: 2042 | BB4: 2049 | BC4: 2051 | BD4: 2061 | BE4: 2071 | BF4: 2081 | BG4: 2082 | BH4: 2083 | BI4: 2084 | BJ4: 2089 | BK4: 2111 | BL4: 2121 | BM4: 2211 | BN4: 2221 | BO4: 2229 | BP4: 2311 | BQ4: 2312 | BR4: 2511 | BS4: 2521 | BT4: 2531 | BU4: 2591 | BV4: 2599 | BW4: 2611 | BX4: 2612 | BY4: 2621 | BZ4: 2622 | CA4: 2623 | CB4: 2631 | CC4: 2699 | CD4: 2711 | CE4: 2712 | CF4: 2721 | CG4: 2729 | CH4: 2811 | CI4: 2812 | CJ4: 2891 | CK4: 2899 | CL4: 2911 | CM4: 2912 | CN4: 2913 | CO4: 2914 | CP4: 2919 | CQ4: 3011 | CR4: 3012 | CS4: 3013 | CT4: 3014 | CU4: 3015 | CV4: 3016 | CW4: 3017 | CX4: 3019 | CY4: 3111 | CZ4: 3112 | DA4: 3113 | DB4: 3114 | DC4: 3115 | DD4: 3116 | DE4: 3211 | DF4: 3299 | DG4: 3311 | DH4: 3321 | DI4: 3331 | DJ4: 3332 | DK4: 3399 | DL4: 3411 | DM4: 3412 | DN4: 3421 | DO4: 3511 | DP4: 3521 | DQ4: 3522 | DR4: 3531 | DS4: 3541 | DT4: 3591 | DU4: 3592 | DV4: 3599 | DW4: 3911 | DX4: 3919 | DY4: 3921 | DZ4: 4111 | EA4: 4112 | EB4: 4121 | EC4: 4131 | ED4: 4191 | EE4: 4611 | EF4: 4621 | EG4: 4622 | EH4: 4711 | EI4: 4811 | EJ4: 5111 | EK4: 5112 | EL4: 5311 | EM4: 5312 | EN4: 5511 | EO4: 5521 | EP4: 5531 | EQ4: 5711 | ER4: 5712 | ES4: 5721 | ET4: 5722 | EU4: 5731 | EV4: 5732 | EW4: 5741 | EX4: 5742 | EY4: 5743 | EZ4: 5751 | FA4: 5761 | FB4: 5771 | FC4: 5781 | FD4: 5789 | FE4: 5791 | FF4: 5911 | FG4: 5921 | FH4: 5931 | FI4: 5941 | FJ4: 5951 | FK4: 6111 | FL4: 6112 | FM4: 6311 | FN4: 6312 | FO4: 6321 | FP4: 6322 | FQ4: 6411 | FR4: 6421 | FS4: 6431 | FT4: 6441 | FU4: 6599 | FV4: 6611 | FW4: 6612 | FX4: 6621 | FY4: 6631 | FZ4: 6632 | GA4: 6699 | GB4: 6711 | GC4: 6721 | GD4: 6731 | GE4: 6741 | GF4: 6751 | GG4: 6799 | GH4: 6811 | GI4: 6911 | GJ4: 7000 | GK4: 7111 | GL4: 7211 | GM4: 7212 | GN4: 7311 | GO4: 7321 | GP4: 7411 | GQ4: 7511 | GR4: 7611 | GS4: 7800 | GT4: 7900 | GU4: 8011 | GV4: 8012 | GW4: 8100 | GX4: 9800 | GY4: 9900 | GZ4: 8200 | HA4: 8300 | HB4: 8411 | HC4: 8412 | HD4: 8511 | HE4: 8611 | HF4: 8700 | HG4: 10000 | HH4: 10100 | HI4: 8800 | HJ4: 9700
C5: 統合小分類（188部門） | D5: 穀類 | E5: いも・豆類 | F5: 野菜 | G5: 果実 | H5: その他の食用作物 | I5: 非食用作物 | J5: 畜産 | K5: 農業サービス | L5: 育林 | M5: 素材 | N5: 特用林産物 | O5: 海面漁業 | P5: 内水面漁業 | Q5: 石炭・原油・天然ガス | R5: 砂利・採石 | S5: その他の鉱物 | T5: 畜産食料品 | U5: 水産食料品 | V5: 精穀・製粉 | W5: めん・パン・菓子類 | X5: 農産保存食料品 | Y5: 砂糖・油脂・調味料類 | Z5: その他の食料品 | AA5: 酒類 | AB5: その他の飲料 | AC5: 飼料・有機質肥料（別掲を除く。） | AD5: たばこ | AE5: 紡績糸 | AF5: 織物 | AG5: ニット生地 | AH5: 染色整理 | AI5: その他の繊維工業製品 | AJ5: 織物製・ニット製衣服 | AK5: その他の衣服・身の回り品 | AL5: その他の繊維既製品 | AM5: 木材 | AN5: その他の木製品 | AO5: 家具・装備品 | AP5: パルプ | AQ5: 紙・板紙 | AR5: 加工紙 | AS5: 紙製容器 | AT5: その他の紙加工品 | AU5: 印刷・製版・製本 | AV5: 化学肥料 | AW5: ソーダ工業製品 | AX5: その他の無機化学工業製品 | AY5: 石油化学系基礎製品 | AZ5: 脂肪族中間物・環式中間物・合成染料・有機顔料 | BA5: 合成ゴム | BB5: その他の有機化学工業製品 | BC5: 合成樹脂 | BD5: 化学繊維 | BE5: 医薬品 | BF5: 油脂加工製品・界面活性剤 | BG5: 化粧品・歯磨 | BH5: 塗料・印刷インキ | BI5: 農薬 | BJ5: その他の化学最終製品 | BK5: 石油製品 | BL5: 石炭製品 | BM5: プラスチック製品 | BN5: タイヤ・チューブ | BO5: その他のゴム製品 | BP5: 革製履物 | BQ5: なめし革・革製品・毛皮（革製履物を除く。） | BR5: ガラス・ガラス製品 | BS5: セメント・セメント製品 | BT5: 陶磁器 | BU5: 建設用土石製品 | BV5: その他の窯業・土石製品 | BW5: 銑鉄・粗鋼 | BX5: 鉄屑 | BY5: 熱間圧延鋼材 | BZ5: 鋼管 | CA5: 冷延・めっき鋼材 | CB5: 鋳鍛造品（鉄） | CC5: その他の鉄鋼製品 | CD5: 非鉄金属製錬・精製 | CE5: 非鉄金属屑 | CF5: 電線・ケーブル | CG5: その他の非鉄金属製品 | CH5: 建設用金属製品 | CI5: 建築用金属製品 | CJ5: ガス・石油機器・暖房・調理装置 | CK5: その他の金属製品 | CL5: ボイラ・原動機 | CM5: ポンプ・圧縮機 | CN5: 運搬機械 | CO5: 冷凍機・温湿調整装置 | CP5: その他のはん用機械 | CQ5: 農業用機械 | CR5: 建設・鉱山機械 | CS5: 繊維機械 | CT5: 生活関連産業用機械 | CU5: 基礎素材産業用機械 | CV5: 金属加工機械 | CW5: 半導体製造装置 | CX5: その他の生産用機械 | CY5: 事務用機械 | CZ5: サービス用・娯楽用機器 | DA5: 計測機器 | DB5: 医療用機械器具 | DC5: 光学機械・レンズ | DD5: 武器 | DE5: 電子デバイス | DF5: その他の電子部品 | DG5: 産業用電気機器 | DH5: 民生用電気機器 | DI5: 電子応用装置 | DJ5: 電気計測器 | DK5: その他の電気機械 | DL5: 通信機器 | DM5: 映像・音響機器 | DN5: 電子計算機・同附属装置 | DO5: 乗用車 | DP5: トラック・バス・その他の自動車 | DQ5: 二輪自動車 | DR5: 自動車部品・同附属品 | DS5: 船舶・同修理 | DT5: 鉄道車両・同修理 | DU5: 航空機・同修理 | DV5: その他の輸送機械 | DW5: がん具・運動用品 | DX5: その他の製造工業製品 | DY5: 再生資源回収・加工処理 | DZ5: 住宅建築 | EA5: 非住宅建築 | EB5: 建設補修 | EC5: 公共事業 | ED5: その他の土木建設 | EE5: 電気 | EF5: 都市ガス | EG5: 熱供給業 | EH5: 水道 | EI5: 廃棄物処理 | EJ5: 卸売 | EK5: 小売 | EL5: 金融 | EM5: 保険 | EN5: 不動産仲介及び賃貸 | EO5: 住宅賃貸料 | EP5: 住宅賃貸料（帰属家賃） | EQ5: 鉄道旅客輸送 | ER5: 鉄道貨物輸送 | ES5: 道路旅客輸送 | ET5: 道路貨物輸送（自家輸送を除く。） | EU5: 自家輸送（旅客自動車） | EV5: 自家輸送（貨物自動車） | EW5: 外洋輸送 | EX5: 沿海・内水面輸送 | EY5: 港湾運送 | EZ5: 航空輸送 | FA5: 貨物利用運送 | FB5: 倉庫 | FC5: こん包 | FD5: その他の運輸附帯サービス | FE5: 郵便・信書便 | FF5: 通信 | FG5: 放送 | FH5: 情報サービス | FI5: インターネット附随サービス | FJ5: 映像・音声・文字情報制作 | FK5: 公務（中央） | FL5: 公務（地方） | FM5: 学校教育 | FN5: 社会教育・その他の教育 | FO5: 学術研究機関 | FP5: 企業内研究開発 | FQ5: 医療 | FR5: 保健衛生 | FS5: 社会保険・社会福祉 | FT5: 介護 | FU5: 他に分類されない会員制団体 | FV5: 物品賃貸業（貸自動車業を除く。） | FW5: 貸自動車業 | FX5: 広告 | FY5: 自動車整備 | FZ5: 機械修理 | GA5: その他の対事業所サービス | GB5: 宿泊業 | GC5: 飲食サービス | GD5: 洗濯・理容・美容・浴場業 | GE5: 娯楽サービス | GF5: 獣医業 | GG5: その他の対個人サービス | GH5: 事務用品 | GI5: 分類不明 | GJ5: 内生部門計 | GK5: 家計外消費支出（列） | GL5: 家計消費支出 | GM5: 対家計民間非営利団体消費支出 | GN5: 一般政府消費支出 | GO5: 一般政府消費支出（社会資本等減耗分） | GP5: 県内総固定資本形成（公的） | GQ5: 県内総固定資本形成（民間） | GR5: 在庫純増 | GS5: 県内最終需要計 | GT5: 県内需要合計 | GU5: 輸出 | GV5: 輸出（直接購入） | GW5: 輸出計 | GX5: 移出 | GY5: 移輸出計 | GZ5: 最終需要計 | HA5: 需要合計 | HB5: （控除）輸入 | HC5: （控除）輸入（直接購入） | HD5: （控除）関税 | HE5: （控除）輸入品商品税 | HF5: （控除）輸入計 | HG5: （控除）移入 | HH5: （控除）移輸入計 | HI5: 最終需要部門計 | HJ5: 県内生産額
A6: 1 | B6: 0111 | C6: 穀類 | D6: 0.012139039 | E6: 0.0021424746 | F6: 0.0027833895 | G6: 0.0025887776 | H6: 0 | I6: 0.011181332 | J6: 0.0091195068 | K6: 0.0094705791 | L6: 0.00018982536 | M6: 0 | N6: 0.0036772032 | O6: 0 | P6: 0 | Q6: 0 | R6: 0 | S6: 0 | T6: 0 | U6: 0 | V6: 0.68310264 | W6: 0 | X6: 0 | Y6: 0.0019405907 | Z6: 0.00078351777 | AA6: 0.0011859583 | AB6: 0.00044553875 | AC6: 0.035974131 | AD6: 0 | AE6: 0 | AF6: 0 | AG6: 0 | AH6: 0 | AI6: 0 | AJ6: 0 | AK6: 0 | AL6: 0 | AM6: 0 | AN6: 0 | AO6: 0 | AP6: 0 | AQ6: 0 | AR6: 0 | AS6: 0 | AT6: 0 | AU6: 0 | AV6: 0 | AW6: 0 | AX6: 0 | AY6: 0 | AZ6: 0 | BA6: 0 | BB6: 0 | BC6: 0 | BD6: 0 | BE6: 0 | BF6: 0 | BG6: 0 | BH6: 0 | BI6: 0 | BJ6: 0 | BK6: 0 | BL6: 0 | BM6: 0 | BN6: 0 | BO6: 0 | BP6: 0 | BQ6: 0 | BR6: 0 | BS6: 0 | BT6: 0 | BU6: 0 | BV6: 0 | BW6: 0 | BX6: 0 | BY6: 0 | BZ6: 0 | CA6: 0 | CB6: 0 | CC6: 0 | CD6: 0 | CE6: 0 | CF6: 0 | CG6: 0 | CH6: 0 | CI6: 0 | CJ6: 0 | CK6: 0 | CL6: 0 | CM6: 0 | CN6: 0 | CO6: 0 | CP6: 0 | CQ6: 0 | CR6: 0 | CS6: 0 | CT6: 0 | CU6: 0 | CV6: 0 | CW6: 0 | CX6: 0 | CY6: 0 | CZ6: 0 | DA6: 0 | DB6: 0 | DC6: 0 | DD6: 0 | DE6: 0 | DF6: 0 | DG6: 0 | DH6: 0 | DI6: 0 | DJ6: 0 | DK6: 0 | DL6: 0 | DM6: 0 | DN6: 0 | DO6: 0 | DP6: 0 | DQ6: 0 | DR6: 0 | DS6: 0 | DT6: 0 | DU6: 0 | DV6: 0 | DW6: 0 | DX6: 0.0018456435 | DY6: 0 | DZ6: 0 | EA6: 0 | EB6: 1.7937541e-05 | EC6: 0 | ED6: 0 | EE6: 0 | EF6: 0 | EG6: 0 | EH6: 0 | EI6: 0 | EJ6: 0 | EK6: 0 | EL6: 0 | EM6: 0 | EN6: 0 | EO6: 0 | EP6: 0 | EQ6: 0 | ER6: 0 | ES6: 0 | ET6: 0 | EU6: 0 | EV6: 0 | EW6: 0 | EX6: 0 | EY6: 0 | EZ6: 0 | FA6: 0 | FB6: 0 | FC6: 0 | FD6: 0 | FE6: 0 | FF6: 0 | FG6: 0 | FH6: 0 | FI6: 0 | FJ6: 0 | FK6: 0 | FL6: 0 | FM6: 0 | FN6: 0.00037352148 | FO6: 0 | FP6: 0 | FQ6: 0 | FR6: 0 | FS6: 0 | FT6: 0 | FU6: 0 | FV6: 0 | FW6: 0 | FX6: 0 | FY6: 0 | FZ6: 0 | GA6: 0 | GB6: 0 | GC6: 0 | GD6: 0 | GE6: 2.5349185e-05 | GF6: 0 | GG6: 0 | GH6: 0 | GI6: 0 | GJ6: 0.0025607059 | GK6: 0 | GL6: 0 | GM6: 0 | GN6: 0 | GO6: 0 | GP6: 0 | GQ6: 0 | GR6: -0.020402673 | GS6: 0.00011104466 | GT6: 0.0024829015 | GU6: 1.9478296e-05 | GV6: 0 | GW6: 1.9162948e-05 | GX6: 0.0092329818 | GY6: 0.0068368788 | GZ6: 0.0026003428 | HA6: 0.0035671079 | HB6: 0.0033638173 | HC6: 0 | HD6: 0 | HE6: 0.0027983016 | HF6: 0.0032625845 | HG6: 0.005780114 | HH6: 0.0052463507 | HI6: 0.00059329961 | HJ6: 0.0028805168
A7: 2 | B7: 0112 | C7: いも・豆類 | D7: 0 | E7: 0.068559186 | F7: 0.004040404 | G7: 0 | H7: 0 | I7: 0 | J7: 0.00044485399 | K7: 0 | L7: 0 | M7: 0 | N7: 0 | O7: 0 | P7: 0 | Q7: 0 | R7: 0 | S7: 0 | T7: 9.2379606e-06 | U7: 0 | V7: 0.0004792761 | W7: 0.0053156473 | X7: 0.0041485907 | Y7: 0.010732828 | Z7: 0.020266993 | AA7: 0.0027039848 | AB7: 0.0015711103 | AC7: 0.0036378335 | AD7: 0 | AE7: 0 | AF7: 0 | AG7: 0 | AH7: 0 | AI7: 0 | AJ7: 0 | AK7: 0 | AL7: 0 | AM7: 0 | AN7: 0 | AO7: 0 | AP7: 0 | AQ7: 0 | AR7: 0 | AS7: 0 | AT7: 0 | AU7: 0 | AV7: 0 | AW7: 0 | AX7: 0 | AY7: 0 | AZ7: 0 | BA7: 0 | BB7: 0 | BC7: 0 | BD7: 0 | BE7: 0 | BF7: 0 | BG7: 0 | BH7: 0 | BI7: 0 | BJ7: 0 | BK7: 0 | BL7: 0 | BM7: 0 | BN7: 0 | BO7: 0 | BP7: 0 | BQ7: 0 | BR7: 0 | BS7: 0 | BT7: 0 | BU7: 0 | BV7: 0 | BW7: 0 | BX7: 0 | BY7: 0 | BZ7: 0 | CA7: 0 | CB7: 0 | CC7: 0 | CD7: 0 | CE7: 0 | CF7: 0 | CG7: 0 | CH7: 0 | CI7: 0 | CJ7: 0 | CK7: 0 | CL7: 0 | CM7: 0 | CN7: 0 | CO7: 0 | CP7: 0 | CQ7: 0 | CR7: 0 | CS7: 0 | CT7: 0 | CU7: 0 | CV7: 0 | CW7: 0 | CX7: 0 | CY7: 0 | CZ7: 0 | DA7: 0 | DB7: 0 | DC7: 0 | DD7: 0 | DE7: 0 | DF7: 0 | DG7: 0 | DH7: 0 | DI7: 0 | DJ7: 0 | DK7: 0 | DL7: 0 | DM7: 0 | DN7: 0 | DO7: 0 | DP7: 0 | DQ7: 0 | DR7: 0 | DS7: 0 | DT7: 0 | DU7: 0 | DV7: 0 | DW7: 0 | DX7: 0 | DY7: 0 | DZ7: 0 | EA7: 0 | EB7: 0 | EC7: 0 | ED7: 0 | EE7: 0 | EF7: 0 | EG7: 0 | EH7: 0 | EI7: 0 | EJ7: 0 | EK7: 0 | EL7: 0 | EM7: 0 | EN7: 0 | EO7: 0 | EP7: 0 | EQ7: 0 | ER7: 0 | ES7: 0 | ET7: 0 | EU7: 0 | EV7: 0 | EW7: 0 | EX7: 0 | EY7: 0 | EZ7: 0 | FA7: 0 | FB7: 0 | FC7: 0 | FD7: 0 | FE7: 0 | FF7: 0 | FG7: 0 | FH7: 0 | FI7: 0 | FJ7: 0 | FK7: 0 | FL7: 0 | FM7: 9.5195396e-05 | FN7: 0 | FO7: 0 | FP7: 3.3861738e-05 | FQ7: 1.9240178e-05 | FR7: 0 | FS7: 0.00017121892 | FT7: 0.00027747479 | FU7: 0 | FV7: 0 | FW7: 0 | FX7: 0 | FY7: 0 | FZ7: 0 | GA7: 0 | GB7: 0.001569246 | GC7: 0.0010913529 | GD7: 0 | GE7: 0 | GF7: 0 | GG7: 9.0059665e-05 | GH7: 0 | GI7: 0 | GJ7: 0.00040588274 | GK7: 0 | GL7: 0.00015585967 | GM7: 0 | GN7: 0 | GO7: 0 | GP7: 0 | GQ7: 0 | GR7: 0.0029176237 | GS7: 5.6761167e-05 | GT7: 0.00041564942 | GU7: 2.996661e-06 | GV7: 0 | GW7: 2.9481458e-06 | GX7: 9.4806176e-05 | GY7: 7.0918003e-05 | GZ7: 6.2000753e-05 | HA7: 0.00032980606 | HB7: 0.0023215443 | HC7: 0.00026205451 | HD7: 0.00099009901 | HE7: 0.0019067292 | HF7: 0.0022603831 | HG7: 0.00044435122 | HH7: 0.00082938391 | HI7: -0.00052007276 | HJ7: 0.00012554392
A8: 3 | B8: 0113 | C8: 野菜 | D8: 0 | E8: 0 | F8: 0.00038159371 | G8: 0 | H8: 0 | I8: 0 | J8: 0 | K8: 0 | L8: 0 | M8: 0 | N8: 0 | O8: 0 | P8: 0 | Q8: 0 | R8: 0 | S8: 0 | T8: 0.00050808783 | U8: 9.9216192e-05 | V8: 0 | W8: 0.0025153525 | X8: 0.12455254 | Y8: 0.020035748 | Z8: 0.025647148 | AA8: 0 | AB8: 0.0015945597 | AC8: 0 | AD8: 0 | AE8: 0 | AF8: 0 | AG8: 0 | AH8: 0 | AI8: 0 | AJ8: 0 | AK8: 0 | AL8: 0 | AM8: 0 | AN8: 0 | AO8: 0 | AP8: 0 | AQ8: 0 | AR8: 0 | AS8: 0 | AT8: 0 | AU8: 0 | AV8: 0 | AW8: 0 | AX8: 0 | AY8: 0 | AZ8: 0 | BA8: 0 | BB8: 0 | BC8: 0 | BD8: 0 | BE8: 0 | BF8: 0 | BG8: 0 | BH8: 0 | BI8: 0 | BJ8: 0 | BK8: 0 | BL8: 0 | BM8: 0 | BN8: 0 | BO8: 0 | BP8: 0 | BQ8: 0 | BR8: 0 | BS8: 0 | BT8: 0 | BU8: 0 | BV8: 0 | BW8: 0 | BX8: 0 | BY8: 0 | BZ8: 0 | CA8: 0 | CB8: 0 | CC8: 0 | CD8: 0 | CE8: 0 | CF8: 0 | CG8: 0 | CH8: 0 | CI8: 0 | CJ8: 0 | CK8: 0 | CL8: 0 | CM8: 0 | CN8: 0 | CO8: 0 | CP8: 0 | CQ8: 0 | CR8: 0 | CS8: 0 | CT8: 0 | CU8: 0 | CV8: 0 | CW8: 0 | CX8: 0 | CY8: 0 | CZ8: 0 | DA8: 0 | DB8: 0 | DC8: 0 | DD8: 0 | DE8: 0 | DF8: 0 | DG8: 0 | DH8: 0 | DI8: 0 | DJ8: 0 | DK8: 0 | DL8: 0 | DM8: 0 | DN8: 0 | DO8: 0 | DP8: 0 | DQ8: 0 | DR8: 0 | DS8: 0 | DT8: 0 | DU8: 0 | DV8: 0 | DW8: 0 | DX8: 0 | DY8: 0 | DZ8: 0 | EA8: 0 | EB8: 0 | EC8: 0 | ED8: 0 | EE8: 0 | EF8: 0 | EG8: 0 | EH8: 0 | EI8: 0 | EJ8: 0 | EK8: 0 | EL8: 0 | EM8: 0 | EN8: 0 | EO8: 0 | EP8: 0 | EQ8: 0 | ER8: 0 | ES8: 0 | ET8: 0 | EU8: 0 | EV8: 0 | EW8: 0 | EX8: 0 | EY8: 0 | EZ8: 0 | FA8: 0 | FB8: 0 | FC8: 0 | FD8: 0 | FE8: 0 | FF8: 0 | FG8: 0 | FH8: 0 | FI8: 0 | FJ8: 0 | FK8: 3.480228e-05 | FL8: 0 | FM8: 0.00092124577 | FN8: 0 | FO8: 0 | FP8: 0.00028056868 | FQ8: 0.00041778672 | FR8: 0 | FS8: 0.0013289849 | FT8: 0.0021671738 | FU8: 0.00033501639 | FV8: 0 | FW8: 0 | FX8: 0 | FY8: 0 | FZ8: 0 | GA8: 0 | GB8: 0.0093992146 | GC8: 0.0099221474 | GD8: 0 | GE8: 0.00012674593 | GF8: 0 | GG8: 0.0010582011 | GH8: 0 | GI8: 0 | GJ8: 0.0011200777 | GK8: 0.0015706292 | GL8: 0.0051146136 | GM8: 0 | GN8: 0 | GO8: 0 | GP8: 0 | GQ8: 0 | GR8: 0 | GS8: 0.002408971 | GT8: 0.0024180754 | GU8: 0.00015882303 | GV8: 0 | GW8: 0.00015625173 | GX8: 0.016087779 | GY8: 0.0119447 | GZ8: 0.0059382392 | HA8: 0.0047903495 | HB8: 0.0013553874 | HC8: 0.00091719078 | HD8: 0.0033828383 | HE8: 0.0011299136 | HF8: 0.0013520411 | HG8: 0.0019875795 | HH8: 0.0018528334 | HI8: 0.0090370907 | HJ8: 0.0059914103
A9: 4 | B9: 0114 | C9: 果実 | D9: 0 | E9: 0 | F9: 0 | G9: 0 | H9: 0 | I9: 0 | J9: 0 | K9: 0 | L9: 0 | M9: 0 | N9: 0 | O9: 0 | P9: 0 | Q9: 0 | R9: 0 | S9: 0 | T9: 9.2379606e-05 | U9: 0.0015874591 | V9: 0 | W9: 0.0033505281 | X9: 0.039447171 | Y9: 0.0011830794 | Z9: 0.019461089 | AA9: 0.0016129032 | AB9: 0.011197092 | AC9: 0 | AD9: 0 | AE9: 0 | AF9: 0 | AG9: 0 | AH9: 0 | AI9: 0 | AJ9: 0 | AK9: 0 | AL9: 0 | AM9: 0 | AN9: 0 | AO9: 0 | AP9: 0 | AQ9: 0 | AR9: 0 | AS9: 0 | AT9: 0 | AU9: 0 | AV9: 0 | AW9: 0 | AX9: 0 | AY9: 0 | AZ9: 0 | BA9: 0 | BB9: 0 | BC9: 0 | BD9: 0 | BE9: 0 | BF9: 0 | BG9: 0 | BH9: 0 | BI9: 0 | BJ9: 0 | BK9: 0 | BL9: 0 | BM9: 0 | BN9: 0 | BO9: 0 | BP9: 0 | BQ9: 0 | BR9: 0 | BS9: 0 | BT9: 0 | BU9: 0 | BV9: 0 | BW9: 0 | BX9: 0 | BY9: 0 | BZ9: 0 | CA9: 0 | CB9: 0 | CC9: 0 | CD9: 0 | CE9: 0 | CF9: 0 | CG9: 0 | CH9: 0 | CI9: 0 | CJ9: 0 | CK9: 0 | CL9: 0 | CM9: 0 | CN9: 0 | CO9: 0 | CP9: 0 | CQ9: 0 | CR9: 0 | CS9: 0 | CT9: 0 | CU9: 0 | CV9: 0 | CW9: 0 | CX9: 0 | CY9: 0 | CZ9: 0 | DA9: 0 | DB9: 0 | DC9: 0 | DD9: 0 | DE9: 0 | DF9: 0 | DG9: 0 | DH9: 0 | DI9: 0 | DJ9: 0 | DK9: 0 | DL9: 0 | DM9: 0 | DN9: 0 | DO9: 0 | DP9: 0 | DQ9: 0 | DR9: 0 | DS9: 0 | DT9: 0 | DU9: 0 | DV9: 0 | DW9: 0 | DX9: 0 | DY9: 0 | DZ9: 0 | EA9: 0 | EB9: 0 | EC9: 0 | ED9: 0 | EE9: 0 | EF9: 0 | EG9: 0 | EH9: 0 | EI9: 0 | EJ9: 0 | EK9: 0 | EL9: 0 | EM9: 0 | EN9: 0 | EO9: 0 | EP9: 0 | EQ9: 0 | ER9: 0 | ES9: 0 | ET9: 0 | EU9: 0 | EV9: 0 | EW9: 0 | EX9: 0 | EY9: 0 | EZ9: 0 | FA9: 0 | FB9: 0 | FC9: 0 | FD9: 0 | FE9: 0 | FF9: 0 | FG9: 0 | FH9: 0 | FI9: 0 | FJ9: 0 | FK9: 8.7005699e-06 | FL9: 0 | FM9: 0.00045141043 | FN9: 0 | FO9: 0 | FP9: 0.00014512173 | FQ9: 0.00019240178 | FR9: 0 | FS9: 0.00081125153 | FT9: 0.0013299654 | FU9: 0.0008295644 | FV9: 0 | FW9: 0 | FX9: 0 | FY9: 0 | FZ9: 0 | GA9: 0 | GB9: 0.0053988568 | GC9: 0.0049402463 | GD9: 0 | GE9: 0 | GF9: 0 | GG9: 0.00057413036 | GH9: 0 | GI9: 0 | GJ9: 0.00057715235 | GK9: 0.0016267231 | GL9: 0.004368662 | GM9: 0 | GN9: 0 | GO9: 0 | GP9: 0 | GQ9: 0.00078293427 | GR9: 0 | GS9: 0.0022354214 | GT9: 0.0018069945 | GU9: 0.00086528586 | GV9: 0 | GW9: 0.0008512771 | GX9: 0.019294611 | GY9: 0.014498323 | GZ9: 0.0067740434 | HA9: 0.004967328 | HB9: 0.0061904964 | HC9: 0.00065513627 | HD9: 0.033415842 | HE9: 0.0053406072 | HF9: 0.0063390016 | HG9: 0.00090853023 | HH9: 0.0020598916 | HI9: 0.01034981 | HJ9: 0.00615609
A10: 5 | B10: 0115 | C10: その他の食用作物 | D10: 0 | E10: 0 | F10: 0 | G10: 0 | H10: 0.12936047 | I10: 0.00055559414 | J10: 0.0027644498 | K10: 0 | L10: 0 | M10: 0 | N10: 0 | O10: 0 | P10: 0 | Q10: 0 | R10: 0 | S10: 0 | T10: 0 | U10: 0 | V10: 0.0096813772 | W10: 0.0037926799 | X10: 4.7412465e-05 | Y10: 0.0063494766 | Z10: 0.00083575229 | AA10: 0.0044117647 | AB10: 0.0050064486 | AC10: 0.15521423 | AD10: 0 | AE10: 0 | AF10: 0 | AG10: 0 | AH10: 0 | AI10: 0 | AJ10: 0 | AK10: 0 | AL10: 0 | AM10: 0 | AN10: 0 | AO10: 0 | AP10: 0 | AQ10: 0 | AR10: 0 | AS10: 0 | AT10: 0 | AU10: 0 | AV10: 0 | AW10: 0 | AX10: 0 | AY10: 0 | AZ10: 0 | BA10: 0 | BB10: 0 | BC10: 0 | BD10: 0 | BE10: 0 | BF10: 0 | BG10: 0 | BH10: 0 | BI10: 0 | BJ10: 0 | BK10: 0 | BL10: 0 | BM10: 0 | BN10: 0 | BO10: 0 | BP10: 0 | BQ10: 0 | BR10: 0 | BS10: 0 | BT10: 0 | BU10: 0 | BV10: 0 | BW10: 0 | BX10: 0 | BY10: 0 | BZ10: 0 | CA10: 0 | CB10: 0 | CC10: 0 | CD10: 0 | CE10: 0 | CF10: 0 | CG10: 0 | CH10: 0 | CI10: 0 | CJ10: 0 | CK10: 0 | CL10: 0 | CM10: 0 | CN10: 0 | CO10: 0 | CP10: 0 | CQ10: 0 | CR10: 0 | CS10: 0 | CT10: 0 | CU10: 0 | CV10: 0 | CW10: 0 | CX10: 0 | CY10: 0 | CZ10: 0 | DA10: 0 | DB10: 0 | DC10: 0 | DD10: 0 | DE10: 0 | DF10: 0 | DG10: 0 | DH10: 0 | DI10: 0 | DJ10: 0 | DK10: 0 | DL10: 0 | DM10: 0 | DN10: 0 | DO10: 0 | DP10: 0 | DQ10: 0 | DR10: 0 | DS10: 0 | DT10: 0 | DU10: 0 | DV10: 0 | DW10: 0 | DX10: 0 | DY10: 0 | DZ10: 0 | EA10: 0 | EB10: 0 | EC10: 0 | ED10: 0 | EE10: 0 | EF10: 0 | EG10: 0 | EH10: 0 | EI10: 0 | EJ10: 0 | EK10: 0 | EL10: 0 | EM10: 0 | EN10: 0 | EO10: 0 | EP10: 0 | EQ10: 0 | ER10: 0 | ES10: 0 | ET10: 0 | EU10: 0 | EV10: 0 | EW10: 0 | EX10: 0 | EY10: 0 | EZ10: 0 | FA10: 0 | FB10: 0 | FC10: 0 | FD10: 0 | FE10: 0 | FF10: 0 | FG10: 0 | FH10: 0 | FI10: 0 | FJ10: 0 | FK10: 0 | FL10: 0 | FM10: 0 | FN10: 0 | FO10: 0 | FP10: 0 | FQ10: 0 | FR10: 0 | FS10: 0 | FT10: 0 | FU10: 0 | FV10: 0 | FW10: 0 | FX10: 0 | FY10: 0 | FZ10: 0 | GA10: 0 | GB10: 0 | GC10: 0.00019161158 | GD10: 0 | GE10: 0 | GF10: 0 | GG10: 0 | GH10: 0 | GI10: 0 | GJ10: 0.00019399797 | GK10: 0 | GL10: 2.1747861e-06 | GM10: 0 | GN10: 0 | GO10: 0 | GP10: 0 | GQ10: 0.00032732558 | GR10: 0.00020692367 | GS10: 7.2302915e-05 | GT10: 0.00022415833 | GU10: 5.1692402e-05 | GV10: 0 | GW10: 5.0855515e-05 | GX10: 0.0001308118 | GY10: 0.00011001874 | GZ10: 8.6261917e-05 | HA10: 0.00019573584 | HB10: 0.0024106348 | HC10: 0 | HD10: 8.2508251e-05 | HE10: 0.0019685213 | HF10: 0.0023356258 | HG10: 8.3902861e-05 | HH10: 0.00056131019 | HI10: -0.00027407049 | HJ10: 4.626364e-05
A11: 6 | B11: 0116 | C11: 非食用作物 | D11: 0 | E11: 0.0053561864 | F11: 0.022491582 | G11: 0.0065866367 | H11: 0.020348837 | I11: 0.056740051 | J11: 0.090940866 | K11: 0 | L11: 0 | M11: 0 | N11: 0 | O11: 0 | P11: 0 | Q11: 0 | R11: 0 | S11: 0 | T11: 0 | U11: 0 | V11: 0 | W11: 9.8255957e-05 | X11: 0 | Y11: 0 | Z11: 0 | AA11: 0 | AB11: 0 | AC11: 0.012530315 | AD11: 0 | AE11: 0.10134529 | AF11: 0 | AG11: 0 | AH11: 0.0039840637 | AI11: 0.0099585062 | AJ11: 0 | AK11: 0 | AL11: 0.00316403 | AM11: 0 | AN11: 5.988024e-05 | AO11: 0 | AP11: 0 | AQ11: 0 | AR11: 0 | AS11: 0 | AT11: 0 | AU11: 0 | AV11: 0 | AW11: 0 | AX11: 0 | AY11: 0 | AZ11: 0 | BA11: 0 | BB11: 0 | BC11: 0 | BD11: 0 | BE11: 0.0029537111 | BF11: 0 | BG11: 0 | BH11: 0 | BI11: 0 | BJ11: 0.0015816528 | BK11: 0 | BL11: 0 | BM11: 0 | BN11: 0.068965517 | BO11: 0.013059126 | BP11: 0 | BQ11: 0 | BR11: 0 | BS11: 0 | BT11: 0 | BU11: 0 | BV11: 0.00056270096 | BW11: 0 | BX11: 0 | BY11: 0 | BZ11: 0 | CA11: 0 | CB11: 0 | CC11: 0 | CD11: 0 | CE11: 0 | CF11: 0 | CG11: 0 | CH11: 0 | CI11: 0 | CJ11: 0 | CK11: 0 | CL11: 0 | CM11: 0 | CN11: 0 | CO11: 0 | CP11: 0 | CQ11: 0 | CR11: 0 | CS11: 0 | CT11: 0 | CU11: 0 | CV11: 0 | CW11: 0 | CX11: 0 | CY11: 0 | CZ11: 0 | DA11: 0 | DB11: 0 | DC11: 0 | DD11: 0 | DE11: 0 | DF11: 0 | DG11: 0 | DH11: 0 | DI11: 0 | DJ11: 0 | DK11: 0 | DL11: 0 | DM11: 0 | DN11: 0 | DO11: 0 | DP11: 0 | DQ11: 0 | DR11: 0 | DS11: 0 | DT11: 0 | DU11: 0 | DV11: 0 | DW11: 0.00023025558 | DX11: 0.00050229537 | DY11: 0 | DZ11: 0.00044534613 | EA11: 0.00077330057 | EB11: 0 | EC11: 0.0017209315 | ED11: 0.0019422792 | EE11: 0 | EF11: 0 | EG11: 0 | EH11: 0 | EI11: 0 | EJ11: 0 | EK11: 0.00026215423 | EL11: 0 | EM11: 0 | EN11: 0 | EO11: 0 | EP11: 6.6154849e-06 | EQ11: 0 | ER11: 0 | ES11: 0 | ET11: 0 | EU11: 0 | EV11: 0 | EW11: 0 | EX11: 0 | EY11: 0 | EZ11: 0 | FA11: 0 | FB11: 0 | FC11: 0 | FD11: 0 | FE11: 0 | FF11: 0 | FG11: 0 | FH11: 0 | FI11: 0 | FJ11: 0 | FK11: 0 | FL11: 0 | FM11: 0 | FN11: 0.0010168085 | FO11: 0 | FP11: 0 | FQ11: 6.5966324e-05 | FR11: 0 | FS11: 9.783938e-05 | FT11: 4.3056433e-05 | FU11: 0.00098111943 | FV11: 9.1009556e-05 | FW11: 0 | FX11: 0 | FY11: 0 | FZ11: 0 | GA11: 1.8357011e-06 | GB11: 0.00013009294 | GC11: 0.0004040505 | GD11: 0.00015851001 | GE11: 0.00093791985 | GF11: 0.0026786801 | GG11: 0.00336598 | GH11: 0 | GI11: 0 | GJ11: 0.00061427085 | GK11: 0.0020544391 | GL11: 0.0009361246 | GM11: 0 | GN11: 0 | GO11: 0 | GP11: 0 | GQ11: 0 | GR11: 0.00016553893 | GS11: 0.00046839225 | GT11: 0.00084489959 | GU11: 4.4200749e-05 | GV11: 0 | GW11: 4.3485151e-05 | GX11: 0.0025273876 | GY11: 0.0018814354 | GZ11: 0.0009913736 | HA11: 0.0011030128 | HB11: 0.0026459031 | HC11: 0.00013102725 | HD11: 0.000330033 | HE11: 0.0027100271 | HF11: 0.002614877 | HG11: 0.0011145305 | HH11: 0.001432632 | HI11: 0.00065667139 | HJ11: 0.00096824149
A12: 7 | B12: 0121 | C12: 畜産 | D12: 0.0036417116 | E12: 0.014997322 | F12: 0.0036363636 | G12: 0.0012124655 | H12: 0.018895349 | I12: 0.0088895062 | J12: 0.10107718 | K12: 0.034311442 | L12: 0.00037965072 | M12: 0 | N12: 0 | O12: 0 | P12: 0 | Q12: 0 | R12: 0 | S12: 0 | T12: 0.30100047 | U12: 0 | V12: 0 | W12: 0.0034193073 | X12: 0 | Y12: 0.011669078 | Z12: 0.014118244 | AA12: 0 | AB12: 0 | AC12: 0.015763945 | AD12: 0 | AE12: 0.0053811659 | AF12: 0 | AG12: 0 | AH12: 0 | AI12: 0.00082987552 | AJ12: 0 | AK12: 0 | AL12: 0.00033305579 | AM12: 0 | AN12: 0 | AO12: 0 | AP12: 0 | AQ12: 0 | AR12: 0 | AS12: 0 | AT12: 0 | AU12: 0 | AV12: 0.00066577896 | AW12: 0 | AX12: 0 | AY12: 0 | AZ12: 0 | BA12: 0 | BB12: 0 | BC12: 0 | BD12: 0 | BE12: 2.1097937e-05 | BF12: 0 | BG12: 0 | BH12: 0 | BI12: 0 | BJ12: 0 | BK12: 0 | BL12: 0 | BM12: 0 | BN12: 0 | BO12: 0 | BP12: 0 | BQ12: 0.022151899 | BR12: 0 | BS12: 0 | BT12: 0 | BU12: 0 | BV12: 0 | BW12: 0 | BX12: 0 | BY12: 0 | BZ12: 0 | CA12: 0 | CB12: 0 | CC12: 0 | CD12: 0 | CE12: 0 | CF12: 0 | CG12: 0 | CH12: 0 | CI12: 0 | CJ12: 0 | CK12: 0 | CL12: 0 | CM12: 0 | CN12: 0 | CO12: 0 | CP12: 0 | CQ12: 0 | CR12: 0 | CS12: 0 | CT12: 0 | CU12: 0 | CV12: 0 | CW12: 0 | CX12: 0 | CY12: 0 | CZ12: 0 | DA12: 0 | DB12: 0 | DC12: 0 | DD12: 0 | DE12: 0 | DF12: 0 | DG12: 0 | DH12: 0 | DI12: 0 | DJ12: 0 | DK12: 0 | DL12: 0 | DM12: 0 | DN12: 0 | DO12: 0 | DP12: 0 | DQ12: 0 | DR12: 0 | DS12: 0 | DT12: 0 | DU12: 0 | DV12: 0 | DW12: 0 | DX12: 0.00011681288 | DY12: 0 | DZ12: 0 | EA12: 0 | EB12: 0 | EC12: 0 | ED12: 0 | EE12: 0 | EF12: 0 | EG12: 0 | EH12: 0 | EI12: 0 | EJ12: 0 | EK12: 0 | EL12: 0 | EM12: 0 | EN12: 0 | EO12: 0 | EP12: 0 | EQ12: 0 | ER12: 0 | ES12: 0 | ET12: 0 | EU12: 0 | EV12: 0 | EW12: 0 | EX12: 0 | EY12: 0 | EZ12: 0 | FA12: 0 | FB12: 0 | FC12: 0 | FD12: 0 | FE12: 0 | FF12: 0 | FG12: 0 | FH12: 0 | FI12: 0 | FJ12: 0 | FK12: 8.7005699e-06 | FL12: 0 | FM12: 0.00019653243 | FN12: 0 | FO12: 0.0010427126 | FP12: 0.0010352017 | FQ12: 8.9329397e-05 | FR12: 0 | FS12: 0.00040766408 | FT12: 0.00070325507 | FU12: 0 | FV12: 0 | FW12: 0 | FX12: 0 | FY12: 0 | FZ12: 0 | GA12: 0 | GB12: 0.0019595248 | GC12: 0.0039821885 | GD12: 0 | GE12: 0 | GF12: 0 | GG12: 0.00020263425 | GH12: 0 | GI12: 0 | GJ12: 0.0028649162 | GK12: 0 | GL12: 0.00054949596 | GM12: 0 | GN12: 0 | GO12: 0 | GP12: 0 | GQ12: 0.00059101865 | GR12: -0.0028141619 | GS12: 0.00040217089 | GT12: 0.0029347137 | GU12: 1.7979966e-05 | GV12: 0 | GW12: 1.7688875e-05 | GX12: 0.0019715022 | GY12: 0.0014634026 | GZ12: 0.00079494329 | HA12: 0.0025683349 | HB12: 0.00052675874 | HC12: 0.00013102725 | HD12: 0.0047854785 | HE12: 0.00058261169 | HF12: 0.00056936211 | HG12: 0.0045094657 | HH12: 0.0036740901 | HI12: -0.0013889398 | HJ12: 0.0021162253
A13: 8 | B13: 0131 | C13: 農業サービス | D13: 0.1061699 | E13: 0.051419389 | F13: 0.032502806 | G13: 0.044063835 | H13: 0.11627907 | I13: 0.0090284048 | J13: 0.034889263 | K13: 0 | L13: 0 | M13: 0 | N13: 0 | O13: 0 | P13: 0 | Q13: 0 | R13: 0 | S13: 0 | T13: 0 | U13: 0 | V13: 0 | W13: 0 | X13: 0 | Y13: 0 | Z13: 0 | AA13: 0 | AB13: 0 | AC13: 0 | AD13: 0 | AE13: 0 | AF13: 0 | AG13: 0 | AH13: 0 | AI13: 0 | AJ13: 0 | AK13: 0 | AL13: 0 | AM13: 0 | AN13: 0 | AO13: 0 | AP13: 0 | AQ13: 0 | AR13: 0 | AS13: 0 | AT13: 0 | AU13: 0 | AV13: 0 | AW13: 0 | AX13: 0 | AY13: 0 | AZ13: 0 | BA13: 0 | BB13: 0 | BC13: 0 | BD13: 0 | BE13: 0 | BF13: 0 | BG13: 0 | BH13: 0 | BI13: 0 | BJ13: 0 | BK13: 0 | BL13: 0 | BM13: 0 | BN13: 0 | BO13: 0 | BP13: 0 | BQ13: 0 | BR13: 0 | BS13: 0 | BT13: 0 | BU13: 0 | BV13: 0 | BW13: 0 | BX13: 0 | BY13: 0 | BZ13: 0 | CA13: 0 | CB13: 0 | CC13: 0 | CD13: 0 | CE13: 0 | CF13: 0 | CG13: 0 | CH13: 0 | CI13: 0 | CJ13: 0 | CK13: 0 | CL13: 0 | CM13: 0 | CN13: 0 | CO13: 0 | CP13: 0 | CQ13: 0 | CR13: 0 | CS13: 0 | CT13: 0 | CU13: 0 | CV13: 0 | CW13: 0 | CX13: 0 | CY13: 0 | CZ13: 0 | DA13: 0 | DB13: 0 | DC13: 0 | DD13: 0 | DE13: 0 | DF13: 0 | DG13: 0 | DH13: 0 | DI13: 0 | DJ13: 0 | DK13: 0 | DL13: 0 | DM13: 0 | DN13: 0 | DO13: 0 | DP13: 0 | DQ13: 0 | DR13: 0 | DS13: 0 | DT13: 0 | DU13: 0 | DV13: 0 | DW13: 0 | DX13: 0 | DY13: 0 | DZ13: 0 | EA13: 0 | EB13: 0 | EC13: 0 | ED13: 0 | EE13: 0 | EF13: 0 | EG13: 0 | EH13: 0 | EI13: 0 | EJ13: 0 | EK13: 0 | EL13: 0 | EM13: 0 | EN13: 0 | EO13: 0 | EP13: 0 | EQ13: 0 | ER13: 0 | ES13: 0 | ET13: 0 | EU13: 0 | EV13: 0 | EW13: 0 | EX13: 0 | EY13: 0 | EZ13: 0 | FA13: 0 | FB13: 0 | FC13: 0 | FD13: 0 | FE13: 0 | FF13: 0 | FG13: 0 | FH13: 0 | FI13: 0 | FJ13: 0 | FK13: 0 | FL13: 0 | FM13: 0 | FN13: 0 | FO13: 0 | FP13: 0 | FQ13: 0 | FR13: 0 | FS13: 0 | FT13: 0 | FU13: 0 | FV13: 0 | FW13: 0 | FX13: 0 | FY13: 0 | FZ13: 0 | GA13: 0 | GB13: 0 | GC13: 0 | GD13: 0 | GE13: 0 | GF13: 0 | GG13: 0 | GH13: 0 | GI13: 0 | GJ13: 0.00086623286 | GK13: 0 | GL13: 0 | GM13: 0 | GN13: 0 | GO13: 0 | GP13: 0 | GQ13: 0 | GR13: 0 | GS13: 0 | GT13: 0.00081871495 | GU13: 0 | GV13: 0 | GW13: 0 | GX13: 0 | GY13: 0 | GZ13: 0 | HA13: 0.0006148425 | HB13: 0 | HC13: 0 | HD13: 0 | HE13: 0 | HF13: 0 | HG13: 0 | HH13: 0 | HI13: 0 | HJ13: 0.00086623286
A14: 9 | B14: 0151 | C14: 育林 | D14: 0 | E14: 0 | F14: 0 | G14: 0 | H14: 0 | I14: 0 | J14: 0 | K14: 0 | L14: 0.03397874 | M14: 0.37115529 | N14: 0 | O14: 0 | P14: 0 | Q14: 0 | R14: 0 | S14: 0 | T14: 0 | U14: 0 | V14: 0 | W14: 0 | X14: 0 | Y14: 0 | Z14: 0 | AA14: 0 | AB14: 0 | AC14: 0 | AD14: 0 | AE14: 0 | AF14: 0 | AG14: 0 | AH14: 0 | AI14: 0 | AJ14: 0 | AK14: 0 | AL14: 0 | AM14: 0 | AN14: 0 | AO14: 0 | AP14: 0 | AQ14: 0 | AR14: 0 | AS14: 0 | AT14: 0 | AU14: 0 | AV14: 0 | AW14: 0 | AX14: 0 | AY14: 0 | AZ14: 0 | BA14: 0 | BB14: 0 | BC14: 0 | BD14: 0 | BE14: 0 | BF14: 0 | BG14: 0 | BH14: 0 | BI14: 0 | BJ14: 0 | BK14: 0 | BL14: 0 | BM14: 0 | BN14: 0 | BO14: 0 | BP14: 0 | BQ14: 0 | BR14: 0 | BS14: 0 | BT14: 0 | BU14: 0 | BV14: 0 | BW14: 0 | BX14: 0 | BY14: 0 | BZ14: 0 | CA14: 0 | CB14: 0 | CC14: 0 | CD14: 0 | CE14: 0 | CF14: 0 | CG14: 0 | CH14: 0 | CI14: 0 | CJ14: 0 | CK14: 0 | CL14: 0 | CM14: 0 | CN14: 0 | CO14: 0 | CP14: 0 | CQ14: 0 | CR14: 0 | CS14: 0 | CT14: 0 | CU14: 0 | CV14: 0 | CW14: 0 | CX14: 0 | CY14: 0 | CZ14: 0 | DA14: 0 | DB14: 0 | DC14: 0 | DD14: 0 | DE14: 0 | DF14: 0 | DG14: 0 | DH14: 0 | DI14: 0 | DJ14: 0 | DK14: 0 | DL14: 0 | DM14: 0 | DN14: 0 | DO14: 0 | DP14: 0 | DQ14: 0 | DR14: 0 | DS14: 0 | DT14: 0 | DU14: 0 | DV14: 0 | DW14: 0 | DX14: 0 | DY14: 0 | DZ14: 0 | EA14: 0 | EB14: 0 | EC14: 0 | ED14: 0 | EE14: 0 | EF14: 0 | EG14: 0 | EH14: 0 | EI14: 0 | EJ14: 0 | EK14: 0 | EL14: 0 | EM14: 0 | EN14: 0 | EO14: 0 | EP14: 0 | EQ14: 0 | ER14: 0 | ES14: 0 | ET14: 0 | EU14: 0 | EV14: 0 | EW14: 0 | EX14: 0 | EY14: 0 | EZ14: 0 | FA14: 0 | FB14: 0 | FC14: 0 | FD14: 0 | FE14: 0 | FF14: 0 | FG14: 0 | FH14: 0 | FI14: 0 | FJ14: 0 | FK14: 0 | FL14: 0 | FM14: 0 | FN14: 0 | FO14: 0 | FP14: 0 | FQ14: 0 | FR14: 0 | FS14: 0 | FT14: 0 | FU14: 0 | FV14: 0 | FW14: 0 | FX14: 0 | FY14: 0 | FZ14: 0 | GA14: 0 | GB14: 0 | GC14: 0 | GD14: 0 | GE14: 0 | GF14: 0 | GG14: 0 | GH14: 0 | GI14: 0 | GJ14: 0.00014511182 | GK14: 0 | GL14: 0 | GM14: 0 | GN14: 0 | GO14: 0 | GP14: 0 | GQ14: 0 | GR14: -0.064767107 | GS14: 0.00035250487 | GT14: 0.00033607861 | GU14: 0 | GV14: 0 | GW14: 0 | GX14: 0 | GY14: 0 | GZ14: 0.00022203931 | HA14: 0.00025238994 | HB14: 0 | HC14: 0 | HD14: 0 | HE14: 0 | HF14: 0 | HG14: 4.1742717e-06 | HH14: 3.2892481e-06 | HI14: 0.00038796505 | HJ14: 0.00035423961
A15: 10 | B15: 0152 | C15: 素材 | D15: 0 | E15: 0 | F15: 0 | G15: 0.00020753913 | H15: 0 | I15: 0 | J15: 0 | K15: 0 | L15: 0 | M15: 0 | N15: 0.20134046 | O15: 0 | P15: 0 | Q15: 0 | R15: 0 | S15: 0 | T15: 0 | U15: 0 | V15: 0 | W15: 0 | X15: 0 | Y15: 0 | Z15: 0 | AA15: 0 | AB15: 0 | AC15: 0.0012126112 | AD15: 0 | AE15: 0 | AF15: 0 | AG15: 0 | AH15: 0 | AI15: 0 | AJ15: 0 | AK15: 0 | AL15: 0 | AM15: 0.30789581 | AN15: 0.00083832335 | AO15: 0 | AP15: 0 | AQ15: 0 | AR15: 0 | AS15: 0 | AT15: 0 | AU15: 0 | AV15: 0 | AW15: 0 | AX15: 0 | AY15: 0 | AZ15: 0 | BA15: 0 | BB15: 0 | BC15: 0 | BD15: 0 | BE15: 0 | BF15: 0 | BG15: 0 | BH15: 0 | BI15: 0 | BJ15: 0 | BK15: 0 | BL15: 0 | BM15: 0 | BN15: 0 | BO15: 0 | BP15: 0 | BQ15: 0 | BR15: 0 | BS15: 0 | BT15: 0 | BU15: 0 | BV15: 0 | BW15: 0 | BX15: 0 | BY15: 0 | BZ15: 0 | CA15: 0 | CB15: 0 | CC15: 0 | CD15: 0 | CE15: 0 | CF15: 0 | CG15: 0 | CH15: 0 | CI15: 0 | CJ15: 0 | CK15: 0 | CL15: 0 | CM15: 0 | CN15: 0 | CO15: 0 | CP15: 0 | CQ15: 0 | CR15: 0 | CS15: 0 | CT15: 0 | CU15: 0 | CV15: 0 | CW15: 0 | CX15: 0 | CY15: 0 | CZ15: 0 | DA15: 0 | DB15: 0 | DC15: 0 | DD15: 0 | DE15: 0 | DF15: 0 | DG15: 0 | DH15: 0 | DI15: 0 | DJ15: 0 | DK15: 0 | DL15: 0 | DM15: 0 | DN15: 0 | DO15: 0 | DP15: 0 | DQ15: 0 | DR15: 0 | DS15: 0 | DT15: 0 | DU15: 0 | DV15: 0 | DW15: 0.00023025558 | DX15: 7.0087726e-05 | DY15: 0 | DZ15: 1.4137972e-05 | EA15: 0 | EB15: 0 | EC15: 5.20443e-05 | ED15: 2.5828181e-05 | EE15: 0 | EF15: 0 | EG15: 0 | EH15: 0 | EI15: 0 | EJ15: 0 | EK15: 0 | EL15: 0 | EM15: 0 | EN15: 0 | EO15: 0 | EP15: 0 | EQ15: 0 | ER15: 0 | ES15: 0 | ET15: 0 | EU15: 0 | EV15: 0 | EW15: 0 | EX15: 0 | EY15: 0 | EZ15: 0 | FA15: 0 | FB15: 0 | FC15: 0 | FD15: 0 | FE15: 0 | FF15: 0 | FG15: 0 | FH15: 0 | FI15: 0 | FJ15: 0 | FK15: 0 | FL15: 0 | FM15: 0 | FN15: 0 | FO15: 0 | FP15: 0 | FQ15: 0 | FR15: 0 | FS15: 0 | FT15: 0 | FU15: 0 | FV15: 0 | FW15: 0 | FX15: 0 | FY15: 0 | FZ15: 0 | GA15: 0 | GB15: 0 | GC15: 0 | GD15: 0 | GE15: 0 | GF15: 0 | GG15: 0 | GH15: 0 | GI15: 0 | GJ15: 0.00095553244 | GK15: 0 | GL15: 0 | GM15: 0 | GN15: 0 | GO15: 0 | GP15: 0 | GQ15: 0 | GR15: 0.0071181741 | GS15: -3.8741749e-05 | GT15: 0.00088125303 | GU15: 0.00021575959 | GV15: 0 | GW15: 0.0002122665 | GX15: 0.00018106425 | GY15: 0.00018917856 | GZ15: 4.5613826e-05 | HA15: 0.00070891598 | HB15: 0.0022705118 | HC15: 0 | HD15: 0 | HE15: 0.0023127919 | HF15: 0.0022394393 | HG15: 0.0013846059 | HH15: 0.0015658466 | HI15: -0.0011075092 | HJ15: 0.00035854321
A16: 11 | B16: 0153 | C16: 特用林産物 | D16: 0 | E16: 0 | F16: 0.0022558923 | G16: 7.6461785e-05 | H16: 0 | I16: 0.0002083478 | J16: 0 | K16: 0 | L16: 0 | M16: 0 | N16: 5.4342904e-05 | O16: 0 | P16: 0 | Q16: 0 | R16: 0 | S16: 0 | T16: 0.00013856941 | U16: 0.00049608096 | V16: 0 | W16: 0.00014738394 | X16: 0.00090083683 | Y16: 0 | Z16: 0.0025371052 | AA16: 0 | AB16: 0 | AC16: 0 | AD16: 0 | AE16: 0 | AF16: 0 | AG16: 0 | AH16: 0 | AI16: 0 | AJ16: 0 | AK16: 0 | AL16: 0 | AM16: 0 | AN16: 0.0019161677 | AO16: 0 | AP16: 0 | AQ16: 0 | AR16: 0 | AS16: 0 | AT16: 0 | AU16: 0 | AV16: 0 | AW16: 0 | AX16: 0.00048348106 | AY16: 0 | AZ16: 0 | BA16: 0 | BB16: 0 | BC16: 0 | BD16: 0 | BE16: 0 | BF16: 0 | BG16: 0 | BH16: 0 | BI16: 0 | BJ16: 0.00039541321 | BK16: 0 | BL16: 0 | BM16: 0 | BN16: 0 | BO16: 0 | BP16: 0 | BQ16: 0.001150748 | BR16: 0 | BS16: 0 | BT16: 0 | BU16: 0 | BV16: 0 | BW16: 0 | BX16: 0 | BY16: 0 | BZ16: 0 | CA16: 0 | CB16: 0 | CC16: 0 | CD16: 0 | CE16: 0 | CF16: 0 | CG16: 0 | CH16: 0 | CI16: 0 | CJ16: 0 | CK16: 0 | CL16: 0 | CM16: 0 | CN16: 0 | CO16: 0 | CP16: 0 | CQ16: 0 | CR16: 0 | CS16: 0 | CT16: 0 | CU16: 0 | CV16: 0 | CW16: 0 | CX16: 0 | CY16: 0 | CZ16: 0 | DA16: 0 | DB16: 0 | DC16: 0 | DD16: 0 | DE16: 0 | DF16: 0 | DG16: 0 | DH16: 0 | DI16: 0 | DJ16: 0 | DK16: 0 | DL16: 0 | DM16: 0 | DN16: 0 | DO16: 0 | DP16: 0 | DQ16: 0 | DR16: 0 | DS16: 0 | DT16: 0 | DU16: 0 | DV16: 0 | DW16: 0.00069076675 | DX16: 0.00012849417 | DY16: 0 | DZ16: 0 | EA16: 4.8943074e-06 | EB16: 4.1854263e-05 | EC16: 1.387848e-05 | ED16: 5.1656361e-06 | EE16: 0 | EF16: 0 | EG16: 0 | EH16: 0 | EI16: 0 | EJ16: 0 | EK16: 0 | EL16: 0 | EM16: 0 | EN16: 0 | EO16: 0 | EP16: 0 | EQ16: 0 | ER16: 0 | ES16: 0 | ET16: 0 | EU16: 0 | EV16: 0 | EW16: 0 | EX16: 0 | EY16: 0 | EZ16: 0 | FA16: 0 | FB16: 0 | FC16: 0 | FD16: 0 | FE16: 0 | FF16: 0 | FG16: 0 | FH16: 0 | FI16: 0 | FJ16: 0 | FK16: 8.7005699e-06 | FL16: 0 | FM16: 6.7558023e-05 | FN16: 0 | FO16: 0 | FP16: 7.2560866e-05 | FQ16: 6.8714921e-06 | FR16: 0 | FS16: 9.376274e-05 | FT16: 0.00017222573 | FU16: 0 | FV16: 0 | FW16: 0 | FX16: 0 | FY16: 0 | FZ16: 0 | GA16: 0 | GB16: 0.0015855076 | GC16: 0.0022160296 | GD16: 0 | GE16: 0 | GF16: 0 | GG16: 0.00016886187 | GH16: 0 | GI16: 0 | GJ16: 0.00010429492 | GK16: 0.00032253993 | GL16: 0.00053668888 | GM16: 0 | GN16: 0 | GO16: 0 | GP16: 0 | GQ16: 0 | GR16: 0.00014484657 | GS16: 0.00025452428 | GT16: 0.00024220794 | GU16: 0.00022175291 | GV16: 0 | GW16: 0.00021816279 | GX16: 0.013353165 | GY16: 0.0099373372 | GZ16: 0.0038382297 | HA16: 0.0026564423 | HB16: 0.00034857762 | HC16: 0.00013102725 | HD16: 0.0011551155 | HE16: 0.00030013329 | HF16: 0.00035061536 | HG16: 0 | HH16: 7.4337007e-05 | HI16: 0.006693208 | HJ16: 0.0037121864
A17: 12 | B17: 0171 | C17: 海面漁業 | D17: 0 | E17: 0 | F17: 0 | G17: 0 | H17: 0 | I17: 0 | J17: 0 | K17: 0 | L17: 0 | M17: 0 | N17: 0 | O17: 0 | P17: 0.00076394194 | Q17: 0 | R17: 0 | S17: 0 | T17: 8.3141646e-05 | U17: 0.23727552 | V17: 0 | W17: 0.00013755834 | X17: 0 | Y17: 0 | Z17: 0.0023281671 | AA17: 0 | AB17: 0 | AC17: 0.0016168149 | AD17: 0 | AE17: 0 | AF17: 0 | AG17: 0 | AH17: 0 | AI17: 0 | AJ17: 0 | AK17: 0 | AL17: 0 | AM17: 0 | AN17: 0 | AO17: 0 | AP17: 0 | AQ17: 0 | AR17: 0 | AS17: 0 | AT17: 0 | AU17: 0 | AV17: 0 | AW17: 0 | AX17: 0 | AY17: 0 | AZ17: 0 | BA17: 0 | BB17: 0 | BC17: 0 | BD17: 0 | BE17: 0.00016878349 | BF17: 0 | BG17: 0 | BH17: 0 | BI17: 0 | BJ17: 0 | BK17: 0 | BL17: 0 | BM17: 0 | BN17: 0 | BO17: 0 | BP17: 0 | BQ17: 0 | BR17: 0 | BS17: 0 | BT17: 0 | BU17: 0 | BV17: 0 | BW17: 0 | BX17: 0 | BY17: 0 | BZ17: 0 | CA17: 0 | CB17: 0 | CC17: 0 | CD17: 0 | CE17: 0 | CF17: 0 | CG17: 0 | CH17: 0 | CI17: 0 | CJ17: 0 | CK17: 0 | CL17: 0 | CM17: 0 | CN17: 0 | CO17: 0 | CP17: 0 | CQ17: 0 | CR17: 0 | CS17: 0 | CT17: 0 | CU17: 0 | CV17: 0 | CW17: 0 | CX17: 0 | CY17: 0 | CZ17: 0 | DA17: 0 | DB17: 0 | DC17: 0 | DD17: 0 | DE17: 0 | DF17: 0 | DG17: 0 | DH17: 0 | DI17: 0 | DJ17: 0 | DK17: 0 | DL17: 0 | DM17: 0 | DN17: 0 | DO17: 0 | DP17: 0 | DQ17: 0 | DR17: 0 | DS17: 0 | DT17: 0 | DU17: 0 | DV17: 0 | DW17: 0 | DX17: 0.0076395622 | DY17: 0 | DZ17: 0 | EA17: 0 | EB17: 0 | EC17: 0 | ED17: 0 | EE17: 0 | EF17: 0 | EG17: 0 | EH17: 0 | EI17: 0 | EJ17: 0 | EK17: 0 | EL17: 0 | EM17: 0 | EN17: 0 | EO17: 0 | EP17: 0 | EQ17: 0 | ER17: 0 | ES17: 0 | ET17: 0 | EU17: 0 | EV17: 0 | EW17: 0 | EX17: 0 | EY17: 0 | EZ17: 0 | FA17: 0 | FB17: 0 | FC17: 0 | FD17: 0 | FE17: 0 | FF17: 0 | FG17: 0 | FH17: 0 | FI17: 0 | FJ17: 0 | FK17: 8.7005699e-06 | FL17: 0 | FM17: 6.4487204e-05 | FN17: 0 | FO17: 0 | FP17: 8.707304e-05 | FQ17: 0.00011406677 | FR17: 0 | FS17: 0.00049735018 | FT17: 0.00091375318 | FU17: 0 | FV17: 0 | FW17: 0 | FX17: 0 | FY17: 0 | FZ17: 0 | GA17: 0 | GB17: 0.0038865264 | GC17: 0.0026825621 | GD17: 0 | GE17: 0 | GF17: 0 | GG17: 0.00039401103 | GH17: 0 | GI17: 0 | GJ17: 0.00049672893 | GK17: 0.0013532654 | GL17: 0.00096536339 | GM17: 0 | GN17: 0 | GO17: 0 | GP17: 0 | GQ17: 0 | GR17: 2.0692367e-05 | GS17: 0.00047154565 | GT17: 0.00073558507 | GU17: 0 | GV17: 0 | GW17: 0 | GX17: 0 | GY17: 0 | GZ17: 0.00029702191 | HA17: 0.00055241322 | HB17: 0.00082776373 | HC17: 0.00026205451 | HD17: 0.0037953795 | HE17: 0.00070619599 | HF17: 0.00084163201 | HG17: 0.0021891968 | HH17: 0.0019034879 | HI17: -0.00092151055 | HJ17: 0
... A194: 189 | B194: 7000 | C194: 内生部門計 | D194: 0.47827812 | E194: 0.70433851 | F194: 0.51232323 | G194: 0.44646037 | H194: 0.80668605 | I194: 0.51281339 | J194: 0.69886562 | K194: 0.3993945 | L194: 0.15470767 | M194: 0.55832708 | N194: 0.62691785 | O194: 0 | P194: 0.47669977 | Q194: 0 | R194: 0.59970888 | S194: 0.48453608 | T194: 0.72047779 | U194: 0.69748983 | V194: 0.8385223 | W194: 0.6231098 | X194: 0.6032762 | Y194: 0.64632735 | Z194: 0.67029572 | AA194: 0.34407021 | AB194: 0.69883925 | AC194: 0.71422797 | AD194: 0 | AE194: 0.60896861 | AF194: 0.47692308 | AG194: 0 | AH194: 0.43027888 | AI194: 0.56763485 | AJ194: 0.58014019 | AK194: 0.70927969 | AL194: 0.56319734 | AM194: 0.61304436 | AN194: 0.51287425 | AO194: 0.61007297 | AP194: 0 | AQ194: 0.76658027 | AR194: 0.81938005 | AS194: 0.55090383 | AT194: 0.49823806 | AU194: 0.4002084 | AV194: 0.62250333 | AW194: 0.57423581 | AX194: 0.48815471 | AY194: 0 | AZ194: 0.68 | BA194: 0 | BB194: 0.14285714 | BC194: 0.70995146 | BD194: 0.375 | BE194: 0.59605891 | BF194: 0.62117997 | BG194: 0.59606936 | BH194: 0.68577431 | BI194: 0.55628313 | BJ194: 0.63635165 | BK194: 0.55932203 | BL194: 0.53102507 | BM194: 0.5856 | BN194: 0.44827586 | BO194: 0.42611825 | BP194: 0 | BQ194: 0.60097814 | BR194: 0.52810078 | BS194: 0.53539869 | BT194: 0.51709453 | BU194: 0.48530829 | BV194: 0.55980707 | BW194: 0 | BX194: 0 | BY194: 0 | BZ194: 0 | CA194: 0 | CB194: 0.60867559 | CC194: 0.59188262 | CD194: 0.85729251 | CE194: 0 | CF194: 0.75287465 | CG194: 0.81130815 | CH194: 0.53732176 | CI194: 0.51277796 | CJ194: 0.74307237 | CK194: 0.46021648 | CL194: 0.57021086 | CM194: 0.51380144 | CN194: 0.62427479 | CO194: 0.54218529 | CP194: 0.49962504 | CQ194: 0.5027272 | CR194: 0.65591444 | CS194: 0.51812816 | CT194: 0.50705755 | CU194: 0.48368873 | CV194: 0.50366415 | CW194: 0.45495548 | CX194: 0.53748058 | CY194: 0.67130522 | CZ194: 0.70706202 | DA194: 0.4404531 | DB194: 0.61849977 | DC194: 0.62173734 | DD194: 0 | DE194: 0.64773517 | DF194: 0.66998241 | DG194: 0.62377218 | DH194: 0.65362394 | DI194: 0.69209078 | DJ194: 0.59559308 | DK194: 0.5723227 | DL194: 0.6408636 | DM194: 0.68805675 | DN194: 0.69825723 | DO194: 0 | DP194: 0.77249357 | DQ194: 0 | DR194: 0.73576046 | DS194: 0.59482009 | DT194: 0.78389109 | DU194: 0.5452254 | DV194: 0.67205543 | DW194: 0.69007598 | DX194: 0.60190171 | DY194: 0.83250883 | DZ194: 0.54206047 | EA194: 0.5292753 | EB194: 0.53196171 | EC194: 0.51619272 | ED194: 0.48468647 | EE194: 0.44740407 | EF194: 0.77972937 | EG194: 0.35820896 | EH194: 0.56457288 | EI194: 0.36454221 | EJ194: 0.27247988 | EK194: 0.35657345 | EL194: 0.36421075 | EM194: 0.39731684 | EN194: 0.27280417 | EO194: 0.35833783 | EP194: 0.10947084 | EQ194: 0.34718884 | ER194: 0.37136205 | ES194: 0.26754895 | ET194: 0.21794486 | EU194: 1 | EV194: 1 | EW194: 0 | EX194: 0.4375 | EY194: 0 | EZ194: 0.76080247 | FA194: 0.30441767 | FB194: 0.39233851 | FC194: 0.44845085 | FD194: 0.37591638 | FE194: 0.21904531 | FF194: 0.54755433 | FG194: 0.5288526 | FH194: 0.36979332 | FI194: 0.59174525 | FJ194: 0.50372123 | FK194: 0.36783399 | FL194: 0.25462767 | FM194: 0.18743052 | FN194: 0.44206267 | FO194: 0.39109446 | FP194: 0.47029116 | FQ194: 0.479916 | FR194: 0.44173287 | FS194: 0.29844272 | FT194: 0.2370735 | FU194: 0.39430632 | FV194: 0.50311383 | FW194: 0.24355855 | FX194: 0.83586753 | FY194: 0.58900239 | FZ194: 0.7177435 | GA194: 0.27829596 | GB194: 0.60761532 | GC194: 0.58501098 | GD194: 0.35503599 | GE194: 0.33689067 | GF194: 0.31182272 | GG194: 0.30932118 | GH194: 1 | GI194: 0.35372272 | GJ194: 0.4609623 | GK194: 1 | GL194: 1 | GM194: 1 | GN194: 1 | GO194: 1 | GP194: 1 | GQ194: 1 | GR194: 1 | GS194: 1 | GT194: 1 | GU194: 1 | GV194: 1 | GW194: 1 | GX194: 1 | GY194: 1 | GZ194: 1 | HA194: 1 | HB194: 1 | HC194: 1 | HD194: 1 | HE194: 1 | HF194: 1 | HG194: 1 | HH194: 1 | HI194: 1 | HJ194: 1
A195: 190 | B195: 7111 | C195: 家計外消費支出（行） | D195: 0.0008870836 | E195: 0.0010712373 | F195: 0.0029854097 | G195: 0.0030366252 | H195: 0 | I195: 0.003889159 | J195: 0.0014616631 | K195: 0.0013196709 | L195: 0.016324981 | M195: 0.013128282 | N195: 0.0042206322 | O195: 0 | P195: 0.0099312452 | Q195: 0 | R195: 0.010189229 | S195: 0.041237113 | T195: 0.0060323883 | U195: 0.0049112015 | V195: 0.001322802 | W195: 0.0059444854 | X195: 0.010075149 | Y195: 0.0065537493 | Z195: 0.0069322668 | AA195: 0.0041745731 | AB195: 0.0051002462 | AC195: 0.002829426 | AD195: 0 | AE195: 0.0098654709 | AF195: 0 | AG195: 0 | AH195: 0.0079681275 | AI195: 0.0099585062 | AJ195: 0.0081775701 | AK195: 0.009733939 | AL195: 0.0086594505 | AM195: 0.0040700041 | AN195: 0.0079640719 | AO195: 0.010796702 | AP195: 0 | AQ195: 0.0087665803 | AR195: 0.011723407 | AS195: 0.01158882 | AT195: 0.014193422 | AU195: 0.01315295 | AV195: 0.026298269 | AW195: 0.02128821 | AX195: 0.0040290089 | AY195: 0 | AZ195: 0 | BA195: 0 | BB195: 0 | BC195: 0.0024271845 | BD195: 0 | BE195: 0.0082070973 | BF195: 0.011672326 | BG195: 0.017572254 | BH195: 0.006002401 | BI195: 0.0071718117 | BJ195: 0.0063266113 | BK195: 0 | BL195: 0.0058327128 | BM195: 0.013966555 | BN195: 0 | BO195: 0.014087404 | BP195: 0 | BQ195: 0.0089182969 | BR195: 0.010981912 | BS195: 0.0083974988 | BT195: 0.011696257 | BU195: 0.016136802 | BV195: 0.013022508 | BW195: 0 | BX195: 0 | BY195: 0 | BZ195: 0 | CA195: 0 | CB195: 0.0044828268 | CC195: 0.0019112935 | CD195: 0.0043807438 | CE195: 0 | CF195: 0.0073515551 | CG195: 0.0069922091 | CH195: 0.018368507 | CI195: 0.0040657152 | CJ195: 0.0045735808 | CK195: 0.0098569465 | CL195: 0.012561687 | CM195: 0.010582432 | CN195: 0.0072521097 | CO195: 0.013171051 | CP195: 0.010116387 | CQ195: 0.0077410422 | CR195: 0.0034834668 | CS195: 0.022344013 | CT195: 0.014580425 | CU195: 0.0055497092 | CV195: 0.010578592 | CW195: 0.013498926 | CX195: 0.012943707 | CY195: 0.0066366945 | CZ195: 0.012688513 | DA195: 0.012859803 | DB195: 0.01117247 | DC195: 0.011009343 | DD195: 0 | DE195: 0.0077469272 | DF195: 0.010084008 | DG195: 0.01112949 | DH195: 0.0094966269 | DI195: 0.019647974 | DJ195: 0.013045847 | DK195: 0.010792962 | DL195: 0.009719246 | DM195: 0.0070616436 | DN195: 0.021634761 | DO195: 0 | DP195: 0.0051413882 | DQ195: 0 | DR195: 0.0056441176 | DS195: 0.0064748897 | DT195: 0.0045377198 | DU195: 0.010664081 | DV195: 0.0038491147 | DW195: 0.015810883 | DX195: 0.010034226 | DY195: 0.0069787986 | DZ195: 0.013240211 | EA195: 0.013806841 | EB195: 0.012137736 | EC195: 0.011297083 | ED195: 0.0096184145 | EE195: 0.012554906 | EF195: 0.0088198711 | EG195: 0 | EH195: 0.0083152834 | EI195: 0.017347195 | EJ195: 0.016083458 | EK195: 0.012129566 | EL195: 0.021756934 | EM195: 0.029848098 | EN195: 0.0048365821 | EO195: 0.003526199 | EP195: 0 | EQ195: 0.013020833 | ER195: 0.011641444 | ES195: 0.010620644 | ET195: 0.0045653701 | EU195: 0 | EV195: 0 | EW195: 0 | EX195: 0 | EY195: 0 | EZ195: 0.0092592593 | FA195: 0.0092369478 | FB195: 0.011367051 | FC195: 0.01696047 | FD195: 0.020948834 | FE195: 0.0030894112 | FF195: 0.0019164462 | FG195: 0.0071976372 | FH195: 0.0095240421 | FI195: 0.0037100015 | FJ195: 0.01705626 | FK195: 0.015191195 | FL195: 0.0068100219 | FM195: 0.0020605197 | FN195: 0.009026769 | FO195: 0.0088437476 | FP195: 0.0014802417 | FQ195: 0.0057857964 | FR195: 0.016823366 | FS195: 0.01103139 | FT195: 0.012046233 | FU195: 0.035033143 | FV195: 0.0043034519 | FW195: 0.0037045228 | FX195: 0.0090490407 | FY195: 0.006160868 | FZ195: 0.005430311 | GA195: 0.010984835 | GB195: 0.020351414 | GC195: 0.012292299 | GD195: 0.013565815 | GE195: 0.017199422 | GF195: 0.016437355 | GG195: 0.014690983 | GH195: 0 | GI195: 0.0019986771 | GJ195: 0.0095901566
A196: 191 | B196: 9111 | C196: 賃金・俸給 | D196: 0.11940612 | E196: 0.17300482 | F196: 0.23613917 | G196: 0.20072311 | H196: 0.30377907 | I196: 0.21383429 | J196: 0.095707159 | K196: 0.15277131 | L196: 0.18678815 | M196: 0.23762191 | N196: 0.20918395 | O196: 0 | P196: 0.1157372 | Q196: 0 | R196: 0.23265405 | S196: 0.1443299 | T196: 0.091187909 | U196: 0.12451632 | V196: 0.034143629 | W196: 0.16932449 | X196: 0.15269184 | Y196: 0.11150736 | Z196: 0.15315161 | AA196: 0.058064516 | AB196: 0.081990855 | AC196: 0.074777688 | AD196: 0 | AE196: 0.31569507 | AF196: 0.18461538 | AG196: 0 | AH196: 0.3187251 | AI196: 0.19253112 | AJ196: 0.27383178 | AK196: 0.31213498 | AL196: 0.20183181 | AM196: 0.1466219 | AN196: 0.13832335 | AO196: 0.19362876 | AP196: 0 | AQ196: 0.073029425 | AR196: 0.037223473 | AS196: 0.18596178 | AT196: 0.23531715 | AU196: 0.2433979 | AV196: 0.086218375 | AW196: 0.044759825 | AX196: 0.10556003 | AY196: 0 | AZ196: 0.04 | BA196: 0 | BB196: 0.14285714 | BC196: 0.10315534 | BD196: 0.125 | BE196: 0.080931685 | BF196: 0.092105263 | BG196: 0.11745665 | BH196: 0.10714286 | BI196: 0.096039913 | BJ196: 0.12732305 | BK196: 0.016949153 | BL196: 0.072350459 | BM196: 0.19426355 | BN196: 0.13793103 | BO196: 0.27413882 | BP196: 0 | BQ196: 0.3340046 | BR196: 0.21382429 | BS196: 0.1709214 | BT196: 0.24934021 | BU196: 0.17557803 | BV196: 0.19078242 | BW196: 0 | BX196: 0 | BY196: 0 | BZ196: 0 | CA196: 0 | CB196: 0.18933351 | CC196: 0.097813255 | CD196: 0.064092186 | CE196: 0 | CF196: 0.1206409 | CG196: 0.14302246 | CH196: 0.19791208 | CI196: 0.20784932 | CJ196: 0.1393597 | CK196: 0.29903779 | CL196: 0.13817856 | CM196: 0.19612479 | CN196: 0.19462025 | CO196: 0.13970969 | CP196: 0.28746588 | CQ196: 0.16581354 | CR196: 0.12150588 | CS196: 0.26559865 | CT196: 0.28540406 | CU196: 0.23767377 | CV196: 0.34616627 | CW196: 0.15802187 | CX196: 0.27799689 | CY196: 0.2177264 | CZ196: 0.16411731 | DA196: 0.24123283 | DB196: 0.25852636 | DC196: 0.25163993 | DD196: 0 | DE196: 0.21330003 | DF196: 0.22523358 | DG196: 0.1996365 | DH196: 0.14658364 | DI196: 0.2017101 | DJ196: 0.18559509 | DK196: 0.187423 | DL196: 0.15520244 | DM196: 0.22762463 | DN196: 0.11632946 | DO196: 0 | DP196: 0.080976864 | DQ196: 0 | DR196: 0.15389605 | DS196: 0.15124183 | DT196: 0.12592172 | DU196: 0.17818711 | DV196: 0.17911214 | DW196: 0.19648476 | DX196: 0.24450103 | DY196: 0.21369258 | DZ196: 0.28596523 | EA196: 0.28874946 | EB196: 0.29990374 | EC196: 0.28720474 | ED196: 0.35251334 | EE196: 0.082685427 | EF196: 0.068109005 | EG196: 0.089552239 | EH196: 0.09910719 | EI196: 0.39521872 | EJ196: 0.35414905 | EK196: 0.38247739 | EL196: 0.2441447 | EM196: 0.25349106 | EN196: 0.15373631 | EO196: 0.09140721 | EP196: 0 | EQ196: 0.23116987 | ER196: 0.2636787 | ES196: 0.61151676 | ET196: 0.47536707 | EU196: 0 | EV196: 0 | EW196: 0 | EX196: 0.25 | EY196: 0 | EZ196: 0.16512346 | FA196: 0.38413655 | FB196: 0.27040561 | FC196: 0.35470085 | FD196: 0.15208896 | FE196: 0.49697117 | FF196: 0.050641488 | FG196: 0.13861656 | FH196: 0.29567674 | FI196: 0.16285361 | FJ196: 0.20403121 | FK196: 0.22733719 | FL196: 0.2655404 | FM196: 0.50116077 | FN196: 0.32158124 | FO196: 0.15192709 | FP196: 0.32236374 | FQ196: 0.39212445 | FR196: 0.39415394 | FS196: 0.5444843 | FT196: 0.56983753 | FU196: 0.47481395 | FV196: 0.10587012 | FW196: 0.10433484 | FX196: 0.077854151 | FY196: 0.30406433 | FZ196: 0.13693958 | GA196: 0.39750822 | GB196: 0.28479783 | GC196: 0.28292699 | GD196: 0.27977016 | GE196: 0.24383381 | GF196: 0.30597833 | GG196: 0.28523022 | GH196: 0 | GI196: 0.0068443908 | GJ196: 0.2447637
A197: 192 | B197: 9112 | C197: 社会保険料（雇用主負担） | D197: 0.0056493218 | E197: 0.0096411355 | F197: 0.011470258 | G197: 0.0050027854 | H197: 0.010174419 | I197: 0.011875825 | J197: 0.0055606749 | K197: 0.01179941 | L197: 0.0079726651 | M197: 0.019129782 | N197: 0.016157957 | O197: 0 | P197: 0.0072574484 | Q197: 0 | R197: 0.027413877 | S197: 0.020618557 | T197: 0.013441233 | U197: 0.018999901 | V197: 0.0045243664 | W197: 0.023797593 | X197: 0.02000806 | Y197: 0.02117627 | Z197: 0.020520704 | AA197: 0.0087760911 | AB197: 0.012217142 | AC197: 0.010105093 | AD197: 0 | AE197: 0.042152466 | AF197: 0.030769231 | AG197: 0 | AH197: 0.043824701 | AI197: 0.025726141 | AJ197: 0.036682243 | AK197: 0.041531473 | AL197: 0.026977519 | AM197: 0.022995523 | AN197: 0.018562874 | AO197: 0.025923949 | AP197: 0 | AQ197: 0.009757585 | AR197: 0.0049675454 | AS197: 0.024870125 | AT197: 0.031519186 | AU197: 0.032626149 | AV197: 0.011651132 | AW197: 0.0060043668 | AX197: 0.014182111 | AY197: 0 | AZ197: 0 | BA197: 0 | BB197: 0 | BC197: 0.013349515 | BD197: 0 | BE197: 0.013555424 | BF197: 0.012308998 | BG197: 0.015722543 | BH197: 0.014105642 | BI197: 0.017461802 | BJ197: 0.017002768 | BK197: 0 | BL197: 0.0096798213 | BM197: 0.026028094 | BN197: 0 | BO197: 0.036812339 | BP197: 0 | BQ197: 0.044879171 | BR197: 0.02874677 | BS197: 0.022918712 | BT197: 0.033349328 | BU197: 0.023603083 | BV197: 0.025535906 | BW197: 0 | BX197: 0 | BY197: 0 | BZ197: 0 | CA197: 0 | CB197: 0.025446635 | CC197: 0.013097982 | CD197: 0.0086186372 | CE197: 0 | CF197: 0.015959786 | CG197: 0.019151156 | CH197: 0.02654421 | CI197: 0.02787919 | CJ197: 0.018563358 | CK197: 0.040111625 | CL197: 0.018393899 | CM197: 0.026292252 | CN197: 0.026041667 | CO197: 0.01875668 | CP197: 0.038508264 | CQ197: 0.022216162 | CR197: 0.016256179 | CS197: 0.035834739 | CT197: 0.038312393 | CU197: 0.031603434 | CV197: 0.04548391 | CW197: 0.021151524 | CX197: 0.037187761 | CY197: 0.029115821 | CZ197: 0.022016721 | DA197: 0.032275584 | DB197: 0.034565629 | DC197: 0.033563204 | DD197: 0 | DE197: 0.028519661 | DF197: 0.030122839 | DG197: 0.026639302 | DH197: 0.019581387 | DI197: 0.027015964 | DJ197: 0.024758437 | DK197: 0.024986447 | DL197: 0.020743411 | DM197: 0.030481682 | DN197: 0.015596386 | DO197: 0 | DP197: 0.01092545 | DQ197: 0 | DR197: 0.020627044 | DS197: 0.020230004 | DT197: 0.018718094 | DU197: 0.024818226 | DV197: 0.023864511 | DW197: 0.02640264 | DX197: 0.032555749 | DY197: 0.025795053 | DZ197: 0.033584754 | EA197: 0.033961599 | EB197: 0.033889995 | EC197: 0.033204263 | ED197: 0.042972927 | EE197: 0.029216483 | EF197: 0.0098752403 | EG197: 0.014925373 | EH197: 0.014591368 | EI197: 0.051157652 | EJ197: 0.048106098 | EK197: 0.050051726 | EL197: 0.037869893 | EM197: 0.029584622 | EN197: 0.014961998 | EO197: 0.007096586 | EP197: 0 | EQ197: 0.042835203 | ER197: 0.048894063 | ES197: 0.085919349 | ET197: 0.071942205 | EU197: 0 | EV197: 0 | EW197: 0 | EX197: 0.020833333 | EY197: 0 | EZ197: 0.024691358 | FA197: 0.062851406 | FB197: 0.037105658 | FC197: 0.034188034 | FD197: 0.021465557 | FE197: 0.072510298 | FF197: 0.0095702029 | FG197: 0.016902038 | FH197: 0.042329076 | FI197: 0.029061679 | FJ197: 0.026969556 | FK197: 0.052629747 | FL197: 0.059875405 | FM197: 0.092913778 | FN197: 0.034529985 | FO197: 0.019850158 | FP197: 0.041853108 | FQ197: 0.051319052 | FR197: 0.067748765 | FS197: 0.084182634 | FT197: 0.074195802 | FU197: 0.044134421 | FV197: 0.012871351 | FW197: 0.015094548 | FX197: 0.012751973 | FY197: 0.032367546 | FZ197: 0.013643095 | GA197: 0.057161896 | GB197: 0.03379164 | GC197: 0.025434354 | GD197: 0.028901658 | GE197: 0.034563614 | GF197: 0.036405698 | GG197: 0.038365417 | GH197: 0 | GI197: 0.0003594743 | GJ197: 0.033797135
A198: 193 | B198: 9113 | C198: その他の給与及び手当 | D198: 0.00077036207 | E198: 0.00053561864 | F198: 0.00084175084 | G198: 0.00084107964 | H198: 0 | I198: 0.00083339121 | J198: 0.0015887643 | K198: 0.003337991 | L198: 0.0036066819 | M198: 0.0071267817 | N198: 0.0014129155 | O198: 0 | P198: 0.0019098549 | Q198: 0 | R198: 0.0094614265 | S198: 0.010309278 | T198: 0.0055889662 | U198: 0.0022323643 | V198: 0.0016678808 | W198: 0.006416114 | X198: 0.0031766351 | Y198: 0.0062558516 | Z198: 0.0033803195 | AA198: 0.0081593928 | AB198: 0.0076796811 | AC198: 0.0044462409 | AD198: 0 | AE198: 0.022421525 | AF198: 0 | AG198: 0 | AH198: 0.015936255 | AI198: 0.010788382 | AJ198: 0.010046729 | AK198: 0.014925373 | AL198: 0.011490425 | AM198: 0.0034595035 | AN198: 0.0076047904 | AO198: 0.0090170256 | AP198: 0 | AQ198: 0.0062509529 | AR198: 0.0019870181 | AS198: 0.012317529 | AT198: 0.019968677 | AU198: 0.013528749 | AV198: 0.0069906791 | AW198: 0.0060043668 | AX198: 0.0082191781 | AY198: 0 | AZ198: 0 | BA198: 0 | BB198: 0 | BC198: 0.0048543689 | BD198: 0 | BE198: 0.0052111903 | BF198: 0.0057300509 | BG198: 0.0057803468 | BH198: 0.033613445 | BI198: 0.0065481759 | BJ198: 0.0079082641 | BK198: 0 | BL198: 0.0053363117 | BM198: 0.0071919732 | BN198: 0 | BO198: 0.010488432 | BP198: 0 | BQ198: 0.013233602 | BR198: 0.014857881 | BS198: 0.0052710454 | BT198: 0.018534069 | BU198: 0.013246628 | BV198: 0.010838692 | BW198: 0 | BX198: 0 | BY198: 0 | BZ198: 0 | CA198: 0 | CB198: 0.0076471752 | CC198: 0.005902524 | CD198: 0.0024760726 | CE198: 0 | CF198: 0.021426327 | CG198: 0.0088991753 | CH198: 0.0072100683 | CI198: 0.0088781945 | CJ198: 0.0061877858 | CK198: 0.013877089 | CL198: 0.0067294751 | CM198: 0.0060572248 | CN198: 0.0052742616 | CO198: 0.0036547943 | CP198: 0.0082865885 | CQ198: 0.0069019048 | CR198: 0.0083837566 | CS198: 0.010961214 | CT198: 0.011323096 | CU198: 0.0092716699 | CV198: 0.013152582 | CW198: 0.006701367 | CX198: 0.01240588 | CY198: 0.012702491 | CZ198: 0.010054034 | DA198: 0.014392117 | DB198: 0.016030066 | DC198: 0.026942308 | DD198: 0 | DE198: 0.016571177 | DF198: 0.010551353 | DG198: 0.011354122 | DH198: 0.0069365162 | DI198: 0.013507982 | DJ198: 0.017432692 | DK198: 0.0087230792 | DL198: 0.01038698 | DM198: 0.012082537 | DN198: 0.0064178358 | DO198: 0 | DP198: 0.0044987147 | DQ198: 0 | DR198: 0.0082389629 | DS198: 0.012176658 | DT198: 0.0056721497 | DU198: 0.0087251575 | DV198: 0.0074416218 | DW198: 0.010284749 | DX198: 0.0083754833 | DY198: 0.0056537102 | DZ198: 0.0088927847 | EA198: 0.0089957371 | EB198: 0.0089747499 | EC198: 0.0087954867 | ED198: 0.011633013 | EE198: 0.018806912 | EF198: 0.0036184087 | EG198: 0 | EH198: 0.0048180041 | EI198: 0.0076239265 | EJ198: 0.020709173 | EK198: 0.015378305 | EL198: 0.013675787 | EM198: 0.02482054 | EN198: 0.0053516467 | EO198: 0.0038885403 | EP198: 0 | EQ198: 0.016626603 | ER198: 0.019208382 | ES198: 0.013109857 | ET198: 0.015652697 | EU198: 0 | EV198: 0 | EW198: 0 | EX198: 0.020833333 | EY198: 0 | EZ198: 0.0077160494 | FA198: 0.016465863 | FB198: 0.0072608913 | FC198: 0.01028312 | FD198: 0.009193373 | FE198: 0.026047977 | FF198: 0.0065030872 | FG198: 0.0022337495 | FH198: 0.012120768 | FI198: 0.0021641676 | FJ198: 0.013956483 | FK198: 0.030895724 | FL198: 0.030252101 | FM198: 0.050539543 | FN198: 0.011039635 | FO198: 0.011225252 | FP198: 0.030035361 | FQ198: 0.011845078 | FR198: 0.031119812 | FS198: 0.021369751 | FT198: 0.006075741 | FU198: 0.01115126 | FV198: 0.0027692908 | FW198: 0.0051420989 | FX198: 0.0033094957 | FY198: 0.012430408 | FZ198: 0.0096488997 | GA198: 0.010347847 | GB198: 0.013944336 | GC198: 0.002095231 | GD198: 0.005376131 | GE198: 0.011280387 | GF198: 0.010471204 | GG198: 0.010739615 | GH198: 0 | GI198: 0.00021568458 | GJ198: 0.011757622
A199: 194 | B199: 9211 | C199: 営業余剰 | D199: 0.23164554 | E199: 0.19710766 | F199: 0.072390572 | G199: 0.18788845 | H199: 1.1686047 | I199: 0.1085492 | J199: 0.032315465 | K199: 0.22830306 | L199: 0.55637813 | M199: 0.047824456 | N199: 0.023548592 | O199: 0 | P199: 0.31474408 | Q199: 0 | R199: -0.039543911 | S199: 0.092783505 | T199: 0.084333343 | U199: 0.086417303 | V199: 0.091369196 | W199: 0.074654876 | X199: 0.12863002 | Y199: 0.13178994 | Z199: 0.064957354 | AA199: 0.046537002 | AB199: 0.10921562 | AC199: 0.109135 | AD199: 0 | AE199: -0.084304933 | AF199: 0.26153846 | AG199: 1 | AH199: -0.17928287 | AI199: 0.026556017 | AJ199: -0.023130841 | AK199: -0.16028553 | AL199: 0.054121565 | AM199: 0.10246235 | AN199: 0.18251497 | AO199: 0.066381918 | AP199: 0 | AQ199: 0.060756213 | AR199: 0.089879454 | AS199: 0.098281658 | AT199: 0.061178543 | AU199: 0.12838646 | AV199: 0.10552597 | AW199: 0.15884279 | AX199: 0.29991942 | AY199: 0 | AZ199: 0.16 | BA199: 0 | BB199: 0.57142857 | BC199: 0.076456311 | BD199: 0.375 | BE199: 0.011435082 | BF199: 0.12160441 | BG199: 0.1033526 | BH199: 0.032112845 | BI199: 0.22700343 | BJ199: 0.1256096 | BK199: 0.10169492 | BL199: 0.21059816 | BM199: 0.060457525 | BN199: 0.20689655 | BO199: 0.059125964 | BP199: 0 | BQ199: -0.065304948 | BR199: 0.022609819 | BS199: 0.10803059 | BT199: 0.011816219 | BU199: 0.12475915 | BV199: 0.072079314 | BW199: 0 | BX199: 0 | BY199: 0 | BZ199: 0 | CA199: 0 | CB199: 0.074494034 | CC199: 0.22766878 | CD199: 0.0035712585 | CE199: 0 | CF199: 0.019038643 | CG199: -0.013544349 | CH199: 0.11268951 | CI199: 0.097577166 | CJ199: 0.043314501 | CK199: 0.031097388 | CL199: 0.1713773 | CM199: 0.14573648 | CN199: 0.051753692 | CO199: 0.11926352 | CP199: 0.04645739 | CQ199: 0.16950575 | CR199: 0.089941623 | CS199: 0.049747049 | CT199: 0.014425314 | CU199: 0.090213237 | CV199: -0.012203739 | CW199: 0.19391212 | CX199: -0.0078044699 | CY199: -0.02476272 | CZ199: -0.0050001344 | DA199: 0.070447669 | DB199: -0.076571049 | DC199: 0.019572165 | DD199: 0 | DE199: -0.018686646 | DF199: -0.096765062 | DG199: -0.0088627499 | DH199: -0.043245113 | DI199: -0.10228772 | DJ199: 0.029245635 | DK199: 0.050219309 | DL199: 0.0057477535 | DM199: -0.028700075 | DN199: -0.034365943 | DO199: 0 | DP199: 0.033419023 | DQ199: 0 | DR199: -0.023465567 | DS199: 0.059047128 | DT199: 0.017583664 | DU199: 0.077750848 | DV199: -0.014883244 | DW199: -0.071379231 | DX199: -0.018257853 | DY199: -0.1315371 | DZ199: 0.036175537 | EA199: 0.037255468 | EB199: 0.036126209 | EC199: 0.0090036639 | ED199: 0.014670407 | EE199: -0.19364777 | EF199: -0.037201764 | EG199: 0.26865672 | EH199: 0.10183317 | EI199: 0.042910954 | EJ199: 0.14024749 | EK199: 0.025249963 | EL199: 0.23767189 | EM199: 0.1848528 | EN199: 0.18585876 | EO199: 0.19523124 | EP199: 0.4430721 | EQ199: -0.20062099 | ER199: -0.042491269 | ES199: -0.12620312 | ET199: 0.022436648 | EU199: 0 | EV199: 0 | EW199: 0 | EX199: 0.10416667 | EY199: 0 | EZ199: -0.47376543 | FA199: 0.049196787 | FB199: 0.058637957 | FC199: 0.040865385 | FD199: 0.30934516 | FE199: 0.033801793 | FF199: 0.16479833 | FG199: 0.082822467 | FH199: 0.1195308 | FI199: 0.12729943 | FJ199: 0.10350559 | FK199: -0.0046896072 | FL199: -0.00587459 | FM199: -0.0070076095 | FN199: 0.0062046068 | FO199: -1.2872995e-05 | FP199: 0.043139854 | FQ199: 0.004499453 | FR199: 0.028319712 | FS199: 0.0081777415 | FT199: 0.0155051 | FU199: -0.015155503 | FV199: 0.011987259 | FW199: 0.29121973 | FX199: -0.017079775 | FY199: 0.0014294551 | FZ199: 0.030367855 | GA199: 0.089038845 | GB199: -0.15298116 | GC199: -0.010559464 | GD199: 0.07946635 | GE199: 0.10470481 | GF199: 0.21502496 | GG199: 0.020409771 | GH199: 0 | GI199: 0.57177983 | GJ199: 0.069046868
A200: 195 | B200: 9311 | C200: 資本減耗引当 | D200: 0.27252142 | E200: 0.32083557 | F200: 0.14199776 | G200: 0.12769118 | H200: 0.39825581 | I200: 0.16570595 | J200: 0.14778685 | K200: 0.14578482 | L200: 0.042331055 | M200: 0.10408852 | N200: 0.094212481 | O200: 0 | P200: 0.05500382 | Q200: 0 | R200: 0.1079573 | S200: 0.15463918 | T200: 0.071972951 | U200: 0.046036313 | V200: 0.02110732 | W200: 0.072601326 | X200: 0.055946708 | Y200: 0.053485403 | Z200: 0.061591959 | AA200: 0.11503795 | AB200: 0.074334623 | AC200: 0.049312854 | AD200: 0 | AE200: 0.074439462 | AF200: 0.10769231 | AG200: 0 | AH200: 0.34262948 | AI200: 0.19170124 | AJ200: 0.087383178 | AK200: 0.050616483 | AL200: 0.1050791 | AM200: 0.07030932 | AN200: 0.086167665 | AO200: 0.049237705 | AP200: 0 | AQ200: 0.043223052 | AR200: 0.02589747 | AS200: 0.06673562 | AT200: 0.08545419 | AU200: 0.12377438 | AV200: 0.10086551 | AW200: 0.16430131 | AX200: 0.074778405 | AY200: 0 | AZ200: 0.12 | BA200: 0 | BB200: 0.14285714 | BC200: 0.16019417 | BD200: 0.125 | BE200: 0.27168868 | BF200: 0.11990662 | BG200: 0.14404624 | BH200: 0.11734694 | BI200: 0.068911756 | BJ200: 0.089099776 | BK200: 0.016949153 | BL200: 0.12062547 | BM200: 0.088979264 | BN200: 0.20689655 | BO200: 0.14416452 | BP200: 0 | BQ200: 0.045454545 | BR200: 0.17118863 | BS200: 0.097953594 | BT200: 0.13309741 | BU200: 0.11681118 | BV200: 0.1017015 | BW200: 0 | BX200: 0 | BY200: 0 | BZ200: 0 | CA200: 0 | CB200: 0.053991694 | CC200: 0.026814323 | CD200: 0.032331794 | CE200: 0 | CF200: 0.057492931 | CG200: 0.020275777 | CH200: 0.059611815 | CI200: 0.095212413 | CJ200: 0.030669895 | CK200: 0.10606406 | CL200: 0.073575594 | CM200: 0.095215324 | CN200: 0.078850211 | CO200: 0.13357239 | CP200: 0.10946546 | CQ200: 0.10663338 | CR200: 0.10806204 | CS200: 0.10834739 | CT200: 0.11292074 | CU200: 0.13884243 | CV200: 0.080025841 | CW200: 0.16887017 | CX200: 0.11683997 | CY200: 0.11032613 | CZ200: 0.1192774 | DA200: 0.21991621 | DB200: 0.15661911 | DC200: 0.12209667 | DD200: 0 | DE200: 0.18731698 | DF200: 0.1539578 | DG200: 0.16338908 | DH200: 0.19846047 | DI200: 0.18779279 | DJ200: 0.19161625 | DK200: 0.16357006 | DL200: 0.19695984 | DM200: 0.1352078 | DN200: 0.22921078 | DO200: 0 | DP200: 0.10796915 | DQ200: 0 | DR200: 0.10308253 | DS200: 0.15523629 | DT200: 0.041973908 | DU200: 0.14454678 | DV200: 0.12496792 | DW200: 0.14076291 | DX200: 0.12780497 | DY200: 0.031978799 | DZ200: 0.033521133 | EA200: 0.040671695 | EB200: 0.028843567 | EC200: 0.082691454 | ED200: 0.064947543 | EE200: 0.55053673 | EF200: 0.16561758 | EG200: 0.23880597 | EH200: 0.17805484 | EI200: 0.05119783 | EJ200: 0.091861717 | EK200: 0.10057138 | EL200: 0.068221062 | EM200: 0.088490388 | EN200: 0.28427378 | EO200: 0.28292666 | EP200: 0.37561951 | EQ200: 0.5735844 | ER200: 0.29569267 | ES200: 0.082102556 | ET200: 0.10895571 | EU200: 0 | EV200: 0 | EW200: 0 | EX200: 0.14583333 | EY200: 0 | EZ200: 0.55709877 | FA200: 0.10903614 | FB200: 0.16690035 | FC200: 0.056490385 | FD200: 0.086960266 | FE200: 0.070208384 | FF200: 0.20124689 | FG200: 0.19078702 | FH200: 0.098048792 | FI200: 0.053485856 | FJ200: 0.10344569 | FK200: 0 | FL200: 0 | FM200: 0.030471739 | FN200: 0.025129695 | FO200: 0.024098247 | FP200: 0.077630452 | FQ200: 0.063058309 | FR200: 0.0086279509 | FS200: 0.02206278 | FT200: 0.078090017 | FU200: 0.043408552 | FV200: 0.35117987 | FW200: 0.28629879 | FX200: 0.075447245 | FY200: 0.013884941 | FZ200: 0.060645953 | GA200: 0.087502363 | GB200: 0.19198465 | GC200: 0.067872153 | GD200: 0.16288224 | GE200: 0.19985297 | GF200: 0.030439547 | GG200: 0.19481031 | GH200: 0 | GI200: 0.035156587 | GJ200: 0.12467647
A201: 196 | B201: 9321 | C201: 資本減耗引当（社会資本等減耗分） | D201: 0 | E201: 0 | F201: 0 | G201: 0 | H201: 0 | I201: 0 | J201: 0 | K201: 0 | L201: 0 | M201: 0 | N201: 0 | O201: 0 | P201: 0 | Q201: 0 | R201: 0 | S201: 0 | T201: 0 | U201: 0 | V201: 0 | W201: 0 | X201: 0 | Y201: 0 | Z201: 0 | AA201: 0 | AB201: 0 | AC201: 0 | AD201: 0 | AE201: 0 | AF201: 0 | AG201: 0 | AH201: 0 | AI201: 0 | AJ201: 0 | AK201: 0 | AL201: 0 | AM201: 0 | AN201: 0 | AO201: 0 | AP201: 0 | AQ201: 0 | AR201: 0 | AS201: 0 | AT201: 0 | AU201: 0 | AV201: 0 | AW201: 0 | AX201: 0 | AY201: 0 | AZ201: 0 | BA201: 0 | BB201: 0 | BC201: 0 | BD201: 0 | BE201: 0 | BF201: 0 | BG201: 0 | BH201: 0 | BI201: 0 | BJ201: 0 | BK201: 0 | BL201: 0 | BM201: 0 | BN201: 0 | BO201: 0 | BP201: 0 | BQ201: 0 | BR201: 0 | BS201: 0 | BT201: 0 | BU201: 0 | BV201: 0 | BW201: 0 | BX201: 0 | BY201: 0 | BZ201: 0 | CA201: 0 | CB201: 0 | CC201: 0 | CD201: 0 | CE201: 0 | CF201: 0 | CG201: 0 | CH201: 0 | CI201: 0 | CJ201: 0 | CK201: 0 | CL201: 0 | CM201: 0 | CN201: 0 | CO201: 0 | CP201: 0 | CQ201: 0 | CR201: 0 | CS201: 0 | CT201: 0 | CU201: 0 | CV201: 0 | CW201: 0 | CX201: 0 | CY201: 0 | CZ201: 0 | DA201: 0 | DB201: 0 | DC201: 0 | DD201: 0 | DE201: 0 | DF201: 0 | DG201: 0 | DH201: 0 | DI201: 0 | DJ201: 0 | DK201: 0 | DL201: 0 | DM201: 0 | DN201: 0 | DO201: 0 | DP201: 0 | DQ201: 0 | DR201: 0 | DS201: 0 | DT201: 0 | DU201: 0 | DV201: 0 | DW201: 0 | DX201: 0 | DY201: 0 | DZ201: 0 | EA201: 0 | EB201: 0 | EC201: 0 | ED201: 0 | EE201: 0 | EF201: 0 | EG201: 0 | EH201: 0.025294522 | EI201: 0.026889659 | EJ201: 0 | EK201: 0 | EL201: 0 | EM201: 0 | EN201: 0 | EO201: 0 | EP201: 0 | EQ201: 0 | ER201: 0 | ES201: 0 | ET201: 0 | EU201: 0 | EV201: 0 | EW201: 0 | EX201: 0 | EY201: 0 | EZ201: 0 | FA201: 0 | FB201: 0 | FC201: 0 | FD201: 0 | FE201: 0 | FF201: 0 | FG201: 0 | FH201: 0 | FI201: 0 | FJ201: 0 | FK201: 0.30913995 | FL201: 0.38696412 | FM201: 0.13920638 | FN201: 0.13888774 | FO201: 0.39847069 | FP201: 0 | FQ201: 0 | FR201: 0.0023675644 | FS201: 0.0036730534 | FT201: 0 | FU201: 0 | FV201: 0 | FW201: 0 | FX201: 0 | FY201: 0 | FZ201: 0 | GA201: 0 | GB201: 0 | GC201: 0 | GD201: 0 | GE201: 0 | GF201: 0 | GG201: 0 | GH201: 0 | GI201: 0 | GJ201: 0.0217854
A202: 197 | B202: 9411 | C202: 間接税（関税・輸入品商品税を除く。） | D202: 0.029857366 | E202: 0.013926085 | F202: 0.022008979 | G202: 0.028618554 | H202: 0.042151163 | I202: 0.036877561 | J202: 0.022592228 | K202: 0.057289241 | L202: 0.041192103 | M202: 0.035446362 | N202: 0.024381849 | O202: 0 | P202: 0.019098549 | Q202: 0 | R202: 0.052159146 | S202: 0.051546392 | T202: 0.016129479 | U202: 0.019396766 | V202: 0.007400023 | W202: 0.024151314 | X202: 0.026219093 | Y202: 0.022955145 | Z202: 0.019199916 | AA202: 0.41537002 | AB202: 0.010634306 | AC202: 0.036378335 | AD202: 0 | AE202: 0.010762332 | AF202: -0.061538462 | AG202: 0 | AH202: 0.019920319 | AI202: -0.024896266 | AJ202: 0.026869159 | AK202: 0.022063595 | AL202: 0.028642798 | AM202: 0.037037037 | AN202: 0.045988024 | AO202: 0.034940974 | AP202: 0 | AQ202: 0.03163592 | AR202: 0.0089415817 | AS202: 0.049340636 | AT202: 0.054130775 | AU202: 0.044925011 | AV202: 0.039946738 | AW202: 0.024563319 | AX202: 0.0051571313 | AY202: 0 | AZ202: 0 | BA202: 0 | BB202: 0 | BC202: -0.07038835 | BD202: 0 | BE202: 0.012911937 | BF202: 0.01549236 | BG202: 0 | BH202: 0.0039015606 | BI202: 0.020579981 | BJ202: -0.0096217214 | BK202: 0.30508475 | BL202: 0.044551998 | BM202: 0.023513043 | BN202: 0 | BO202: 0.035064267 | BP202: 0 | BQ202: 0.017836594 | BR202: 0.0096899225 | BS202: 0.05110847 | BT202: 0.025071977 | BU202: 0.04455684 | BV202: 0.026232583 | BW202: 0 | BX202: 0 | BY202: 0 | BZ202: 0 | CA202: 0 | CB202: 0.035928538 | CC202: 0.034909214 | CD202: 0.027236798 | CE202: 0 | CF202: 0.0052152058 | CG202: 0.0038954265 | CH202: 0.040352778 | CI202: 0.04576004 | CJ202: 0.014258811 | CK202: 0.039745529 | CL202: 0.0089726335 | CM202: 0.0061900587 | CN202: 0.011933017 | CO202: 0.029686584 | CP202: 8.2490926e-05 | CQ202: 0.018461022 | CR202: -0.0035473837 | CS202: -0.010961214 | CT202: 0.015976423 | CU202: 0.0031680975 | CV202: 0.013132394 | CW202: -0.017111465 | CX202: 0.012949683 | CY202: -0.023050025 | CZ202: -0.030215866 | DA202: -0.031577314 | DB202: -0.018842358 | DC202: -0.086545666 | DD202: 0 | DE202: -0.082503305 | DF202: -0.0031593266 | DG202: -0.027057935 | DH202: 0.0085625324 | DI202: -0.039477873 | DJ202: -0.057287037 | DK202: -0.018037554 | DL202: -0.039623276 | DM202: -0.071814972 | DN202: -0.053075007 | DO202: 0 | DP202: -0.015424165 | DQ202: 0 | DR202: -0.0037803075 | DS202: 0.00077312115 | DT202: 0.0017016449 | DU202: 0.01017935 | DV202: 0.0035925071 | DW202: -0.0084427047 | DX202: -0.0069153223 | DY202: 0.014929329 | DZ202: 0.046563412 | EA202: 0.047288798 | EB202: 0.048174257 | EC202: 0.05423363 | ED202: 0.043556644 | EE202: 0.052572444 | EF202: 0.0022991972 | EG202: 0.029850746 | EH202: 0.038089704 | EI202: 0.043111848 | EJ202: 0.057004606 | EK202: 0.058337773 | EL202: 0.022829158 | EM202: 0.007888157 | EN202: 0.078180943 | EO202: 0.059070462 | EP202: 0.07183755 | EQ202: -0.0087139423 | ER202: 0.03201397 | ES202: 0.08658314 | ET202: 0.083135445 | EU202: 0 | EV202: 0 | EW202: 0 | EX202: 0.041666667 | EY202: 0 | EZ202: -0.050925926 | FA202: 0.064658635 | FB202: 0.055983976 | FC202: 0.038060897 | FD202: 0.026277545 | FE202: 0.07832566 | FF202: 0.017773234 | FG202: 0.032587923 | FH202: 0.052984607 | FI202: 0.029680012 | FJ202: 0.027313976 | FK202: 0.0016618088 | FL202: 0.001804879 | FM202: 0.0032243602 | FN202: 0.012429965 | FO202: 0.0092041914 | FP202: 0.013215752 | FQ202: 0.010939415 | FR202: 0.0091060168 | FS202: 0.0065756217 | FT202: 0.010256999 | FU202: 0.031451658 | FV202: 0.00790483 | FW202: 0.050646909 | FX202: 0.0028003425 | FY202: 0.040660057 | FZ202: 0.025580804 | GA202: 0.069205931 | GB202: 0.00049597932 | GC202: 0.034927458 | GD202: 0.075001651 | GE202: 0.051674314 | GF202: 0.073420188 | GG202: 0.12643251 | GH202: 0 | GI202: 0.032884709 | GJ202: 0.026729557
A203: 198 | B203: 9511 | C203: （控除）経常補助金 | D203: -0.13901534 | E203: -0.42046063 | F203: -0.00015712682 | G203: -0.00026215469 | H203: -1.7296512 | I203: -0.054378776 | J203: -0.0058784278 | K203: 0 | L203: -0.0093014427 | M203: -0.022693173 | N203: -3.6228602e-05 | O203: 0 | P203: -0.00038197097 | Q203: 0 | R203: 0 | S203: 0 | T203: -0.0091640569 | U203: 0 | V203: -5.7513132e-05 | W203: 0 | X203: -2.3706232e-05 | Y203: -5.1068176e-05 | Z203: -2.9848296e-05 | AA203: -0.00018975332 | AB203: -1.1724704e-05 | AC203: -0.0012126112 | AD203: 0 | AE203: 0 | AF203: 0 | AG203: 0 | AH203: 0 | AI203: 0 | AJ203: 0 | AK203: 0 | AL203: 0 | AM203: 0 | AN203: 0 | AO203: 0 | AP203: 0 | AQ203: 0 | AR203: 0 | AS203: 0 | AT203: 0 | AU203: 0 | AV203: 0 | AW203: 0 | AX203: 0 | AY203: 0 | AZ203: 0 | BA203: 0 | BB203: 0 | BC203: 0 | BD203: 0 | BE203: 0 | BF203: 0 | BG203: 0 | BH203: 0 | BI203: 0 | BJ203: 0 | BK203: 0 | BL203: 0 | BM203: 0 | BN203: 0 | BO203: 0 | BP203: 0 | BQ203: 0 | BR203: 0 | BS203: 0 | BT203: 0 | BU203: 0 | BV203: 0 | BW203: 0 | BX203: 0 | BY203: 0 | BZ203: 0 | CA203: 0 | CB203: 0 | CC203: 0 | CD203: 0 | CE203: 0 | CF203: 0 | CG203: 0 | CH203: -1.0729268e-05 | CI203: 0 | CJ203: 0 | CK203: -6.9074607e-06 | CL203: 0 | CM203: 0 | CN203: 0 | CO203: 0 | CP203: -7.4991751e-06 | CQ203: 0 | CR203: 0 | CS203: 0 | CT203: 0 | CU203: -1.1077264e-05 | CV203: 0 | CW203: 0 | CX203: 0 | CY203: 0 | CZ203: 0 | DA203: 0 | DB203: 0 | DC203: -1.5290754e-05 | DD203: 0 | DE203: 0 | DF203: -7.5991018e-06 | DG203: 0 | DH203: 0 | DI203: 0 | DJ203: 0 | DK203: 0 | DL203: 0 | DM203: 0 | DN203: -5.4994308e-06 | DO203: 0 | DP203: 0 | DQ203: 0 | DR203: -3.2929508e-06 | DS203: 0 | DT203: 0 | DU203: -9.6946195e-05 | DV203: 0 | DW203: 0 | DX203: 0 | DY203: 0 | DZ203: -3.5344931e-06 | EA203: -4.8943074e-06 | EB203: -1.1958361e-05 | EC203: -0.0026230327 | ED203: -0.024598759 | EE203: -0.00012918986 | EF203: -0.00086691041 | EG203: 0 | EH203: -0.034676951 | EI203: 0 | EJ203: -0.00064147384 | EK203: -0.00076954952 | EL203: -0.010380179 | EM203: -0.016292512 | EN203: -4.187517e-06 | EO203: -0.0014847154 | EP203: 0 | EQ203: -0.015090812 | ER203: 0 | ES203: -0.031198141 | ET203: 0 | EU203: 0 | EV203: 0 | EW203: 0 | EX203: -0.020833333 | EY203: 0 | EZ203: 0 | FA203: 0 | FB203: 0 | FC203: 0 | FD203: -0.0021960751 | FE203: 0 | FF203: -4.0093016e-06 | FG203: 0 | FH203: -8.1402069e-06 | FI203: 0 | FJ203: 0 | FK203: 0 | FL203: 0 | FM203: 0 | FN203: -0.00089230131 | FO203: -0.01470096 | FP203: -9.6747822e-06 | FQ203: -0.019487552 | FR203: 0 | FS203: 0 | FT203: -0.003080927 | FU203: -0.019143794 | FV203: 0 | FW203: 0 | FX203: 0 | FY203: 0 | FZ203: 0 | GA203: -4.5892527e-05 | GB203: 0 | GC203: 0 | GD203: 0 | GE203: 0 | GF203: 0 | GG203: 0 | GH203: 0 | GI203: -0.0029620683 | GJ203: -0.0031092124
A204: 199 | B204: 9600 | C204: 粗付加価値部門計 | D204: 0.52172188 | E204: 0.29566149 | F204: 0.48767677 | G204: 0.55353963 | H204: 0.19331395 | I204: 0.48718661 | J204: 0.30113438 | K204: 0.6006055 | L204: 0.84529233 | M204: 0.44167292 | N204: 0.37308215 | O204: 0 | P204: 0.52330023 | Q204: 0 | R204: 0.40029112 | S204: 0.51546392 | T204: 0.27952221 | U204: 0.30251017 | V204: 0.1614777 | W204: 0.3768902 | X204: 0.3967238 | Y204: 0.35367265 | Z204: 0.32970428 | AA204: 0.65592979 | AB204: 0.30116075 | AC204: 0.28577203 | AD204: 0 | AE204: 0.39103139 | AF204: 0.52307692 | AG204: 1 | AH204: 0.56972112 | AI204: 0.43236515 | AJ204: 0.41985981 | AK204: 0.29072031 | AL204: 0.43680266 | AM204: 0.38695564 | AN204: 0.48712575 | AO204: 0.38992703 | AP204: 0 | AQ204: 0.23341973 | AR204: 0.18061995 | AS204: 0.44909617 | AT204: 0.50176194 | AU204: 0.5997916 | AV204: 0.37749667 | AW204: 0.42576419 | AX204: 0.51184529 | AY204: 0 | AZ204: 0.32 | BA204: 0 | BB204: 0.85714286 | BC204: 0.29004854 | BD204: 0.625 | BE204: 0.40394109 | BF204: 0.37882003 | BG204: 0.40393064 | BH204: 0.31422569 | BI204: 0.44371687 | BJ204: 0.36364835 | BK204: 0.44067797 | BL204: 0.46897493 | BM204: 0.4144 | BN204: 0.55172414 | BO204: 0.57388175 | BP204: 0 | BQ204: 0.39902186 | BR204: 0.47189922 | BS204: 0.46460131 | BT204: 0.48290547 | BU204: 0.51469171 | BV204: 0.44019293 | BW204: 0 | BX204: 0 | BY204: 0 | BZ204: 0 | CA204: 0 | CB204: 0.39132441 | CC204: 0.40811738 | CD204: 0.14270749 | CE204: 0 | CF204: 0.24712535 | CG204: 0.18869185 | CH204: 0.46267824 | CI204: 0.48722204 | CJ204: 0.25692763 | CK204: 0.53978352 | CL204: 0.42978914 | CM204: 0.48619856 | CN204: 0.37572521 | CO204: 0.45781471 | CP204: 0.50037496 | CQ204: 0.4972728 | CR204: 0.34408556 | CS204: 0.48187184 | CT204: 0.49294245 | CU204: 0.51631127 | CV204: 0.49633585 | CW204: 0.54504452 | CX204: 0.46251942 | CY204: 0.32869478 | CZ204: 0.29293798 | DA204: 0.5595469 | DB204: 0.38150023 | DC204: 0.37826266 | DD204: 0 | DE204: 0.35226483 | DF204: 0.33001759 | DG204: 0.37622782 | DH204: 0.34637606 | DI204: 0.30790922 | DJ204: 0.40440692 | DK204: 0.4276773 | DL204: 0.3591364 | DM204: 0.31194325 | DN204: 0.30174277 | DO204: 0 | DP204: 0.22750643 | DQ204: 0 | DR204: 0.26423954 | DS204: 0.40517991 | DT204: 0.21610891 | DU204: 0.4547746 | DV204: 0.32794457 | DW204: 0.30992402 | DX204: 0.39809829 | DY204: 0.16749117 | DZ204: 0.45793953 | EA204: 0.4707247 | EB204: 0.46803829 | EC204: 0.48380728 | ED204: 0.51531353 | EE204: 0.55259593 | EF204: 0.22027063 | EG204: 0.64179104 | EH204: 0.43542712 | EI204: 0.63545779 | EJ204: 0.72752012 | EK204: 0.64342655 | EL204: 0.63578925 | EM204: 0.60268316 | EN204: 0.72719583 | EO204: 0.64166217 | EP204: 0.89052916 | EQ204: 0.65281116 | ER204: 0.62863795 | ES204: 0.73245105 | ET204: 0.78205514 | EU204: 0 | EV204: 0 | EW204: 0 | EX204: 0.5625 | EY204: 0 | EZ204: 0.23919753 | FA204: 0.69558233 | FB204: 0.60766149 | FC204: 0.55154915 | FD204: 0.62408362 | FE204: 0.78095469 | FF204: 0.45244567 | FG204: 0.4711474 | FH204: 0.63020668 | FI204: 0.40825475 | FJ204: 0.49627877 | FK204: 0.63216601 | FL204: 0.74537233 | FM204: 0.81256948 | FN204: 0.55793733 | FO204: 0.60890554 | FP204: 0.52970884 | FQ204: 0.520084 | FR204: 0.55826713 | FS204: 0.70155728 | FT204: 0.7629265 | FU204: 0.60569368 | FV204: 0.49688617 | FW204: 0.75644145 | FX204: 0.16413247 | FY204: 0.41099761 | FZ204: 0.2822565 | GA204: 0.72170404 | GB204: 0.39238468 | GC204: 0.41498902 | GD204: 0.64496401 | GE204: 0.66310933 | GF204: 0.68817728 | GG204: 0.69067882 | GH204: 0 | GI204: 0.64627728 | GJ204: 0.5390377
A205: 200 | B205: 9700 | C205: 県内生産額 | D205: 1 | E205: 1 | F205: 1 | G205: 1 | H205: 1 | I205: 1 | J205: 1 | K205: 1 | L205: 1 | M205: 1 | N205: 1 | O205: 0 | P205: 1 | Q205: 0 | R205: 1 | S205: 1 | T205: 1 | U205: 1 | V205: 1 | W205: 1 | X205: 1 | Y205: 1 | Z205: 1 | AA205: 1 | AB205: 1 | AC205: 1 | AD205: 0 | AE205: 1 | AF205: 1 | AG205: 1 | AH205: 1 | AI205: 1 | AJ205: 1 | AK205: 1 | AL205: 1 | AM205: 1 | AN205: 1 | AO205: 1 | AP205: 0 | AQ205: 1 | AR205: 1 | AS205: 1 | AT205: 1 | AU205: 1 | AV205: 1 | AW205: 1 | AX205: 1 | AY205: 0 | AZ205: 1 | BA205: 0 | BB205: 1 | BC205: 1 | BD205: 1 | BE205: 1 | BF205: 1 | BG205: 1 | BH205: 1 | BI205: 1 | BJ205: 1 | BK205: 1 | BL205: 1 | BM205: 1 | BN205: 1 | BO205: 1 | BP205: 0 | BQ205: 1 | BR205: 1 | BS205: 1 | BT205: 1 | BU205: 1 | BV205: 1 | BW205: 0 | BX205: 0 | BY205: 0 | BZ205: 0 | CA205: 0 | CB205: 1 | CC205: 1 | CD205: 1 | CE205: 0 | CF205: 1 | CG205: 1 | CH205: 1 | CI205: 1 | CJ205: 1 | CK205: 1 | CL205: 1 | CM205: 1 | CN205: 1 | CO205: 1 | CP205: 1 | CQ205: 1 | CR205: 1 | CS205: 1 | CT205: 1 | CU205: 1 | CV205: 1 | CW205: 1 | CX205: 1 | CY205: 1 | CZ205: 1 | DA205: 1 | DB205: 1 | DC205: 1 | DD205: 0 | DE205: 1 | DF205: 1 | DG205: 1 | DH205: 1 | DI205: 1 | DJ205: 1 | DK205: 1 | DL205: 1 | DM205: 1 | DN205: 1 | DO205: 0 | DP205: 1 | DQ205: 0 | DR205: 1 | DS205: 1 | DT205: 1 | DU205: 1 | DV205: 1 | DW205: 1 | DX205: 1 | DY205: 1 | DZ205: 1 | EA205: 1 | EB205: 1 | EC205: 1 | ED205: 1 | EE205: 1 | EF205: 1 | EG205: 1 | EH205: 1 | EI205: 1 | EJ205: 1 | EK205: 1 | EL205: 1 | EM205: 1 | EN205: 1 | EO205: 1 | EP205: 1 | EQ205: 1 | ER205: 1 | ES205: 1 | ET205: 1 | EU205: 1 | EV205: 1 | EW205: 0 | EX205: 1 | EY205: 0 | EZ205: 1 | FA205: 1 | FB205: 1 | FC205: 1 | FD205: 1 | FE205: 1 | FF205: 1 | FG205: 1 | FH205: 1 | FI205: 1 | FJ205: 1 | FK205: 1 | FL205: 1 | FM205: 1 | FN205: 1 | FO205: 1 | FP205: 1 | FQ205: 1 | FR205: 1 | FS205: 1 | FT205: 1 | FU205: 1 | FV205: 1 | FW205: 1 | FX205: 1 | FY205: 1 | FZ205: 1 | GA205: 1 | GB205: 1 | GC205: 1 | GD205: 1 | GE205: 1 | GF205: 1 | GG205: 1 | GH205: 1 | GI205: 1 | GJ205: 1

Sheet 逆行列係数表（閉鎖型）
A1: 令和２年（2020年）長野県産業連関表
A2: 第３表 逆行列係数表 (I-A)-1型
D3: 1 | E3: 2 | F3: 3 | G3: 4 | H3: 5 | I3: 6 | J3: 7 | K3: 8 | L3: 9 | M3: 10 | N3: 11 | O3: 12 | P3: 13 | Q3: 14 | R3: 15 | S3: 16 | T3: 17 | U3: 18 | V3: 19 | W3: 20 | X3: 21 | Y3: 22 | Z3: 23 | AA3: 24 | AB3: 25 | AC3: 26 | AD3: 27 | AE3: 28 | AF3: 29 | AG3: 30 | AH3: 31 | AI3: 32 | AJ3: 33 | AK3: 34 | AL3: 35 | AM3: 36 | AN3: 37 | AO3: 38 | AP3: 39 | AQ3: 40 | AR3: 41 | AS3: 42 | AT3: 43 | AU3: 44 | AV3: 45 | AW3: 46 | AX3: 47 | AY3: 48 | AZ3: 49 | BA3: 50 | BB3: 51 | BC3: 52 | BD3: 53 | BE3: 54 | BF3: 55 | BG3: 56 | BH3: 57 | BI3: 58 | BJ3: 59 | BK3: 60 | BL3: 61 | BM3: 62 | BN3: 63 | BO3: 64 | BP3: 65 | BQ3: 66 | BR3: 67 | BS3: 68 | BT3: 69 | BU3: 70 | BV3: 71 | BW3: 72 | BX3: 73 | BY3: 74 | BZ3: 75 | CA3: 76 | CB3: 77 | CC3: 78 | CD3: 79 | CE3: 80 | CF3: 81 | CG3: 82 | CH3: 83 | CI3: 84 | CJ3: 85 | CK3: 86 | CL3: 87 | CM3: 88 | CN3: 89 | CO3: 90 | CP3: 91 | CQ3: 92 | CR3: 93 | CS3: 94 | CT3: 95 | CU3: 96 | CV3: 97 | CW3: 98 | CX3: 99 | CY3: 100 | CZ3: 101 | DA3: 102 | DB3: 103 | DC3: 104 | DD3: 105 | DE3: 106 | DF3: 107 | DG3: 108 | DH3: 109 | DI3: 110 | DJ3: 111 | DK3: 112 | DL3: 113 | DM3: 114 | DN3: 115 | DO3: 116 | DP3: 117 | DQ3: 118 | DR3: 119 | DS3: 120 | DT3: 121 | DU3: 122 | DV3: 123 | DW3: 124 | DX3: 125 | DY3: 126 | DZ3: 127 | EA3: 128 | EB3: 129 | EC3: 130 | ED3: 131 | EE3: 132 | EF3: 133 | EG3: 134 | EH3: 135 | EI3: 136 | EJ3: 137 | EK3: 138 | EL3: 139 | EM3: 140 | EN3: 141 | EO3: 142 | EP3: 143 | EQ3: 144 | ER3: 145 | ES3: 146 | ET3: 147 | EU3: 148 | EV3: 149 | EW3: 150 | EX3: 151 | EY3: 152 | EZ3: 153 | FA3: 154 | FB3: 155 | FC3: 156 | FD3: 157 | FE3: 158 | FF3: 159 | FG3: 160 | FH3: 161 | FI3: 162 | FJ3: 163 | FK3: 164 | FL3: 165 | FM3: 166 | FN3: 167 | FO3: 168 | FP3: 169 | FQ3: 170 | FR3: 171 | FS3: 172 | FT3: 173 | FU3: 174 | FV3: 175 | FW3: 176 | FX3: 177 | FY3: 178 | FZ3: 179 | GA3: 180 | GB3: 181 | GC3: 182 | GD3: 183 | GE3: 184 | GF3: 185 | GG3: 186 | GH3: 187 | GI3: 188
D4: 0111 | E4: 0112 | F4: 0113 | G4: 0114 | H4: 0115 | I4: 0116 | J4: 0121 | K4: 0131 | L4: 0151 | M4: 0152 | N4: 0153 | O4: 0171 | P4: 0172 | Q4: 0611 | R4: 0621 | S4: 0629 | T4: 1111 | U4: 1112 | V4: 1113 | W4: 1114 | X4: 1115 | Y4: 1116 | Z4: 1119 | AA4: 1121 | AB4: 1129 | AC4: 1131 | AD4: 1141 | AE4: 1511 | AF4: 1512 | AG4: 1513 | AH4: 1514 | AI4: 1519 | AJ4: 1521 | AK4: 1522 | AL4: 1529 | AM4: 1611 | AN4: 1619 | AO4: 1621 | AP4: 1631 | AQ4: 1632 | AR4: 1633 | AS4: 1641 | AT4: 1649 | AU4: 1911 | AV4: 2011 | AW4: 2021 | AX4: 2029 | AY4: 2031 | AZ4: 2041 | BA4: 2042 | BB4: 2049 | BC4: 2051 | BD4: 2061 | BE4: 2071 | BF4: 2081 | BG4: 2082 | BH4: 2083 | BI4: 2084 | BJ4: 2089 | BK4: 2111 | BL4: 2121 | BM4: 2211 | BN4: 2221 | BO4: 2229 | BP4: 2311 | BQ4: 2312 | BR4: 2511 | BS4: 2521 | BT4: 2531 | BU4: 2591 | BV4: 2599 | BW4: 2611 | BX4: 2612 | BY4: 2621 | BZ4: 2622 | CA4: 2623 | CB4: 2631 | CC4: 2699 | CD4: 2711 | CE4: 2712 | CF4: 2721 | CG4: 2729 | CH4: 2811 | CI4: 2812 | CJ4: 2891 | CK4: 2899 | CL4: 2911 | CM4: 2912 | CN4: 2913 | CO4: 2914 | CP4: 2919 | CQ4: 3011 | CR4: 3012 | CS4: 3013 | CT4: 3014 | CU4: 3015 | CV4: 3016 | CW4: 3017 | CX4: 3019 | CY4: 3111 | CZ4: 3112 | DA4: 3113 | DB4: 3114 | DC4: 3115 | DD4: 3116 | DE4: 3211 | DF4: 3299 | DG4: 3311 | DH4: 3321 | DI4: 3331 | DJ4: 3332 | DK4: 3399 | DL4: 3411 | DM4: 3412 | DN4: 3421 | DO4: 3511 | DP4: 3521 | DQ4: 3522 | DR4: 3531 | DS4: 3541 | DT4: 3591 | DU4: 3592 | DV4: 3599 | DW4: 3911 | DX4: 3919 | DY4: 3921 | DZ4: 4111 | EA4: 4112 | EB4: 4121 | EC4: 4131 | ED4: 4191 | EE4: 4611 | EF4: 4621 | EG4: 4622 | EH4: 4711 | EI4: 4811 | EJ4: 5111 | EK4: 5112 | EL4: 5311 | EM4: 5312 | EN4: 5511 | EO4: 5521 | EP4: 5531 | EQ4: 5711 | ER4: 5712 | ES4: 5721 | ET4: 5722 | EU4: 5731 | EV4: 5732 | EW4: 5741 | EX4: 5742 | EY4: 5743 | EZ4: 5751 | FA4: 5761 | FB4: 5771 | FC4: 5781 | FD4: 5789 | FE4: 5791 | FF4: 5911 | FG4: 5921 | FH4: 5931 | FI4: 5941 | FJ4: 5951 | FK4: 6111 | FL4: 6112 | FM4: 6311 | FN4: 6312 | FO4: 6321 | FP4: 6322 | FQ4: 6411 | FR4: 6421 | FS4: 6431 | FT4: 6441 | FU4: 6599 | FV4: 6611 | FW4: 6612 | FX4: 6621 | FY4: 6631 | FZ4: 6632 | GA4: 6699 | GB4: 6711 | GC4: 6721 | GD4: 6731 | GE4: 6741 | GF4: 6751 | GG4: 6799 | GH4: 6811 | GI4: 6911
C5: 統合小分類（188部門） | D5: 穀類 | E5: いも・豆類 | F5: 野菜 | G5: 果実 | H5: その他の食用作物 | I5: 非食用作物 | J5: 畜産 | K5: 農業サービス | L5: 育林 | M5: 素材 | N5: 特用林産物 | O5: 海面漁業 | P5: 内水面漁業 | Q5: 石炭・原油・天然ガス | R5: 砂利・採石 | S5: その他の鉱物 | T5: 畜産食料品 | U5: 水産食料品 | V5: 精穀・製粉 | W5: めん・パン・菓子類 | X5: 農産保存食料品 | Y5: 砂糖・油脂・調味料類 | Z5: その他の食料品 | AA5: 酒類 | AB5: その他の飲料 | AC5: 飼料・有機質肥料（別掲を除く。） | AD5: たばこ | AE5: 紡績糸 | AF5: 織物 | AG5: ニット生地 | AH5: 染色整理 | AI5: その他の繊維工業製品 | AJ5: 織物製・ニット製衣服 | AK5: その他の衣服・身の回り品 | AL5: その他の繊維既製品 | AM5: 木材 | AN5: その他の木製品 | AO5: 家具・装備品 | AP5: パルプ | AQ5: 紙・板紙 | AR5: 加工紙 | AS5: 紙製容器 | AT5: その他の紙加工品 | AU5: 印刷・製版・製本 | AV5: 化学肥料 | AW5: ソーダ工業製品 | AX5: その他の無機化学工業製品 | AY5: 石油化学系基礎製品 | AZ5: 脂肪族中間物・環式中間物・合成染料・有機顔料 | BA5: 合成ゴム | BB5: その他の有機化学工業製品 | BC5: 合成樹脂 | BD5: 化学繊維 | BE5: 医薬品 | BF5: 油脂加工製品・界面活性剤 | BG5: 化粧品・歯磨 | BH5: 塗料・印刷インキ | BI5: 農薬 | BJ5: その他の化学最終製品 | BK5: 石油製品 | BL5: 石炭製品 | BM5: プラスチック製品 | BN5: タイヤ・チューブ | BO5: その他のゴム製品 | BP5: 革製履物 | BQ5: なめし革・革製品・毛皮（革製履物を除く。） | BR5: ガラス・ガラス製品 | BS5: セメント・セメント製品 | BT5: 陶磁器 | BU5: 建設用土石製品 | BV5: その他の窯業・土石製品 | BW5: 銑鉄・粗鋼 | BX5: 鉄屑 | BY5: 熱間圧延鋼材 | BZ5: 鋼管 | CA5: 冷延・めっき鋼材 | CB5: 鋳鍛造品（鉄） | CC5: その他の鉄鋼製品 | CD5: 非鉄金属製錬・精製 | CE5: 非鉄金属屑 | CF5: 電線・ケーブル | CG5: その他の非鉄金属製品 | CH5: 建設用金属製品 | CI5: 建築用金属製品 | CJ5: ガス・石油機器・暖房・調理装置 | CK5: その他の金属製品 | CL5: ボイラ・原動機 | CM5: ポンプ・圧縮機 | CN5: 運搬機械 | CO5: 冷凍機・温湿調整装置 | CP5: その他のはん用機械 | CQ5: 農業用機械 | CR5: 建設・鉱山機械 | CS5: 繊維機械 | CT5: 生活関連産業用機械 | CU5: 基礎素材産業用機械 | CV5: 金属加工機械 | CW5: 半導体製造装置 | CX5: その他の生産用機械 | CY5: 事務用機械 | CZ5: サービス用・娯楽用機器 | DA5: 計測機器 | DB5: 医療用機械器具 | DC5: 光学機械・レンズ | DD5: 武器 | DE5: 電子デバイス | DF5: その他の電子部品 | DG5: 産業用電気機器 | DH5: 民生用電気機器 | DI5: 電子応用装置 | DJ5: 電気計測器 | DK5: その他の電気機械 | DL5: 通信機器 | DM5: 映像・音響機器 | DN5: 電子計算機・同附属装置 | DO5: 乗用車 | DP5: トラック・バス・その他の自動車 | DQ5: 二輪自動車 | DR5: 自動車部品・同附属品 | DS5: 船舶・同修理 | DT5: 鉄道車両・同修理 | DU5: 航空機・同修理 | DV5: その他の輸送機械 | DW5: がん具・運動用品 | DX5: その他の製造工業製品 | DY5: 再生資源回収・加工処理 | DZ5: 住宅建築 | EA5: 非住宅建築 | EB5: 建設補修 | EC5: 公共事業 | ED5: その他の土木建設 | EE5: 電気 | EF5: 都市ガス | EG5: 熱供給業 | EH5: 水道 | EI5: 廃棄物処理 | EJ5: 卸売 | EK5: 小売 | EL5: 金融 | EM5: 保険 | EN5: 不動産仲介及び賃貸 | EO5: 住宅賃貸料 | EP5: 住宅賃貸料（帰属家賃） | EQ5: 鉄道旅客輸送 | ER5: 鉄道貨物輸送 | ES5: 道路旅客輸送 | ET5: 道路貨物輸送（自家輸送を除く。） | EU5: 自家輸送（旅客自動車） | EV5: 自家輸送（貨物自動車） | EW5: 外洋輸送 | EX5: 沿海・内水面輸送 | EY5: 港湾運送 | EZ5: 航空輸送 | FA5: 貨物利用運送 | FB5: 倉庫 | FC5: こん包 | FD5: その他の運輸附帯サービス | FE5: 郵便・信書便 | FF5: 通信 | FG5: 放送 | FH5: 情報サービス | FI5: インターネット附随サービス | FJ5: 映像・音声・文字情報制作 | FK5: 公務（中央） | FL5: 公務（地方） | FM5: 学校教育 | FN5: 社会教育・その他の教育 | FO5: 学術研究機関 | FP5: 企業内研究開発 | FQ5: 医療 | FR5: 保健衛生 | FS5: 社会保険・社会福祉 | FT5: 介護 | FU5: 他に分類されない会員制団体 | FV5: 物品賃貸業（貸自動車業を除く。） | FW5: 貸自動車業 | FX5: 広告 | FY5: 自動車整備 | FZ5: 機械修理 | GA5: その他の対事業所サービス | GB5: 宿泊業 | GC5: 飲食サービス | GD5: 洗濯・理容・美容・浴場業 | GE5: 娯楽サービス | GF5: 獣医業 | GG5: その他の対個人サービス | GH5: 事務用品 | GI5: 分類不明 | GJ5: 行和 | GK5: 感応度係数
A6: 1 | B6: 0111 | C6: 穀類 | D6: 1.0150526 | E6: 0.0041282657 | F6: 0.0041610324 | G6: 0.0035669178 | H6: 0.00393032 | I6: 0.013278454 | J6: 0.037980511 | K6: 0.013316444 | L6: 0.00022325936 | M6: 9.3462445e-05 | N6: 0.017881086 | O6: 0 | P6: 0.012698096 | Q6: 0 | R6: 2.6784033e-05 | S6: 3.0681041e-05 | T6: 0.014567061 | U6: 0.0013735143 | V6: 0.69734349 | W6: 0.057842292 | X6: 0.0020839785 | Y6: 0.016404301 | Z6: 0.036616698 | AA6: 0.024556992 | AB6: 0.0028134791 | AC6: 0.084230004 | AD6: 0 | AE6: 0.0015791953 | AF6: 0.00016023208 | AG6: 0 | AH6: 0.00010426677 | AI6: 0.00022441817 | AJ6: 0.0001554141 | AK6: 0.00022799937 | AL6: 0.0002847138 | AM6: 0.00056111533 | AN6: 0.00022063745 | AO6: 8.2088166e-05 | AP6: 0 | AQ6: 4.5150325e-05 | AR6: 0.00013096031 | AS6: 6.7057503e-05 | AT6: 3.0245548e-05 | AU6: 2.7597458e-05 | AV6: 8.1656966e-05 | AW6: 1.3736536e-05 | AX6: 4.6667193e-05 | AY6: 0 | AZ6: 2.4275279e-06 | BA6: 0 | BB6: 0 | BC6: 8.8204477e-06 | BD6: 2.4127294e-06 | BE6: 0.00027935646 | BF6: 0.00092147542 | BG6: 6.0896999e-05 | BH6: 0.0004958109 | BI6: 4.838806e-05 | BJ6: 0.0004315047 | BK6: 2.5495389e-07 | BL6: 3.3759809e-05 | BM6: 1.2939791e-05 | BN6: 0.00092084258 | BO6: 0.00020385455 | BP6: 0 | BQ6: 0.0014367929 | BR6: 2.7058501e-05 | BS6: 1.9814058e-05 | BT6: 8.5897617e-05 | BU6: 2.312095e-05 | BV6: 3.7925653e-05 | BW6: 0 | BX6: 0 | BY6: 0 | BZ6: 0 | CA6: 0 | CB6: 2.0949287e-05 | CC6: 4.1115339e-06 | CD6: 1.2621377e-05 | CE6: 0 | CF6: 2.4444084e-05 | CG6: 1.7739312e-05 | CH6: 1.3306747e-05 | CI6: 1.1767911e-05 | CJ6: 1.4603947e-05 | CK6: 9.5585122e-06 | CL6: 9.3249423e-06 | CM6: 1.5430608e-05 | CN6: 1.763172e-05 | CO6: 1.9465994e-05 | CP6: 1.4419823e-05 | CQ6: 2.9509007e-05 | CR6: 5.6713078e-05 | CS6: 1.6377784e-05 | CT6: 1.2822463e-05 | CU6: 1.3427851e-05 | CV6: 2.1776751e-05 | CW6: 1.2263891e-05 | CX6: 1.5368868e-05 | CY6: 3.3402527e-05 | CZ6: 2.3764438e-05 | DA6: 1.6078003e-05 | DB6: 2.5194625e-05 | DC6: 3.9175496e-05 | DD6: 0 | DE6: 2.1364619e-05 | DF6: 2.5119206e-05 | DG6: 2.5080857e-05 | DH6: 2.0382494e-05 | DI6: 1.7661072e-05 | DJ6: 2.9776345e-05 | DK6: 1.7417861e-05 | DL6: 2.6505893e-05 | DM6: 2.6223354e-05 | DN6: 2.1893819e-05 | DO6: 0 | DP6: 4.0331237e-05 | DQ6: 0 | DR6: 2.4335714e-05 | DS6: 1.3622126e-05 | DT6: 2.1199582e-05 | DU6: 8.6340938e-06 | DV6: 2.7611602e-05 | DW6: 0.00012639237 | DX6: 0.002151834 | DY6: 1.3945629e-05 | DZ6: 6.4708154e-05 | EA6: 3.7276419e-05 | EB6: 5.3138693e-05 | EC6: 5.1670748e-05 | ED6: 4.9071403e-05 | EE6: 1.2003576e-05 | EF6: 2.3291358e-05 | EG6: 7.2502655e-06 | EH6: 2.6986499e-05 | EI6: 1.9198899e-05 | EJ6: 1.0497063e-05 | EK6: 2.3863382e-05 | EL6: 1.414992e-05 | EM6: 1.6975282e-05 | EN6: 8.1321487e-06 | EO6: 7.9460743e-06 | EP6: 2.6316561e-06 | EQ6: 1.4963155e-05 | ER6: 1.0932437e-05 | ES6: 1.5688284e-05 | ET6: 8.7031082e-06 | EU6: 2.5638051e-05 | EV6: 4.3795711e-05 | EW6: 0 | EX6: 4.8903875e-06 | EY6: 0 | EZ6: 1.108968e-05 | FA6: 9.1970231e-06 | FB6: 1.4277418e-05 | FC6: 3.6240439e-05 | FD6: 1.4648812e-05 | FE6: 5.6539399e-06 | FF6: 2.410665e-05 | FG6: 2.9479628e-05 | FH6: 4.2577436e-05 | FI6: 2.4879368e-05 | FJ6: 3.7258657e-05 | FK6: 9.1916639e-05 | FL6: 3.7910359e-05 | FM6: 0.00064967415 | FN6: 0.0007841991 | FO6: 0.00016766669 | FP6: 0.0006415962 | FQ6: 0.00041527767 | FR6: 2.8974813e-05 | FS6: 0.0010472251 | FT6: 0.0022604277 | FU6: 0.00058462806 | FV6: 4.2905778e-05 | FW6: 1.3451168e-05 | FX6: 3.3501373e-05 | FY6: 8.3381065e-05 | FZ6: 2.1194863e-05 | GA6: 1.8670307e-05 | GB6: 0.0082352149 | GC6: 0.010848981 | GD6: 3.9535654e-05 | GE6: 0.00014132074 | GF6: 0.00075535301 | GG6: 0.00090460583 | GH6: 0.00031035395 | GI6: 0.00011100637 | GJ6: 0.032214684 | GK6: 0.028559969
A7: 2 | B7: 0112 | C7: いも・豆類 | D7: 0.00014566061 | E7: 1.0737056 | F7: 0.0044045996 | G7: 4.0140844e-05 | H7: 0.00019608902 | I7: 9.8929934e-05 | J7: 0.0029744872 | K7: 0.00030745071 | L7: 1.8886471e-06 | M7: 1.5903809e-06 | N7: 0.0012849026 | O7: 0 | P7: 0.0010786911 | Q7: 0 | R7: 2.6090345e-06 | S7: 7.7403362e-06 | T7: 0.0015418092 | U7: 0.0010461899 | V7: 0.00062984404 | W7: 0.0092833378 | X7: 0.0063366025 | Y7: 0.015116293 | Z7: 0.026083267 | AA7: 0.0032768488 | AB7: 0.0030478572 | AC7: 0.007066914 | AD7: 0 | AE7: 3.1011854e-05 | AF7: 8.0787572e-06 | AG7: 0 | AH7: 4.0411356e-05 | AI7: 1.5070014e-05 | AJ7: 8.1039348e-06 | AK7: 1.4115161e-05 | AL7: 2.4577172e-05 | AM7: 1.0281079e-05 | AN7: 1.4029966e-05 | AO7: 1.8804625e-05 | AP7: 0 | AQ7: 2.7842285e-05 | AR7: 0.0001073228 | AS7: 5.2191942e-05 | AT7: 1.421078e-05 | AU7: 1.8837263e-05 | AV7: 1.039781e-05 | AW7: 4.3896851e-06 | AX7: 2.3670611e-05 | AY7: 0 | AZ7: 3.6361771e-07 | BA7: 0 | BB7: 0 | BC7: 3.9282209e-06 | BD7: 5.0388313e-07 | BE7: 0.00015388242 | BF7: 0.00084110062 | BG7: 4.484062e-05 | BH7: 0.00044933132 | BI7: 3.1381431e-05 | BJ7: 0.00030537522 | BK7: 3.4531735e-08 | BL7: 2.3430591e-05 | BM7: 5.6546459e-06 | BN7: 8.7405493e-06 | BO7: 1.0607969e-05 | BP7: 0 | BQ7: 0.00012508057 | BR7: 1.3068605e-05 | BS7: 6.6550345e-06 | BT7: 1.6828572e-05 | BU7: 4.7764635e-06 | BV7: 1.4327839e-05 | BW7: 0 | BX7: 0 | BY7: 0 | BZ7: 0 | CA7: 0 | CB7: 5.1855399e-06 | CC7: 5.9754107e-07 | CD7: 2.6828612e-06 | CE7: 0 | CF7: 6.2123839e-06 | CG7: 3.1554757e-06 | CH7: 5.5537637e-06 | CI7: 2.5154587e-06 | CJ7: 4.6626509e-06 | CK7: 3.6918669e-06 | CL7: 1.8308519e-06 | CM7: 2.4714727e-06 | CN7: 3.2574295e-06 | CO7: 3.6967655e-06 | CP7: 3.4446599e-06 | CQ7: 3.0146313e-06 | CR7: 3.7992272e-06 | CS7: 4.1964261e-06 | CT7: 3.2527408e-06 | CU7: 3.7982778e-06 | CV7: 3.2851191e-06 | CW7: 3.5284437e-06 | CX7: 3.822027e-06 | CY7: 1.2597455e-05 | CZ7: 7.1987168e-06 | DA7: 2.9101426e-06 | DB7: 4.7847754e-06 | DC7: 5.9746975e-06 | DD7: 0 | DE7: 5.4647295e-06 | DF7: 5.874233e-06 | DG7: 5.0933829e-06 | DH7: 5.3930199e-06 | DI7: 4.5613549e-06 | DJ7: 4.9379137e-06 | DK7: 6.4470482e-06 | DL7: 6.6585979e-06 | DM7: 5.741353e-06 | DN7: 6.2745674e-06 | DO7: 0 | DP7: 8.1473411e-06 | DQ7: 0 | DR7: 8.0502107e-06 | DS7: 3.3530679e-06 | DT7: 3.6087423e-06 | DU7: 2.3012234e-06 | DV7: 5.6693604e-06 | DW7: 1.3665792e-05 | DX7: 1.6146583e-05 | DY7: 1.421402e-06 | DZ7: 7.0518567e-06 | EA7: 4.7327525e-06 | EB7: 6.1375366e-06 | EC7: 4.2369423e-06 | ED7: 3.3855209e-06 | EE7: 1.3133355e-06 | EF7: 3.453357e-06 | EG7: 9.8607376e-07 | EH7: 2.8633492e-06 | EI7: 3.3676161e-06 | EJ7: 1.7297207e-06 | EK7: 2.4027754e-06 | EL7: 1.589246e-06 | EM7: 1.7001974e-06 | EN7: 1.0629596e-06 | EO7: 1.0193901e-06 | EP7: 3.4569196e-07 | EQ7: 1.4894264e-06 | ER7: 1.2040574e-06 | ES7: 1.3858181e-06 | ET7: 1.0275442e-06 | EU7: 2.6736419e-06 | EV7: 3.0307335e-06 | EW7: 0 | EX7: 7.5145685e-07 | EY7: 0 | EZ7: 1.4442282e-06 | FA7: 1.1483537e-06 | FB7: 1.9337772e-06 | FC7: 9.5569432e-06 | FD7: 1.9734845e-06 | FE7: 7.5832383e-07 | FF7: 2.0265569e-06 | FG7: 3.1909026e-06 | FH7: 2.0836157e-06 | FI7: 2.2870546e-06 | FJ7: 7.3808801e-06 | FK7: 6.6880619e-06 | FL7: 1.6226288e-05 | FM7: 0.00019120658 | FN7: 3.4009555e-05 | FO7: 1.5038469e-05 | FP7: 8.6273257e-05 | FQ7: 0.00011831563 | FR7: 1.1408682e-05 | FS7: 0.00035106282 | FT7: 0.0005716873 | FU7: 1.4022534e-05 | FV7: 3.2983136e-06 | FW7: 1.2090724e-06 | FX7: 5.5867371e-06 | FY7: 8.7170561e-06 | FZ7: 3.5020625e-06 | GA7: 3.1136208e-06 | GB7: 0.0023409015 | GC7: 0.0028098612 | GD7: 1.4013118e-05 | GE7: 9.3627292e-06 | GF7: 7.3878769e-05 | GG7: 0.00016666306 | GH7: 1.4802772e-05 | GI7: 1.5537005e-05 | GJ7: 0.0072005767 | GK7: 0.0063836804
A8: 3 | B8: 0113 | C8: 野菜 | D8: 0.00011483857 | E8: 8.1543963e-05 | F8: 1.0004408 | G8: 3.8168071e-05 | H8: 0.00015346106 | I8: 7.9838318e-05 | J8: 0.0020927128 | K8: 0.000234556 | L8: 3.3591803e-06 | M8: 4.4835892e-06 | N8: 0.0015814802 | O8: 0 | P8: 0.0008366944 | Q8: 0 | R8: 7.1993765e-06 | S8: 1.8283981e-05 | T8: 0.0023215395 | U8: 0.0020140834 | V8: 0.000100365 | W8: 0.0090426547 | X8: 0.13409721 | Y8: 0.027845412 | Z8: 0.033232156 | AA8: 0.00051877703 | AB8: 0.0069775271 | AC8: 0.0053629311 | AD8: 0 | AE8: 2.9147338e-05 | AF8: 1.261255e-05 | AG8: 0 | AH8: 7.4746016e-05 | AI8: 2.4052259e-05 | AJ8: 1.4924951e-05 | AK8: 2.3237927e-05 | AL8: 3.9399868e-05 | AM8: 1.9994724e-05 | AN8: 2.5108456e-05 | AO8: 3.5564657e-05 | AP8: 0 | AQ8: 5.2044857e-05 | AR8: 0.00019867147 | AS8: 9.697464e-05 | AT8: 2.71297e-05 | AU8: 3.5699456e-05 | AV8: 1.5396707e-05 | AW8: 1.0110705e-05 | AX8: 4.7127953e-05 | AY8: 0 | AZ8: 1.0377711e-06 | BA8: 0 | BB8: 0 | BC8: 8.0948728e-06 | BD8: 1.2933678e-06 | BE8: 0.00028281008 | BF8: 0.0015506962 | BG8: 8.4593438e-05 | BH8: 0.00082850604 | BI8: 5.997376e-05 | BJ8: 0.00056143752 | BK8: 1.2323565e-07 | BL8: 4.3582594e-05 | BM8: 1.1476548e-05 | BN8: 9.5619687e-06 | BO8: 1.8730345e-05 | BP8: 0 | BQ8: 0.00012675319 | BR8: 2.4992921e-05 | BS8: 1.4191769e-05 | BT8: 3.3629268e-05 | BU8: 9.7390261e-06 | BV8: 2.7506404e-05 | BW8: 0 | BX8: 0 | BY8: 0 | BZ8: 0 | CA8: 0 | CB8: 1.0046786e-05 | CC8: 1.5684209e-06 | CD8: 6.5833852e-06 | CE8: 0 | CF8: 1.4012522e-05 | CG8: 7.7473095e-06 | CH8: 1.0985854e-05 | CI8: 5.1983071e-06 | CJ8: 9.6231006e-06 | CK8: 7.3510362e-06 | CL8: 4.1727688e-06 | CM8: 6.9586043e-06 | CN8: 7.1842147e-06 | CO8: 1.0085474e-05 | CP8: 8.6676e-06 | CQ8: 6.08625e-06 | CR8: 7.5890227e-06 | CS8: 9.757726e-06 | CT8: 7.1874303e-06 | CU8: 7.8536624e-06 | CV8: 6.9110995e-06 | CW8: 7.3455969e-06 | CX8: 7.9358195e-06 | CY8: 2.504188e-05 | CZ8: 1.4639955e-05 | DA8: 6.292938e-06 | DB8: 1.0277217e-05 | DC8: 1.0601314e-05 | DD8: 0 | DE8: 1.1862343e-05 | DF8: 1.2336711e-05 | DG8: 1.0540755e-05 | DH8: 1.1068567e-05 | DI8: 9.5939263e-06 | DJ8: 1.072488e-05 | DK8: 1.2940395e-05 | DL8: 1.3477113e-05 | DM8: 1.1775095e-05 | DN8: 1.3016099e-05 | DO8: 0 | DP8: 1.5643126e-05 | DQ8: 0 | DR8: 1.5724496e-05 | DS8: 7.063615e-06 | DT8: 7.2951632e-06 | DU8: 4.9175098e-06 | DV8: 1.1107209e-05 | DW8: 2.4085848e-05 | DX8: 2.8655208e-05 | DY8: 5.1962322e-06 | DZ8: 1.3732836e-05 | EA8: 1.0248056e-05 | EB8: 1.2693044e-05 | EC8: 8.5141767e-06 | ED8: 7.5625353e-06 | EE8: 4.8010285e-06 | EF8: 1.0400877e-05 | EG8: 2.5929018e-06 | EH8: 1.2394942e-05 | EI8: 7.9519663e-06 | EJ8: 4.6846706e-06 | EK8: 5.4941401e-06 | EL8: 5.5728471e-06 | EM8: 7.1931882e-06 | EN8: 4.1882441e-06 | EO8: 3.9113887e-06 | EP8: 1.2873139e-06 | EQ8: 3.7586892e-06 | ER8: 3.400886e-06 | ES8: 5.912614e-06 | ET8: 3.469495e-06 | EU8: 6.9875128e-06 | EV8: 7.287017e-06 | EW8: 0 | EX8: 2.2219634e-06 | EY8: 0 | EZ8: 4.1918401e-06 | FA8: 3.3669987e-06 | FB8: 6.9011962e-06 | FC8: 1.8517183e-05 | FD8: 7.1918444e-06 | FE8: 2.0625111e-06 | FF8: 5.8758657e-06 | FG8: 1.6165632e-05 | FH8: 5.5487182e-06 | FI8: 5.7417286e-06 | FJ8: 2.4331819e-05 | FK8: 4.9147569e-05 | FL8: 2.203042e-05 | FM8: 0.0012065303 | FN8: 3.0665023e-05 | FO8: 1.7000352e-05 | FP8: 0.00034080829 | FQ8: 0.00065959008 | FR8: 2.1701247e-05 | FS8: 0.0017717201 | FT8: 0.0028837444 | FU8: 0.0003526877 | FV8: 8.2287188e-06 | FW8: 6.5097408e-06 | FX8: 1.9056525e-05 | FY8: 1.7404681e-05 | FZ8: 9.1941814e-06 | GA8: 8.5726326e-06 | GB8: 0.010496137 | GC8: 0.012564056 | GD8: 2.8807461e-05 | GE8: 0.00014603949 | GF8: 7.7314549e-05 | GG8: 0.001180942 | GH8: 2.7959963e-05 | GI8: 1.012242e-05 | GJ8: 0.032668659 | GK8: 0.028962441
A9: 4 | B9: 0114 | C9: 果実 | D9: 2.051742e-05 | E9: 1.9938427e-05 | F9: 1.6609584e-05 | G9: 1.0000112 | H9: 3.0770506e-05 | I9: 1.702285e-05 | J9: 0.00045567156 | K9: 3.7844742e-05 | L9: 3.6606061e-06 | M9: 5.4082747e-06 | N9: 0.0010580492 | O9: 0 | P9: 0.00012551337 | Q9: 0 | R9: 6.4977542e-06 | S9: 1.2541702e-05 | T9: 0.00061060882 | U9: 0.0020703936 | V9: 1.8959281e-05 | W9: 0.0061343009 | X9: 0.042082164 | Y9: 0.0030194752 | Z9: 0.023091265 | AA9: 0.0018423604 | AB9: 0.013407348 | AC9: 0.00063865417 | AD9: 0 | AE9: 7.4704886e-06 | AF9: 2.6490942e-06 | AG9: 0 | AH9: 1.0018192e-05 | AI9: 5.050113e-06 | AJ9: 5.8993496e-06 | AK9: 6.7806574e-06 | AL9: 1.1367242e-05 | AM9: 7.9215596e-06 | AN9: 7.342181e-06 | AO9: 6.7442302e-06 | AP9: 0 | AQ9: 8.2773082e-06 | AR9: 2.4397691e-05 | AS9: 1.2879102e-05 | AT9: 5.5937976e-06 | AU9: 6.2738919e-06 | AV9: 6.5109598e-06 | AW9: 5.980031e-06 | AX9: 1.4829557e-05 | AY9: 0 | AZ9: 9.4164352e-07 | BA9: 0 | BB9: 0 | BC9: 3.0432404e-06 | BD9: 1.0098302e-06 | BE9: 3.7635314e-05 | BF9: 0.00017056211 | BG9: 1.1911093e-05 | BH9: 9.1885456e-05 | BI9: 1.2427702e-05 | BJ9: 6.6044884e-05 | BK9: 1.4691078e-07 | BL9: 6.8058628e-06 | BM9: 3.7239733e-06 | BN9: 2.9300407e-06 | BO9: 4.0817337e-06 | BP9: 0 | BQ9: 3.2124904e-05 | BR9: 5.4716313e-06 | BS9: 6.6668141e-06 | BT9: 7.5988829e-06 | BU9: 4.2438778e-06 | BV9: 6.1678036e-06 | BW9: 0 | BX9: 0 | BY9: 0 | BZ9: 0 | CA9: 0 | CB9: 3.2058149e-06 | CC9: 1.722046e-06 | CD9: 4.8383784e-06 | CE9: 0 | CF9: 8.6022066e-06 | CG9: 5.6937302e-06 | CH9: 3.1541758e-06 | CI9: 2.2290028e-06 | CJ9: 3.9567585e-06 | CK9: 2.3629128e-06 | CL9: 2.7980274e-06 | CM9: 7.0280858e-06 | CN9: 4.3102713e-06 | CO9: 9.3717889e-06 | CP9: 6.7596256e-06 | CQ9: 2.6332876e-06 | CR9: 3.573428e-06 | CS9: 6.4989652e-06 | CT9: 3.7996527e-06 | CU9: 2.8357161e-06 | CV9: 3.0299722e-06 | CW9: 3.0679944e-06 | CX9: 3.3026854e-06 | CY9: 7.0897653e-06 | CZ9: 4.9273826e-06 | DA9: 3.0208905e-06 | DB9: 4.7273394e-06 | DC9: 3.9076272e-06 | DD9: 0 | DE9: 5.4615735e-06 | DF9: 4.5675305e-06 | DG9: 3.9921384e-06 | DH9: 3.8133882e-06 | DI9: 3.8130533e-06 | DJ9: 4.9420769e-06 | DK9: 3.98195e-06 | DL9: 4.3483751e-06 | DM9: 3.9303232e-06 | DN9: 4.7672972e-06 | DO9: 0 | DP9: 3.5581319e-06 | DQ9: 0 | DR9: 3.9838156e-06 | DS9: 3.1493142e-06 | DT9: 3.8452111e-06 | DU9: 2.4109609e-06 | DV9: 3.2322937e-06 | DW9: 6.598417e-06 | DX9: 7.4937088e-06 | DY9: 6.4045999e-06 | DZ9: 4.1292746e-06 | EA9: 5.596822e-06 | EB9: 5.7796914e-06 | EC9: 4.4938586e-06 | ED9: 4.5908647e-06 | EE9: 5.9723315e-06 | EF9: 1.1996316e-05 | EG9: 2.8321619e-06 | EH9: 1.8198579e-05 | EI9: 5.648445e-06 | EJ9: 4.3167803e-06 | EK9: 4.5086193e-06 | EL9: 6.2570209e-06 | EM9: 1.0557387e-05 | EN9: 3.4979161e-06 | EO9: 3.4455469e-06 | EP9: 9.5369866e-07 | EQ9: 3.3037302e-06 | ER9: 2.7452627e-06 | ES9: 7.3800968e-06 | ET9: 3.5764437e-06 | EU9: 5.5000759e-06 | EV9: 5.1683749e-06 | EW9: 0 | EX9: 2.1335261e-06 | EY9: 0 | EZ9: 3.7222195e-06 | FA9: 3.0615533e-06 | FB9: 8.2270037e-06 | FC9: 4.3376271e-06 | FD9: 8.2412864e-06 | FE9: 1.2985866e-06 | FF9: 5.2705049e-06 | FG9: 9.8267677e-06 | FH9: 3.1116619e-06 | FI9: 4.2848032e-06 | FJ9: 1.0422347e-05 | FK9: 1.5378202e-05 | FL9: 1.5352491e-05 | FM9: 0.00058715719 | FN9: 7.110722e-06 | FO9: 6.7392451e-06 | FP9: 0.0001667955 | FQ9: 0.00029676408 | FR9: 4.9622471e-06 | FS9: 0.0010320627 | FT9: 0.0016981698 | FU9: 0.00083905386 | FV9: 4.9072183e-06 | FW9: 9.0750206e-06 | FX9: 8.3329035e-06 | FY9: 6.3984002e-06 | FZ9: 6.6604716e-06 | GA9: 6.3819904e-06 | GB9: 0.0059871154 | GC9: 0.0064225224 | GD9: 8.2399962e-06 | GE9: 1.7370012e-05 | GF9: 1.6532714e-05 | GG9: 0.00064094308 | GH9: 6.346971e-06 | GI9: 1.1448617e-05 | GJ9: 0.018209184 | GK9: 0.016143375
A10: 5 | B10: 0115 | C10: その他の食用作物 | D10: 0.0036867399 | E10: 0.0021861772 | F10: 0.0014354964 | G10: 0.00088475562 | H10: 1.1531862 | I10: 0.0030298026 | J10: 0.059567765 | K10: 0.0074680955 | L10: 2.6621747e-05 | M10: 1.2894006e-05 | N10: 0.0029009447 | O10: 0 | P10: 0.028602836 | Q10: 0 | R10: 6.9892471e-06 | S10: 1.1141721e-05 | T10: 0.022288612 | U10: 0.0010987992 | V10: 0.01376856 | W10: 0.007969941 | X10: 0.0010054139 | Y10: 0.010317039 | Z10: 0.0050716487 | AA10: 0.0057872956 | AB10: 0.0086638105 | AC10: 0.19000732 | AD10: 0 | AE10: 0.00063858481 | AF10: 6.4757159e-05 | AG10: 0 | AH10: 4.2905977e-05 | AI10: 0.00010468839 | AJ10: 4.4751907e-05 | AK10: 0.00011337494 | AL10: 0.00025234887 | AM10: 2.4668975e-05 | AN10: 2.1133577e-05 | AO10: 1.9384317e-05 | AP10: 0 | AQ10: 3.0191612e-05 | AR10: 8.0680634e-05 | AS10: 4.0664e-05 | AT10: 1.4710952e-05 | AU10: 1.5640852e-05 | AV10: 0.00013366398 | AW10: 4.5254681e-06 | AX10: 2.0887728e-05 | AY10: 0 | AZ10: 7.4843792e-07 | BA10: 0 | BB10: 0 | BC10: 4.1814136e-06 | BD10: 8.6794049e-07 | BE10: 0.00021176757 | BF10: 0.0005775938 | BG10: 3.7090819e-05 | BH10: 0.00030946468 | BI10: 2.9161977e-05 | BJ10: 0.00031313766 | BK10: 5.9841039e-08 | BL10: 1.8275655e-05 | BM10: 5.6464142e-06 | BN10: 0.00021100089 | BO10: 5.1971452e-05 | BP10: 0 | BQ10: 0.0021631239 | BR10: 1.1303954e-05 | BS10: 7.3224242e-06 | BT10: 1.8160458e-05 | BU10: 7.0437369e-06 | BV10: 1.5096186e-05 | BW10: 0 | BX10: 0 | BY10: 0 | BZ10: 0 | CA10: 0 | CB10: 6.3923154e-06 | CC10: 1.0019476e-06 | CD10: 3.9903549e-06 | CE10: 0 | CF10: 7.1728812e-06 | CG10: 4.6525809e-06 | CH10: 6.3677165e-06 | CI10: 3.1317644e-06 | CJ10: 5.3397246e-06 | CK10: 3.8395243e-06 | CL10: 2.8529126e-06 | CM10: 4.2927103e-06 | CN10: 6.2433915e-06 | CO10: 5.6825182e-06 | CP10: 4.8773017e-06 | CQ10: 8.3831647e-06 | CR10: 1.500792e-05 | CS10: 5.0532758e-06 | CT10: 4.4824752e-06 | CU10: 4.7221685e-06 | CV10: 4.6186692e-06 | CW10: 4.8248076e-06 | CX10: 5.0752833e-06 | CY10: 1.390848e-05 | CZ10: 8.5260538e-06 | DA10: 6.7137932e-06 | DB10: 7.4215369e-06 | DC10: 3.5896829e-05 | DD10: 0 | DE10: 7.984001e-06 | DF10: 9.2282687e-06 | DG10: 7.5077963e-06 | DH10: 9.8790002e-06 | DI10: 7.1532192e-06 | DJ10: 7.3339047e-06 | DK10: 7.4007727e-06 | DL10: 1.1477741e-05 | DM10: 8.0533508e-06 | DN10: 8.3384053e-06 | DO10: 0 | DP10: 1.3306063e-05 | DQ10: 0 | DR10: 1.0609332e-05 | DS10: 5.2573035e-06 | DT10: 5.9556717e-06 | DU10: 2.874502e-06 | DV10: 8.7197412e-06 | DW10: 5.8219321e-05 | DX10: 8.9226362e-05 | DY10: 3.3386705e-06 | DZ10: 1.0508448e-05 | EA10: 9.2869779e-06 | EB10: 7.3197952e-06 | EC10: 2.575031e-05 | ED10: 1.1227809e-05 | EE10: 3.2870327e-06 | EF10: 1.3689201e-05 | EG10: 2.2978189e-06 | EH10: 4.9724648e-06 | EI10: 6.5808817e-06 | EJ10: 4.1732878e-06 | EK10: 2.2789091e-05 | EL10: 3.3983082e-06 | EM10: 3.7574174e-06 | EN10: 1.8872468e-06 | EO10: 1.7903536e-06 | EP10: 5.2807316e-07 | EQ10: 7.974167e-06 | ER10: 5.4483845e-06 | ES10: 3.0774401e-06 | ET10: 2.2318418e-06 | EU10: 7.4455381e-06 | EV10: 1.2203759e-05 | EW10: 0 | EX10: 1.3347132e-06 | EY10: 0 | EZ10: 2.6432366e-06 | FA10: 2.5299221e-06 | FB10: 3.3510982e-06 | FC10: 1.0315493e-05 | FD10: 3.047476e-06 | FE10: 2.0392889e-06 | FF10: 1.1386391e-05 | FG10: 1.3499632e-05 | FH10: 8.1536933e-06 | FI10: 1.2180094e-05 | FJ10: 1.5923744e-05 | FK10: 1.0663175e-05 | FL10: 7.7105406e-06 | FM10: 0.00019052793 | FN10: 0.00085516854 | FO10: 0.00031523454 | FP10: 0.0009238712 | FQ10: 0.00012948673 | FR10: 1.4857784e-05 | FS10: 0.00022543839 | FT10: 0.00035683406 | FU10: 3.0469264e-05 | FV10: 8.9006071e-06 | FW10: 2.7606664e-06 | FX10: 1.455435e-05 | FY10: 2.2142844e-05 | FZ10: 6.011562e-06 | GA10: 4.609355e-06 | GB10: 0.0012319163 | GC10: 0.0030110238 | GD10: 1.5808256e-05 | GE10: 0.00016867035 | GF10: 0.0015652255 | GG10: 0.0001393935 | GH10: 3.0282308e-05 | GI10: 2.8469835e-05 | GJ10: 0.010029013 | GK10: 0.0088912339
A11: 6 | B11: 0116 | C11: 非食用作物 | D11: 0.0015066025 | E11: 0.0089437067 | F11: 0.024967243 | G11: 0.00776939 | H11: 0.029015966 | I11: 1.0617597 | J11: 0.11427863 | K11: 0.0047402679 | L11: 0.00012556585 | M11: 0.00030811728 | N11: 0.00084370935 | O11: 0 | P11: 0.0033692402 | Q11: 0 | R11: 0.0010502761 | S11: 0.00078418179 | T11: 0.042488454 | U11: 0.00041507414 | V11: 0.001354761 | W11: 0.0037891312 | X11: 0.0039537568 | Y11: 0.0031078263 | Z11: 0.0063000376 | AA11: 0.00036854598 | AB11: 0.0040759326 | AC11: 0.021650913 | AD11: 0 | AE11: 0.10933486 | AF11: 0.010654161 | AG11: 0 | AH11: 0.0044357438 | AI11: 0.013681272 | AJ11: 0.0059485185 | AK11: 0.0059096854 | AL11: 0.0094596628 | AM11: 0.00029855771 | AN11: 0.00027793467 | AO11: 0.00021814355 | AP11: 0 | AQ11: 0.00011497278 | AR11: 0.00015458335 | AS11: 0.00012791306 | AT11: 0.00012985041 | AU11: 0.00010527174 | AV11: 0.00030020743 | AW11: 0.00010166796 | AX11: 0.00014316189 | AY11: 0 | AZ11: 3.5043661e-05 | BA11: 0 | BB11: 0 | BC11: 6.0600908e-05 | BD11: 2.4896664e-05 | BE11: 0.0037913459 | BF11: 0.00028627415 | BG11: 0.00017880124 | BH11: 0.00019279715 | BI11: 0.00019918548 | BJ11: 0.0023870836 | BK11: 1.7732832e-06 | BL11: 0.00014590186 | BM11: 9.4971518e-05 | BN11: 0.073261584 | BO11: 0.015029789 | BP11: 0 | BQ11: 0.0055713125 | BR11: 0.00014930087 | BS11: 0.00030683656 | BT11: 0.00017982142 | BU11: 0.00022411997 | BV11: 0.00086332589 | BW11: 0 | BX11: 0 | BY11: 0 | BZ11: 0 | CA11: 0 | CB11: 9.0231333e-05 | CC11: 3.3771226e-05 | CD11: 0.00023118681 | CE11: 0 | CF11: 0.00027386094 | CG11: 0.0001928651 | CH11: 0.00010959716 | CI11: 0.00014200894 | CJ11: 0.00019257577 | CK11: 7.9955267e-05 | CL11: 0.00012842943 | CM11: 0.00027831715 | CN11: 0.00038865456 | CO11: 0.00024911467 | CP11: 0.00015233321 | CQ11: 0.0016236617 | CR11: 0.0036089619 | CS11: 0.00028217403 | CT11: 0.00017280211 | CU11: 0.00021174078 | CV11: 0.00013054399 | CW11: 0.0001742199 | CX11: 0.00017957072 | CY11: 0.00036163899 | CZ11: 0.00049448735 | DA11: 0.00018147753 | DB11: 0.00043105563 | DC11: 0.00021201454 | DD11: 0 | DE11: 0.00020734327 | DF11: 0.00014674325 | DG11: 0.00024319023 | DH11: 0.00034367539 | DI11: 0.00013079886 | DJ11: 0.00012834839 | DK11: 0.00014688204 | DL11: 0.00022049805 | DM11: 0.00021921099 | DN11: 0.000168409 | DO11: 0 | DP11: 0.0018710222 | DQ11: 0 | DR11: 0.00051743951 | DS11: 0.00022916492 | DT11: 0.00052098532 | DU11: 5.7722521e-05 | DV11: 0.0010509931 | DW11: 0.0015110639 | DX11: 0.0010597858 | DY11: 0.00028993099 | DZ11: 0.00066336982 | EA11: 0.0010149746 | EB11: 0.00019540741 | EC11: 0.0020577543 | ED11: 0.0022731475 | EE11: 8.3166144e-05 | EF11: 0.00010725648 | EG11: 4.5290019e-05 | EH11: 0.00015290398 | EI11: 0.00044239224 | EJ11: 0.00014944859 | EK11: 0.00043686511 | EL11: 7.8490999e-05 | EM11: 6.9774798e-05 | EN11: 4.8560544e-05 | EO11: 4.3113462e-05 | EP11: 1.9983372e-05 | EQ11: 0.00012245331 | ER11: 0.00011475816 | ES11: 0.00025679899 | ET11: 0.00021684143 | EU11: 0.0011035138 | EV11: 0.0024622921 | EW11: 0 | EX11: 6.1174664e-05 | EY11: 0 | EZ11: 8.3485085e-05 | FA11: 9.4118599e-05 | FB11: 9.930386e-05 | FC11: 0.00018712552 | FD11: 9.3716543e-05 | FE11: 8.0124598e-05 | FF11: 9.8589759e-05 | FG11: 0.00015395099 | FH11: 0.00010133057 | FI11: 9.174991e-05 | FJ11: 0.00017150794 | FK11: 0.00017638551 | FL11: 0.00017606143 | FM11: 0.00040422801 | FN11: 0.0013380603 | FO11: 0.00027699722 | FP11: 0.00044435684 | FQ11: 0.0011493707 | FR11: 0.00034176373 | FS11: 0.0006240291 | FT11: 0.00070954446 | FU11: 0.0013759736 | FV11: 0.00029632147 | FW11: 0.00013223605 | FX11: 0.00015766363 | FY11: 0.0050673102 | FZ11: 0.00039817116 | GA11: 7.9988242e-05 | GB11: 0.0022172912 | GC11: 0.0043833922 | GD11: 0.00042276281 | GE11: 0.001290139 | GF11: 0.0037097629 | GG11: 0.0039837613 | GH11: 0.00071195281 | GI11: 0.00010239289 | GJ11: 0.062759921 | GK11: 0.055639887
A12: 7 | B12: 0121 | C12: 畜産 | D12: 0.0089468411 | E12: 0.02071159 | F12: 0.005968915 | G12: 0.0033371786 | H12: 0.030572829 | I12: 0.011447006 | J12: 1.1257805 | K12: 0.039685227 | L12: 0.00045276869 | M12: 0.000193409 | N12: 0.0028432091 | O12: 0 | P12: 0.0049817293 | Q12: 0 | R12: 3.0219367e-05 | S12: 6.38102e-05 | T12: 0.41746642 | U12: 0.0020020091 | V12: 0.006469885 | W12: 0.030438586 | X12: 0.0023764568 | Y12: 0.019743442 | Z12: 0.049107462 | AA12: 0.0011375114 | AB12: 0.034639012 | AC12: 0.032814443 | AD12: 0 | AE12: 0.0073121352 | AF12: 0.00069541192 | AG12: 0 | AH12: 0.00014511728 | AI12: 0.0012553039 | AJ12: 0.00049042436 | AK12: 0.0017508791 | AL12: 0.0042228492 | AM12: 0.00013642373 | AN12: 8.6343472e-05 | AO12: 0.00010930218 | AP12: 0 | AQ12: 0.00023789524 | AR12: 0.00026410282 | AS12: 0.00014931643 | AT12: 9.2750589e-05 | AU12: 6.4061726e-05 | AV12: 0.00098981709 | AW12: 1.108598e-05 | AX12: 6.0198207e-05 | AY12: 0 | AZ12: 3.7247101e-06 | BA12: 0 | BB12: 0 | BC12: 2.3611148e-05 | BD12: 4.4270276e-06 | BE12: 0.0020923372 | BF12: 0.0011353062 | BG12: 0.00013739011 | BH12: 0.00061800237 | BI12: 0.00015839006 | BJ12: 0.0022870132 | BK12: 3.375031e-07 | BL12: 5.4557266e-05 | BM12: 2.3195728e-05 | BN12: 0.00079673098 | BO12: 0.00021598095 | BP12: 0 | BQ12: 0.04057945 | BR12: 4.098222e-05 | BS12: 2.681699e-05 | BT12: 8.4989851e-05 | BU12: 3.5130857e-05 | BV12: 6.2806588e-05 | BW12: 0 | BX12: 0 | BY12: 0 | BZ12: 0 | CA12: 0 | CB12: 3.0782206e-05 | CC12: 4.1396831e-06 | CD12: 2.1500193e-05 | CE12: 0 | CF12: 3.3739044e-05 | CG12: 2.8270142e-05 | CH12: 1.9817668e-05 | CI12: 1.4070671e-05 | CJ12: 2.2303718e-05 | CK12: 1.3646161e-05 | CL12: 1.1693275e-05 | CM12: 1.8833397e-05 | CN12: 2.0471919e-05 | CO12: 2.0698237e-05 | CP12: 1.7053705e-05 | CQ12: 3.0725545e-05 | CR12: 5.4296171e-05 | CS12: 1.9339586e-05 | CT12: 1.4509774e-05 | CU12: 1.9507195e-05 | CV12: 2.3113171e-05 | CW12: 2.6437968e-05 | CX12: 2.4129057e-05 | CY12: 7.6562438e-05 | CZ12: 3.0276725e-05 | DA12: 6.4158005e-05 | DB12: 4.2098172e-05 | DC12: 0.00059825102 | DD12: 0 | DE12: 4.4143959e-05 | DF12: 4.7193438e-05 | DG12: 3.3740798e-05 | DH12: 5.3294612e-05 | DI12: 3.5962147e-05 | DJ12: 3.4460576e-05 | DK12: 2.8811519e-05 | DL12: 4.880567e-05 | DM12: 4.1876039e-05 | DN12: 4.538188e-05 | DO12: 0 | DP12: 6.0307855e-05 | DQ12: 0 | DR12: 6.3050539e-05 | DS12: 1.65351e-05 | DT12: 2.5640443e-05 | DU12: 1.2558316e-05 | DV12: 3.7666292e-05 | DW12: 0.0008447761 | DX12: 0.0013100843 | DY12: 2.0783219e-05 | DZ12: 5.2629717e-05 | EA12: 5.0878663e-05 | EB12: 3.3161838e-05 | EC12: 5.1954125e-05 | ED12: 5.4876475e-05 | EE12: 1.23016e-05 | EF12: 0.00019639683 | EG12: 1.7225396e-05 | EH12: 2.9056261e-05 | EI12: 4.738686e-05 | EJ12: 2.3745563e-05 | EK12: 2.7656262e-05 | EL12: 1.5613692e-05 | EM12: 2.0909458e-05 | EN12: 9.113747e-06 | EO12: 7.9573007e-06 | EP12: 2.8045455e-06 | EQ12: 1.5776425e-05 | ER12: 1.1419045e-05 | ES12: 1.7612433e-05 | ET12: 1.0591817e-05 | EU12: 2.660422e-05 | EV12: 4.2206843e-05 | EW12: 0 | EX12: 5.798017e-06 | EY12: 0 | EZ12: 1.4765898e-05 | FA12: 9.6292657e-06 | FB12: 1.8900174e-05 | FC12: 5.3998816e-05 | FD12: 1.4890896e-05 | FE12: 1.7158402e-05 | FF12: 2.3773505e-05 | FG12: 3.53488e-05 | FH12: 3.4435692e-05 | FI12: 2.1539312e-05 | FJ12: 5.2755316e-05 | FK12: 9.4919503e-05 | FL12: 6.435758e-05 | FM12: 0.0028255173 | FN12: 0.00032337354 | FO12: 0.0013255822 | FP12: 0.0021234377 | FQ12: 0.0013097445 | FR12: 0.00011445159 | FS12: 0.0027089133 | FT12: 0.0042902036 | FU12: 0.0001523903 | FV12: 8.246727e-05 | FW12: 1.1041132e-05 | FX12: 3.8636901e-05 | FY12: 8.7133823e-05 | FZ12: 3.0997619e-05 | GA12: 2.2944265e-05 | GB12: 0.014634748 | GC12: 0.033833313 | GD12: 8.4696702e-05 | GE12: 9.039709e-05 | GF12: 0.00054929267 | GG12: 0.0016460034 | GH12: 0.00030250871 | GI12: 3.8928835e-05 | GJ12: 0.071915949 | GK12: 0.063757176
A13: 8 | B13: 0131 | C13: 農業サービス | D13: 0.10853461 | E13: 0.05670868 | F13: 0.033786707 | G13: 0.044735788 | H13: 0.13585375 | I13: 0.011755881 | J13: 0.05150932 | K13: 1.0037347 | L13: 4.4096997e-05 | M13: 2.1417721e-05 | N13: 0.0025066603 | O13: 0 | P13: 0.0049664856 | Q13: 0 | R13: 1.4847481e-05 | S13: 1.5404073e-05 | T13: 0.019268623 | U13: 0.00055767659 | V13: 0.075912329 | W13: 0.0092055933 | X13: 0.0069954347 | Y13: 0.0054735658 | Z13: 0.0096863339 | AA13: 0.0035897058 | AB13: 0.0035257427 | AC13: 0.032942738 | AD13: 0 | AE13: 0.0014870226 | AF13: 0.00014593629 | AG13: 0 | AH13: 6.6118608e-05 | AI13: 0.0002050954 | AJ13: 9.3681936e-05 | AK13: 0.00015361159 | AL13: 0.00029535392 | AM13: 7.1424853e-05 | AN13: 3.3265247e-05 | AO13: 1.9172294e-05 | AP13: 0 | AQ13: 2.1130235e-05 | AR13: 4.6946416e-05 | AS13: 2.461538e-05 | AT13: 1.118907e-05 | AU13: 1.033961e-05 | AV13: 6.2778201e-05 | AW13: 4.1071494e-06 | AX13: 1.4178618e-05 | AY13: 0 | AZ13: 8.8501871e-07 | BA13: 0 | BB13: 0 | BC13: 3.3927716e-06 | BD13: 8.4875988e-07 | BE13: 0.00018027631 | BF13: 0.00030835609 | BG13: 2.2766094e-05 | BH13: 0.0001660087 | BI13: 1.9963264e-05 | BJ13: 0.00022042862 | BK13: 7.40664e-08 | BL13: 1.1851311e-05 | BM13: 4.5249702e-06 | BN13: 0.00081242268 | BO13: 0.00017225095 | BP13: 0 | BQ13: 0.0018821243 | BR13: 8.6904205e-06 | BS13: 7.7582064e-06 | BT13: 1.8113353e-05 | BU13: 7.2720737e-06 | BV13: 1.7670206e-05 | BW13: 0 | BX13: 0 | BY13: 0 | BZ13: 0 | CA13: 0 | CB13: 5.5905362e-06 | CC13: 1.1599407e-06 | CD13: 5.2065062e-06 | CE13: 0 | CF13: 8.2328693e-06 | CG13: 5.8169169e-06 | CH13: 4.6157467e-06 | CI13: 3.7831074e-06 | CJ13: 5.4150884e-06 | CK13: 3.1921375e-06 | CL13: 3.2423046e-06 | CM13: 5.9702019e-06 | CN13: 7.4120437e-06 | CO13: 6.6295635e-06 | CP13: 4.825095e-06 | CQ13: 2.0307685e-05 | CR13: 4.2843329e-05 | CS13: 6.3680435e-06 | CT13: 4.5172332e-06 | CU13: 5.1425199e-06 | CV13: 5.3611567e-06 | CW13: 4.9137796e-06 | CX13: 5.2849343e-06 | CY13: 1.2873925e-05 | CZ13: 1.0098347e-05 | DA13: 6.8518397e-06 | DB13: 9.6867724e-06 | DC13: 3.1943972e-05 | DD13: 0 | DE13: 7.5159911e-06 | DF13: 7.6156499e-06 | DG13: 7.6890547e-06 | DH13: 9.0800763e-06 | DI13: 5.8568311e-06 | DJ13: 7.1954766e-06 | DK13: 5.9686932e-06 | DL13: 8.8143197e-06 | DM13: 8.0118423e-06 | DN13: 7.353611e-06 | DO13: 0 | DP13: 2.5909784e-05 | DQ13: 0 | DR13: 1.1789373e-05 | DS13: 5.2442361e-06 | DT13: 9.1336274e-06 | DU13: 2.5946145e-06 | DV13: 1.5543342e-05 | DW13: 6.5081161e-05 | DX13: 0.00029620303 | DY13: 5.7357401e-06 | DZ13: 1.6908264e-05 | EA13: 1.6799299e-05 | EB13: 1.0396901e-05 | EC13: 2.9563592e-05 | ED13: 2.9575137e-05 | EE13: 3.3234246e-06 | EF13: 1.2929335e-05 | EG13: 2.306602e-06 | EH13: 7.1895793e-06 | EI13: 9.1314669e-06 | EJ13: 4.2089058e-06 | EK13: 1.059336e-05 | EL13: 3.689406e-06 | EM13: 4.3850645e-06 | EN13: 2.1841509e-06 | EO13: 2.0500562e-06 | EP13: 7.2071322e-07 | EQ13: 4.5161797e-06 | ER13: 3.522131e-06 | ES13: 5.5450653e-06 | ET13: 3.8339933e-06 | EU13: 1.5085866e-05 | EV13: 3.0392389e-05 | EW13: 0 | EX13: 1.6338802e-06 | EY13: 0 | EZ13: 3.1281749e-06 | FA13: 2.7597111e-06 | FB13: 4.1477184e-06 | FC13: 9.9049486e-06 | FD13: 3.9736371e-06 | FE13: 2.3226968e-06 | FF13: 6.1303729e-06 | FG13: 8.4453069e-06 | FH13: 8.0094342e-06 | FI13: 6.1306021e-06 | FJ13: 1.0826005e-05 | FK13: 1.8521788e-05 | FL13: 1.0983342e-05 | FM13: 0.00026827974 | FN13: 0.00020911813 | FO13: 0.00010482855 | FP13: 0.00027650509 | FQ13: 0.0001558184 | FR13: 1.339325e-05 | FS13: 0.00035865747 | FT13: 0.00063552328 | FU13: 0.00013250877 | FV13: 1.1796073e-05 | FW13: 4.0018492e-06 | FX13: 9.2945047e-06 | FY13: 6.1512935e-05 | FZ13: 8.3980063e-06 | GA13: 4.7608209e-06 | GB13: 0.0022735291 | GC13: 0.003557798 | GD13: 1.48275e-05 | GE13: 5.5412134e-05 | GF13: 0.00032189662 | GG13: 0.00028084136 | GH13: 5.5403149e-05 | GI13: 1.9011005e-05 | GJ13: 0.0098965493 | GK13: 0.0087737983
A14: 9 | B14: 0151 | C14: 育林 | D14: 7.5162873e-05 | E14: 8.4841781e-05 | F14: 0.00025533661 | G14: 0.00016477526 | H14: 0.00012930279 | I14: 8.7611315e-05 | J14: 0.0017661869 | K14: 0.00014919217 | L14: 1.0354749 | M14: 0.38416241 | N14: 0.08703469 | O14: 0 | P14: 0.00031432677 | Q14: 0 | R14: 0.00010412722 | S14: 3.3308622e-05 | T14: 0.00079893756 | U14: 9.4840313e-05 | V14: 6.1651731e-05 | W14: 0.00013718258 | X14: 0.00016737706 | Y14: 8.7010783e-05 | Z14: 0.0003943563 | AA14: 4.5633103e-05 | AB14: 0.00011394811 | AC14: 0.0019621365 | AD14: 0 | AE14: 5.2310674e-05 | AF14: 1.7298986e-05 | AG14: 0 | AH14: 3.3199728e-05 | AI14: 4.0017174e-05 | AJ14: 6.2538014e-05 | AK14: 0.00018083761 | AL14: 7.8948699e-05 | AM14: 0.12180303 | AN14: 0.026478581 | AO14: 0.0068637829 | AP14: 0 | AQ14: 4.9578536e-05 | AR14: 6.2326562e-05 | AS14: 5.6256196e-05 | AT14: 0.0012433106 | AU14: 3.4759653e-05 | AV14: 5.7892998e-05 | AW14: 4.2036698e-05 | AX14: 8.5304609e-05 | AY14: 0 | AZ14: 9.7696256e-06 | BA14: 0 | BB14: 0 | BC14: 2.6579457e-05 | BD14: 1.1482977e-05 | BE14: 5.3322179e-05 | BF14: 4.0219161e-05 | BG14: 4.6086513e-05 | BH14: 4.9910713e-05 | BI14: 4.2795896e-05 | BJ14: 9.9846606e-05 | BK14: 1.6917209e-06 | BL14: 3.2696569e-05 | BM14: 6.1804929e-05 | BN14: 2.0295753e-05 | BO14: 3.9474122e-05 | BP14: 0 | BQ14: 0.00024258167 | BR14: 0.00012946535 | BS14: 3.8140265e-05 | BT14: 0.00063916268 | BU14: 6.4005598e-05 | BV14: 8.4172951e-05 | BW14: 0 | BX14: 0 | BY14: 0 | BZ14: 0 | CA14: 0 | CB14: 4.3161259e-05 | CC14: 1.2667077e-05 | CD14: 4.1000002e-05 | CE14: 0 | CF14: 0.00019317514 | CG14: 5.5251948e-05 | CH14: 2.2830282e-05 | CI14: 0.00065795146 | CJ14: 4.9391974e-05 | CK14: 4.2504164e-05 | CL14: 2.6818371e-05 | CM14: 3.3260256e-05 | CN14: 4.0104363e-05 | CO14: 6.8307361e-05 | CP14: 3.5022513e-05 | CQ14: 3.2739344e-05 | CR14: 4.331298e-05 | CS14: 4.5000472e-05 | CT14: 3.3512705e-05 | CU14: 3.1660334e-05 | CV14: 4.0681669e-05 | CW14: 3.0079182e-05 | CX14: 3.321215e-05 | CY14: 5.559631e-05 | CZ14: 0.00039060362 | DA14: 5.8641904e-05 | DB14: 6.7878094e-05 | DC14: 6.2479405e-05 | DD14: 0 | DE14: 7.6993724e-05 | DF14: 0.00010875232 | DG14: 5.9375323e-05 | DH14: 7.2720163e-05 | DI14: 6.3960632e-05 | DJ14: 6.1621054e-05 | DK14: 4.9297468e-05 | DL14: 7.0334906e-05 | DM14: 0.00017742761 | DN14: 8.182211e-05 | DO14: 0 | DP14: 4.5215943e-05 | DQ14: 0 | DR14: 5.2739929e-05 | DS14: 2.9500535e-05 | DT14: 0.00030997421 | DU14: 3.072838e-05 | DV14: 3.7475825e-05 | DW14: 0.0002948513 | DX14: 0.0011637142 | DY14: 2.5559708e-05 | DZ14: 0.0071979297 | EA14: 0.0017747733 | EB14: 0.0015600694 | EC14: 0.00015808427 | ED14: 0.00030128895 | EE14: 6.0947569e-05 | EF14: 0.00010321787 | EG14: 2.332387e-05 | EH14: 0.00013751204 | EI14: 4.9411169e-05 | EJ14: 6.6891734e-05 | EK14: 4.8513785e-05 | EL14: 4.6624573e-05 | EM14: 4.9691171e-05 | EN14: 2.472864e-05 | EO14: 5.1271803e-05 | EP14: 3.0113637e-05 | EQ14: 7.3799087e-05 | ER14: 6.7343258e-05 | ES14: 2.2856916e-05 | ET14: 1.7388317e-05 | EU14: 5.4168276e-05 | EV14: 7.630521e-05 | EW14: 0 | EX14: 1.814951e-05 | EY14: 0 | EZ14: 3.8768037e-05 | FA14: 5.9447948e-05 | FB14: 9.4736372e-05 | FC14: 0.0029850915 | FD14: 8.4824835e-05 | FE14: 1.6058431e-05 | FF14: 6.3290724e-05 | FG14: 6.7853624e-05 | FH14: 5.2609809e-05 | FI14: 6.7074734e-05 | FJ14: 5.5583201e-05 | FK14: 3.6193381e-05 | FL14: 3.8856805e-05 | FM14: 5.2451506e-05 | FN14: 7.1816132e-05 | FO14: 5.5091654e-05 | FP14: 0.00010191067 | FQ14: 4.9718934e-05 | FR14: 4.1673028e-05 | FS14: 9.5383686e-05 | FT14: 8.0972893e-05 | FU14: 0.00013670663 | FV14: 6.1789332e-05 | FW14: 2.3380285e-05 | FX14: 5.820367e-05 | FY14: 3.8533151e-05 | FZ14: 4.8013957e-05 | GA14: 5.0458017e-05 | GB14: 0.0002334313 | GC14: 0.00033889238 | GD14: 4.4047263e-05 | GE14: 9.472713e-05 | GF14: 3.5565363e-05 | GG14: 9.9153394e-05 | GH14: 0.00056542014 | GI14: 4.4491673e-05 | GJ14: 0.023058707 | GK14: 0.020442726
A15: 10 | B15: 0152 | C15: 素材 | D15: 0.00019562953 | E15: 0.00022082122 | F15: 0.00066457518 | G15: 0.00042886741 | H15: 0.00033654174 | I15: 0.0002280296 | J15: 0.004596928 | K15: 0.00038830864 | L15: 0.0007834162 | M15: 0.99987544 | N15: 0.2265288 | O15: 0 | P15: 0.00081811132 | Q15: 0 | R15: 0.00027101624 | S15: 8.6693732e-05 | T15: 0.0020794279 | U15: 0.00024684482 | V15: 0.00016046352 | W15: 0.00035705079 | X15: 0.00043563921 | Y15: 0.00022646657 | Z15: 0.0010264075 | AA15: 0.00011877117 | AB15: 0.00029657746 | AC15: 0.0051069341 | AD15: 0 | AE15: 0.00013615116 | AF15: 4.5024789e-05 | AG15: 0 | AH15: 8.6410309e-05 | AI15: 0.00010415436 | AJ15: 0.00016277028 | AK15: 0.00047067354 | AL15: 0.00020548305 | AM15: 0.3170218 | AN15: 0.0689169 | AO15: 0.017864652 | AP15: 0 | AQ15: 0.00012904011 | AR15: 0.00016221993 | AS15: 0.00014642033 | AT15: 0.0032360161 | AU15: 9.0470391e-05 | AV15: 0.00015068051 | AW15: 0.00010941066 | AX15: 0.00022202584 | AY15: 0 | AZ15: 2.542781e-05 | BA15: 0 | BB15: 0 | BC15: 6.9179454e-05 | BD15: 2.9887221e-05 | BE15: 0.00013878385 | BF15: 0.00010468008 | BG15: 0.00011995128 | BH15: 0.00012990468 | BI15: 0.00011138665 | BJ15: 0.0002598749 | BK15: 4.4031122e-06 | BL15: 8.5100717e-05 | BM15: 0.00016086225 | BN15: 5.2824598e-05 | BO15: 0.00010274094 | BP15: 0 | BQ15: 0.00063137738 | BR15: 0.00033696483 | BS15: 9.926925e-05 | BT15: 0.0016635752 | BU15: 0.00016659002 | BV15: 0.00021908043 | BW15: 0 | BX15: 0 | BY15: 0 | BZ15: 0 | CA15: 0 | CB15: 0.0001123376 | CC15: 3.2969126e-05 | CD15: 0.00010671241 | CE15: 0 | CF15: 0.00050278495 | CG15: 0.00014380654 | CH15: 5.9421321e-05 | CI15: 0.0017124776 | CJ15: 0.00012855454 | CK15: 0.00011062735 | CL15: 6.9801287e-05 | CM15: 8.6567847e-05 | CN15: 0.00010438129 | CO15: 0.0001777864 | CP15: 9.1154546e-05 | CQ15: 8.5212048e-05 | CR15: 0.00011273249 | CS15: 0.0001171246 | CT15: 8.7224906e-05 | CU15: 8.2403664e-05 | CV15: 0.00010588387 | CW15: 7.8288334e-05 | CX15: 8.644264e-05 | CY15: 0.00014470282 | CZ15: 0.0010166402 | DA15: 0.00015262972 | DB15: 0.00017666913 | DC15: 0.00016261774 | DD15: 0 | DE15: 0.00020039476 | DF15: 0.00028305417 | DG15: 0.00015453861 | DH15: 0.00018927178 | DI15: 0.00016647299 | DJ15: 0.00016038367 | DK15: 0.00012830856 | DL15: 0.00018306358 | DM15: 0.0004617982 | DN15: 0.0002129618 | DO15: 0 | DP15: 0.00011768541 | DQ15: 0 | DR15: 0.0001372684 | DS15: 7.6782266e-05 | DT15: 0.00080678273 | DU15: 7.9978028e-05 | DV15: 9.7539883e-05 | DW15: 0.00076742171 | DX15: 0.0030288472 | DY15: 6.6525313e-05 | DZ15: 0.01873435 | EA15: 0.004619276 | EB15: 0.0040604574 | EC15: 0.0004114525 | ED15: 0.00078417724 | EE15: 0.00015863077 | EF15: 0.00026864943 | EG15: 6.0706002e-05 | EH15: 0.00035790828 | EI15: 0.0001286045 | EJ15: 0.00017410189 | EK15: 0.00012626884 | EL15: 0.00012135171 | EM15: 0.00012933327 | EN15: 6.4362256e-05 | EO15: 0.00013344725 | EP15: 7.837801e-05 | EQ15: 0.00019207994 | ER15: 0.00017527709 | ES15: 5.9490642e-05 | ET15: 4.5257294e-05 | EU15: 0.00014098602 | EV15: 0.00019860273 | EW15: 0 | EX15: 4.7238481e-05 | EY15: 0 | EZ15: 0.00010090318 | FA15: 0.00015472764 | FB15: 0.00024657428 | FC15: 0.0077694213 | FD15: 0.00022077712 | FE15: 4.1795944e-05 | FF15: 0.00016472939 | FG15: 0.00017660544 | FH15: 0.00013692973 | FI15: 0.00017457819 | FJ15: 0.0001446687 | FK15: 9.4202015e-05 | FL15: 0.00010113422 | FM15: 0.00013651771 | FN15: 0.00018691882 | FO15: 0.00014338933 | FP15: 0.00026524714 | FQ15: 0.00012940553 | FR15: 0.00010846412 | FS15: 0.00024825907 | FT15: 0.00021075151 | FU15: 0.00035581202 | FV15: 0.00016082166 | FW15: 6.0852838e-05 | FX15: 0.00015148911 | FY15: 0.00010029183 | FZ15: 0.00012496792 | GA15: 0.00013132917 | GB15: 0.00060756133 | GC15: 0.00088204926 | GD15: 0.00011464364 | GE15: 0.00024655023 | GF15: 9.2567444e-05 | GG15: 0.00025807065 | GH15: 0.0014716424 | GI15: 0.00011580032 | GJ15: 0.060015853 | GK15: 0.05320713
A16: 11 | B16: 0153 | C16: 特用林産物 | D16: 7.955507e-06 | E16: 1.7511396e-05 | F16: 0.0022687181 | G16: 8.8040726e-05 | H16: 3.6385259e-05 | I16: 0.00022683659 | J16: 7.704257e-05 | K16: 7.7928161e-06 | L16: 1.596596e-06 | M16: 2.7517027e-06 | N16: 1.000195 | O16: 0 | P16: 2.0073244e-05 | Q16: 0 | R16: 4.6643763e-06 | S16: 1.2858913e-05 | T16: 0.00022820713 | U16: 0.00058237839 | V16: 6.4579295e-06 | W16: 0.00046124024 | X16: 0.0012804971 | Y16: 0.00020481657 | Z16: 0.0030162274 | AA16: 2.4780039e-05 | AB16: 8.2435665e-05 | AC16: 6.3389034e-05 | AD16: 0 | AE16: 2.6957964e-05 | AF16: 7.2378629e-06 | AG16: 0 | AH16: 3.4511016e-05 | AI16: 1.3465987e-05 | AJ16: 1.2961388e-05 | AK16: 3.8046108e-05 | AL16: 2.7721127e-05 | AM16: 1.5974198e-05 | AN16: 0.0019414145 | AO16: 7.6396186e-05 | AP16: 0 | AQ16: 4.2187236e-06 | AR16: 6.7756593e-06 | AS16: 9.7545808e-06 | AT16: 8.9063726e-06 | AU16: 5.0250078e-06 | AV16: 3.4133351e-05 | AW16: 4.443887e-05 | AX16: 0.00053999077 | AY16: 0 | AZ16: 6.4398508e-07 | BA16: 0 | BB16: 0 | BC16: 9.0469674e-06 | BD16: 1.0908378e-06 | BE16: 2.7436175e-05 | BF16: 3.3906863e-05 | BG16: 2.2183608e-05 | BH16: 4.3726155e-05 | BI16: 5.8515827e-05 | BJ16: 0.00051527504 | BK16: 8.2064023e-08 | BL16: 7.0239146e-06 | BM16: 6.7710597e-06 | BN16: 5.3414063e-05 | BO16: 1.4371408e-05 | BP16: 0 | BQ16: 0.0013925432 | BR16: 2.6056648e-05 | BS16: 4.7866099e-06 | BT16: 5.4481657e-05 | BU16: 1.0488404e-05 | BV16: 1.1833491e-05 | BW16: 0 | BX16: 0 | BY16: 0 | BZ16: 0 | CA16: 0 | CB16: 5.2479763e-06 | CC16: 7.7548538e-07 | CD16: 6.2881229e-06 | CE16: 0 | CF16: 1.9862204e-05 | CG16: 5.7887671e-06 | CH16: 6.1439859e-06 | CI16: 3.0991535e-06 | CJ16: 4.6589933e-06 | CK16: 3.3459392e-06 | CL16: 2.16047e-06 | CM16: 3.1895137e-06 | CN16: 3.5378621e-06 | CO16: 6.0945781e-06 | CP16: 3.687842e-06 | CQ16: 3.4328378e-06 | CR16: 5.1288783e-06 | CS16: 3.3022959e-06 | CT16: 3.0151276e-06 | CU16: 3.3175097e-06 | CV16: 3.9209801e-06 | CW16: 2.8095551e-06 | CX16: 3.8343795e-06 | CY16: 1.5519903e-05 | CZ16: 6.171333e-06 | DA16: 6.53118e-06 | DB16: 7.0250097e-06 | DC16: 2.7081573e-05 | DD16: 0 | DE16: 1.1447409e-05 | DF16: 1.1597886e-05 | DG16: 6.7828189e-06 | DH16: 6.5974791e-06 | DI16: 8.3179613e-06 | DJ16: 6.9539832e-06 | DK16: 1.4830049e-05 | DL16: 8.8162954e-06 | DM16: 8.9338796e-06 | DN16: 1.0742196e-05 | DO16: 0 | DP16: 9.2252995e-06 | DQ16: 0 | DR16: 1.2411624e-05 | DS16: 2.5455092e-06 | DT16: 1.3257233e-05 | DU16: 2.9294287e-06 | DV16: 5.3950802e-06 | DW16: 0.00075681851 | DX16: 0.00019909031 | DY16: 2.5226849e-06 | DZ16: 0.00012229828 | EA16: 2.4107726e-05 | EB16: 5.7914225e-05 | EC16: 1.9365082e-05 | ED16: 1.3073133e-05 | EE16: 2.7130933e-06 | EF16: 1.3077705e-05 | EG16: 1.8466269e-06 | EH16: 9.1140428e-06 | EI16: 6.7726331e-06 | EJ16: 3.7613885e-06 | EK16: 2.9634528e-06 | EL16: 2.2933528e-06 | EM16: 2.28013e-06 | EN16: 1.4347504e-06 | EO16: 2.0801857e-06 | EP16: 1.2164599e-06 | EQ16: 3.509922e-06 | ER16: 3.2057732e-06 | ES16: 1.9012282e-06 | ET16: 1.3100482e-06 | EU16: 3.9176013e-06 | EV16: 5.8002995e-06 | EW16: 0 | EX16: 9.4638343e-07 | EY16: 0 | EZ16: 2.3259808e-06 | FA16: 2.0636444e-06 | FB16: 4.5955853e-06 | FC16: 6.4961472e-05 | FD16: 3.3585794e-06 | FE16: 1.2419286e-06 | FF16: 3.1465727e-06 | FG16: 4.6646247e-06 | FH16: 4.9585536e-06 | FI16: 3.1777304e-06 | FJ16: 5.1246964e-06 | FK16: 1.1747993e-05 | FL16: 4.2082594e-06 | FM16: 0.0001131744 | FN16: 6.7273185e-06 | FO16: 8.7946103e-06 | FP16: 9.2070481e-05 | FQ16: 4.1456478e-05 | FR16: 1.6636971e-05 | FS16: 0.00015129568 | FT16: 0.00026800996 | FU16: 9.3475769e-06 | FV16: 8.430676e-06 | FW16: 1.4297902e-06 | FX16: 4.634442e-06 | FY16: 9.3345396e-06 | FZ16: 5.1172495e-06 | GA16: 3.521771e-06 | GB16: 0.0016774789 | GC16: 0.0023983899 | GD16: 5.2745028e-06 | GE16: 7.6967498e-06 | GF16: 7.4485579e-06 | GG16: 0.0001868928 | GH16: 3.6219385e-05 | GI16: 3.8401423e-06 | GJ16: 0.0067375776 | GK16: 0.0059732079
A17: 12 | B17: 0171 | C17: 海面漁業 | D17: 0.00011778877 | E17: 7.8500225e-05 | F17: 5.3690567e-05 | G17: 3.7263556e-05 | H17: 0.00014815348 | I17: 7.8961344e-05 | J17: 0.0017685752 | K17: 0.00023299692 | L17: 9.7270977e-06 | M17: 1.7855424e-05 | N17: 0.00042014456 | O17: 1 | P17: 0.0052672901 | Q17: 0 | R17: 1.8573241e-05 | S17: 1.1424949e-05 | T17: 0.0010307983 | U17: 0.26523721 | V17: 8.9461083e-05 | W17: 0.0024235168 | X17: 0.0015395785 | Y17: 0.007284957 | Z17: 0.0074082206 | AA17: 0.00013548681 | AB17: 0.00058808817 | AC17: 0.0055801786 | AD17: 0 | AE17: 4.1663805e-05 | AF17: 8.9754408e-06 | AG17: 0 | AH17: 2.5824995e-05 | AI17: 2.2012252e-05 | AJ17: 0.0002333112 | AK17: 0.0003527776 | AL17: 7.442751e-05 | AM17: 1.5517773e-05 | AN17: 4.3566418e-05 | AO17: 9.4280918e-05 | AP17: 0 | AQ17: 3.2600259e-05 | AR17: 7.6338026e-05 | AS17: 4.0814784e-05 | AT17: 1.7692925e-05 | AU17: 1.8087885e-05 | AV17: 1.4751066e-05 | AW17: 1.0686546e-05 | AX17: 1.8732863e-05 | AY17: 0 | AZ17: 2.8377648e-06 | BA17: 0 | BB17: 0 | BC17: 5.8833586e-06 | BD17: 2.564505e-06 | BE17: 0.00028758172 | BF17: 0.00041664919 | BG17: 3.7645151e-05 | BH17: 0.00022877289 | BI17: 2.3144827e-05 | BJ17: 0.00016021451 | BK17: 2.7528793e-07 | BL17: 1.9730791e-05 | BM17: 1.1738615e-05 | BN17: 8.9605644e-06 | BO17: 1.3555922e-05 | BP17: 0 | BQ17: 9.9194139e-05 | BR17: 3.0585067e-05 | BS17: 1.3820308e-05 | BT17: 5.7295871e-05 | BU17: 3.6958694e-05 | BV17: 2.9907164e-05 | BW17: 0 | BX17: 0 | BY17: 0 | BZ17: 0 | CA17: 0 | CB17: 4.0424964e-05 | CC17: 4.1849516e-06 | CD17: 9.4081066e-06 | CE17: 0 | CF17: 2.5309271e-05 | CG17: 2.7567751e-05 | CH17: 1.185742e-05 | CI17: 8.7028253e-06 | CJ17: 1.3275033e-05 | CK17: 9.158535e-06 | CL17: 1.030846e-05 | CM17: 1.2289995e-05 | CN17: 1.5011024e-05 | CO17: 1.7145702e-05 | CP17: 1.1013023e-05 | CQ17: 1.1461701e-05 | CR17: 1.378e-05 | CS17: 1.2293535e-05 | CT17: 1.2852012e-05 | CU17: 1.5625101e-05 | CV17: 5.3989419e-05 | CW17: 1.2730728e-05 | CX17: 2.2290373e-05 | CY17: 3.9922467e-05 | CZ17: 1.7561883e-05 | DA17: 2.3539529e-05 | DB17: 3.9750391e-05 | DC17: 3.755026e-05 | DD17: 0 | DE17: 2.5732421e-05 | DF17: 3.3985427e-05 | DG17: 4.7544691e-05 | DH17: 1.78248e-05 | DI17: 2.2429979e-05 | DJ17: 6.987671e-05 | DK17: 1.817053e-05 | DL17: 3.7509919e-05 | DM17: 4.8164546e-05 | DN17: 3.0657765e-05 | DO17: 0 | DP17: 2.3113269e-05 | DQ17: 0 | DR17: 2.2037043e-05 | DS17: 1.3200495e-05 | DT17: 1.6727262e-05 | DU17: 1.1366124e-05 | DV17: 2.2378582e-05 | DW17: 0.00021956132 | DX17: 0.0084525853 | DY17: 1.430539e-05 | DZ17: 3.563019e-05 | EA17: 2.0261678e-05 | EB17: 5.1470135e-05 | EC17: 4.0617925e-05 | ED17: 4.2813148e-05 | EE17: 1.3247241e-05 | EF17: 1.1543703e-05 | EG17: 6.0697001e-06 | EH17: 2.7989142e-05 | EI17: 1.8421038e-05 | EJ17: 1.3388186e-05 | EK17: 1.8365852e-05 | EL17: 2.126953e-05 | EM17: 1.9572758e-05 | EN17: 9.6734297e-06 | EO17: 8.9908008e-06 | EP17: 2.9391777e-06 | EQ17: 1.2329222e-05 | ER17: 8.4077027e-06 | ES17: 2.0919509e-05 | ET17: 7.7848315e-06 | EU17: 1.5360447e-05 | EV17: 1.5957589e-05 | EW17: 0 | EX17: 5.5767292e-06 | EY17: 0 | EZ17: 1.9000329e-05 | FA17: 1.2184094e-05 | FB17: 1.5416124e-05 | FC17: 1.9457231e-05 | FD17: 1.813441e-05 | FE17: 8.3751344e-06 | FF17: 3.4685388e-05 | FG17: 4.162334e-05 | FH17: 0.00013020431 | FI17: 3.5600899e-05 | FJ17: 6.0266857e-05 | FK17: 6.1382021e-05 | FL17: 2.5178857e-05 | FM17: 0.00035207498 | FN17: 7.1309174e-05 | FO17: 4.046634e-05 | FP17: 0.00028769646 | FQ17: 0.00037101219 | FR17: 3.0254546e-05 | FS17: 0.0011660472 | FT17: 0.0020586029 | FU17: 6.8828218e-05 | FV17: 0.00011639303 | FW17: 1.257674e-05 | FX17: 5.4532469e-05 | FY17: 2.8007428e-05 | FZ17: 2.444434e-05 | GA17: 3.5365623e-05 | GB17: 0.0073713602 | GC17: 0.0084951245 | GD17: 5.1789741e-05 | GE17: 5.7417675e-05 | GF17: 8.2798043e-05 | GG17: 0.00081340271 | GH17: 0.0011089535 | GI17: 1.3582941e-05 | GJ17: 0.033264308 | GK17: 0.029490514
... A193: 188 | B193: 6911 | C193: 分類不明 | D193: 0.012824557 | E193: 0.0078562992 | F193: 0.013485055 | G193: 0.015549276 | H193: 0.0047832519 | I193: 0.009215237 | J193: 0.0051234897 | K193: 0.0041306374 | L193: 0.002409226 | M193: 0.0024359353 | N193: 0.0042501728 | O193: 0 | P193: 0.02005441 | Q193: 0 | R193: 0.0087287804 | S193: 0.01350825 | T193: 0.011797798 | U193: 0.0042325786 | V193: 0.017764885 | W193: 0.0067861207 | X193: 0.0062428267 | Y193: 0.0059518107 | Z193: 0.0065252269 | AA193: 0.01224253 | AB193: 0.0058551148 | AC193: 0.0073140243 | AD193: 0 | AE193: 0.004272999 | AF193: 0.0017406754 | AG193: 0 | AH193: 0.0023606832 | AI193: 0.0049113082 | AJ193: 0.0064666084 | AK193: 0.007803501 | AL193: 0.0053294914 | AM193: 0.01616019 | AN193: 0.0077831859 | AO193: 0.0061706593 | AP193: 0 | AQ193: 0.0044857015 | AR193: 0.0053797532 | AS193: 0.004946916 | AT193: 0.006568707 | AU193: 0.0045303861 | AV193: 0.0030695034 | AW193: 0.0041872406 | AX193: 0.0044755484 | AY193: 0 | AZ193: 0.0013768655 | BA193: 0 | BB193: 0 | BC193: 0.0031573258 | BD193: 0.0013571554 | BE193: 0.0039643012 | BF193: 0.0042675363 | BG193: 0.0039927635 | BH193: 0.003935943 | BI193: 0.0099030852 | BJ193: 0.0038254523 | BK193: 0.00010872731 | BL193: 0.021920513 | BM193: 0.0043742806 | BN193: 0.0020699842 | BO193: 0.0080709606 | BP193: 0 | BQ193: 0.0085147406 | BR193: 0.012042823 | BS193: 0.015871956 | BT193: 0.0051458732 | BU193: 0.025012155 | BV193: 0.018277537 | BW193: 0 | BX193: 0 | BY193: 0 | BZ193: 0 | CA193: 0 | CB193: 0.018223316 | CC193: 0.0091639481 | CD193: 0.010163868 | CE193: 0 | CF193: 0.018867239 | CG193: 0.0087434905 | CH193: 0.0057158396 | CI193: 0.0081125195 | CJ193: 0.012961848 | CK193: 0.0084551907 | CL193: 0.012194263 | CM193: 0.012866198 | CN193: 0.015087404 | CO193: 0.011959274 | CP193: 0.011526244 | CQ193: 0.011801479 | CR193: 0.014780608 | CS193: 0.013437172 | CT193: 0.010682929 | CU193: 0.0096172552 | CV193: 0.0084558798 | CW193: 0.0076397827 | CX193: 0.010735145 | CY193: 0.0085942454 | CZ193: 0.0084977017 | DA193: 0.0052620938 | DB193: 0.0065052873 | DC193: 0.0081953535 | DD193: 0 | DE193: 0.0066396671 | DF193: 0.0050906394 | DG193: 0.0073470341 | DH193: 0.0047990386 | DI193: 0.0058597599 | DJ193: 0.0045084154 | DK193: 0.0096910389 | DL193: 0.0058064002 | DM193: 0.0063872038 | DN193: 0.0062378355 | DO193: 0 | DP193: 0.0048181549 | DQ193: 0 | DR193: 0.0054942903 | DS193: 0.0093498371 | DT193: 0.029428202 | DU193: 0.0086456026 | DV193: 0.010720349 | DW193: 0.0064712541 | DX193: 0.0056248338 | DY193: 0.0051144619 | DZ193: 0.015180514 | EA193: 0.021474505 | EB193: 0.022041018 | EC193: 0.016964523 | ED193: 0.018827071 | EE193: 0.0065621703 | EF193: 0.004965098 | EG193: 0.017628286 | EH193: 0.012163395 | EI193: 0.01014734 | EJ193: 0.007864393 | EK193: 0.0062680639 | EL193: 0.011769199 | EM193: 0.016278515 | EN193: 0.01290627 | EO193: 0.010925767 | EP193: 0.0015832884 | EQ193: 0.010899302 | ER193: 0.0063971216 | ES193: 0.0052573591 | ET193: 0.0029277124 | EU193: 0.0060542226 | EV193: 0.0059576631 | EW193: 0 | EX193: 0.0025815672 | EY193: 0 | EZ193: 0.0067103872 | FA193: 0.0086934143 | FB193: 0.0060887295 | FC193: 0.015729291 | FD193: 0.0033495658 | FE193: 0.0022185271 | FF193: 0.010900325 | FG193: 0.0099031124 | FH193: 0.0037915559 | FI193: 0.017167216 | FJ193: 0.00651381 | FK193: 0.0034513812 | FL193: 0.0022257258 | FM193: 0.013518817 | FN193: 0.0079636736 | FO193: 0.0038268832 | FP193: 0.0036033697 | FQ193: 0.0043716586 | FR193: 0.022088204 | FS193: 0.0083839254 | FT193: 0.0049963207 | FU193: 0.015599618 | FV193: 0.0076936036 | FW193: 0.0072168121 | FX193: 0.0089145958 | FY193: 0.010017075 | FZ193: 0.010357016 | GA193: 0.0064702508 | GB193: 0.024545832 | GC193: 0.0067353969 | GD193: 0.011943863 | GE193: 0.004116839 | GF193: 0.0037360933 | GG193: 0.010012287 | GH193: 0.0065582619 | GI193: 1.0027086 | GJ193: 1.9544749 | GK193: 1.7327421
